Workbook
Name _1: #REF!
Name _2: #REF!
Name A: #REF!
Name A_impresión_IM: #REF!
Name aaa: #REF!
Name Auxiliarjal: #REF!
Name B: #REF!
Name basecaro: #REF!
Name basejuliet1: #REF!
Name basemetroabril2017: #REF!
Name basemetroabril2017final: #REF!
Name BLOQUE: #REF!
Name cargo: #REF!
Name CLASE: #REF!
Name correoelectronico: #REF!
Name COSTOM2: #REF!
Name Dólar: #REF!
Name epsypension: #REF!
Name Factor: #REF!
Name JJJJ: #REF!
Name lineainstitucional: #REF!
Name mesabril: #REF!
Name nuevosoi: #REF!
Name origenaux: #REF!
Name pagojuliethjunio: #REF!
Name Profesional: #REF!
Name profesionaljal: #REF!
Name SVASFD: #REF!
Name TCRM: #REF!
Name TCRM_al_03_MAYO_2000: #REF!
Name Títulos_a_imprimir_IM: #REF!
Name TOP: #REF!
Name TRM: #REF!

Sheet 1. COND. BÁSICAS TRDM
B3: AGENCIA NACIONAL DEL ESPECTRO - ANE
B4: Anexo No 1 Condiciones Técnicas Básicas oblgatorias
B5: GRUPO No. 1
B7: 1. PÓLIZA DE SEGURO DE TODO RIESGO DAÑOS MATERIALES COMBINADOS
B8: 1.1. | C8: INFORMACIÓN GENERAL
B9: TOMADOR: | C9: =+B3 -> AGENCIA NACIONAL DEL ESPECTRO - ANE | F9: NIT. | G9: 900.334.265-3
B10: ASEGURADO: | C10: =+C9 -> AGENCIA NACIONAL DEL ESPECTRO - ANE | F10: NIT. | G10: =+G9 -> 900.334.265-3
B11: BENEFICIARIO: | C11: =+C10 -> AGENCIA NACIONAL DEL ESPECTRO - ANE | F11: NIT. | G11: =+G10 -> 900.334.265-3
B12: 1.2. | C12: OBJETO DEL SEGURO
B13: Amparar todos los activos (bienes inmuebles y muebles) de propiedad de la (AGENCIA NACIONAL DEL ESPECTRO - ANE), o aquellos que se encuentren bajo su control, tenencia, responsabilidad o custodia, contra los daños o pérdidas materiales a consecuencia de cualquier riesgo, tanto por eventos internos o externos y en general los recibidos a cualquier título o por los que tenga algún interés asegurable, ubicados en el territorio nacional o por aquellos que por su naturaleza se deban trasladar a nivel mundial, dentro o fuera de las instalaciones del asegurado y/o en predios de terceros o a la intemperie y los utilizados en desarrollo del objeto social de la (AGENCIA NACIONAL DEL ESPECTRO - ANE).
B14: 1.3. | C14: BIENES ASEGURADOS
B15: Las aseguradoras aceptan que no obstante las siguientes definiciones generales de bienes asegurados, el alcance de éstas se amplía al objeto establecido en el Manual de Procedimientos Administrativos y Contables para el manejo y control de los bienes de la Entidad.
B16: Los bienes asegurados comprenden absolutamente toda propiedad de bienes materiales de la (AGENCIA NACIONAL DEL ESPECTRO - ANE) o de terceros que se estén bajo su cuidado, custodia, control o por los cuales sea legal o contractualmente responsable y en general los recibidos a cualquier título o por los que tenga o tenga interés asegurable, localizados dentro del territorio nacional dentro o fuera de las instalaciones del asegurado y/o en predios de terceros y utilizados en desarrollo del objeto social de la AGENCIA NACIONAL DEL ESPECTRO - ANE. consistentes principalmente pero no limitados a los siguientes bienes:
B17: EDIFICIOS: Corresponde a las edificaciones y obras civiles, sus estructuras, cimientos, construcciones fijas con todas sus adiciones y en general toda clase de construcciones propias y no propias, de edificios e inherentes a ellos, y todas aquellas por las que sea legalmente responsable, de propiedad de la (AGENCIA NACIONAL DEL ESPECTRO - ANE). o bajo su cuidado, tenencia y control , incluido anexos, escaleras externas, instalaciones eléctricas, de comunicación, sistemas de aire acondicionado, intercomunicación o sonido, incluidos anexos y estructuras sanitarias, alcantarillado para agua, (subterráneas o no), sistema de drenaje y aguas negras, tuberías, conductos, tuberías, conductos, desagües, tanques para almacenamiento, ductos, mallas, patios, aceras, instalaciones permanentes de protección contra incendio y demás instalaciones que se encuentren o no por debajo del nivel del suelo y/o subterráneas, vidrios internos y externos que conforman y hacen parte de las construcciones, rampas de acceso, tanques de almacenamiento, similares, que formen parte integrante, del edificio, o edificios asegurados, aunque no se hayan informado específicamente, entre otros ubicados en el territorio nacional y que estén bajo su responsabilidad, tenencia y/o control de la (AGENCIA NACIONAL DEL ESPECTRO - ANE).
B18: MEJORAS LOCATIVAS: Todas aquellas mejoras a los inmuebles realizadas por la AGENCIA NACIONAL DEL ESPECTRO - ANE, aún en el caso de no ser propietaria del bien, que haya realizado inversiones para adecuarlas a sus necesidades, tales como tapetes, tapizados, enchapes, mejoras eléctricas, cielos rasos, etc.
B19: CONTENIDOS Y BIENES EN GENERAL: Corresponden a todo tipo de bienes como muebles y enseres en general propios de la actividad general de una entidad pública, incluidos equipos de oficina no eléctricos ni electrónicos, entre otros, sistemas de oficina abierta, al igual que los documentos de cualquier tipo, que se encuentren localizados dentro de los predios asegurados o fuera de los mismos y que esten bajo su responsabilidad, tenencia y/o control de la (AGENCIA NACIONAL DEL ESPECTRO - ANE).
B20: PLANTA, EQUIPOS Y MÁQUINAS: Corresponde a todo tipo de equipos y máquinas, extendida esta definión a aquellos que son de adhesión o para la operatividad de la infraestructura de las edificaciones al igual que cualquier tipo de herramientas, accesorios, ascensores, plantas eléctricas, calderas, generadores, ascensores, equipos del sistema hidráulico, motobombas (incluidas aquellas que son sumergibles) , aire acondicionado, extractores de olores, entre otros.
B21: EQUIPOS ELÉCTRICOS, ELECTRÓNICOS Y DE COMUNICACIÓN: Comprende todos aquellos equipos eléctricos, electrónicos, electromecánicos y los de comunicación (incluidas antenas cuando sean parte de los activos, caso contrario no se tendrán en cuenta), al igual que activos especiales, como: radares, equipos de control y medición, etc y todas aquellas por las que sea legalmente responsable, extendida esta definición a salas de control, servidores, equipos de computo con todos sus accesorios periféricos scanner, ploters, servidores, impresoras software, equipos de telecomunicaciones, equipos celulares, equipos de comunicación portátil, tabletas, equipos móviles y/o portátiles, equipos científicos de laboratorio, electrodomésticos, entre otros y que esten bajo su tenencia y/o control de la (AGENCIA NACIONAL DEL ESPECTRO - ANE).
B22: BIENES O ACTIVOS DE ALMÁCEN E INVENTARIOS: Comprende todos los elementos de consumo, devolutivos nuevos, recuperables, inservibles, papelería, útiles de oficina, equipos en general, repuestos, muestras de oferentes y demás bienes contenidos en las diferentes dependencias de la (AGENCIA NACIONAL DEL ESPECTRO - ANE) y en general todo elemento que los Asegurados determinen como existencias o elementos de almacén, aunque no se hayan determinado específicamente.
B23: 1.4. | C23: VALORES ASEGURADOS
B24: 1.4.1. Bienes Asegurables (Anexo No. 2) | F24: VALORES ASEGURADOS
B25: A1. Edificios | F25: 10820927250
B26: A2. Edificios en Comodato | F26: 3527684872
B27: A. Total Edificios | F27: =SUM(F25:G26) -> 14348612122
B28: B. Contenidos, Muebles y Enseres | F28: 25849000
B29: C. Equipo Eléctricos, Electrónicos y de Comunicación (incluidos equipos móviles y portátiles, software y licencias) | F29: 38992425692
B30: D. Equipo y Maquinaría | F30: 102816345
B31: E. Herramientas Y Accesorios | F31: 2037636892
B32: SUBTOTAL | F32: =SUM(F27:G31) -> 55507340051
B33: INDICE VARIABLE 5% (ITEMS A y C) | F33: =+(F27+F29)*5% -> 2.6670519e+09
B34: G. Gastos para la adecuación de suelos y terrenos | F34: =+F25*10% -> 1082092725
B35: H. Cláusula de Adecuación de Construcciones a las Normas de Sismo Resistencia | F35: =+F25*10% -> 1082092725
B36: TOTAL VALOR ASEGURADO | F36: =SUM(F32:G35) -> 6.0338577e+10
B37: Nota: Las aseguradoras debe tener en cuenta que el índice variable esta calculado con relación a la vigencia minima exigida, por tanto la aseguradora debe calcular el índice variable con relación a la vigencia ofertada.
B38: 1.4.1. Bienes con Sublímites
B39: BIENES Y/O RIESGO CON SUBLÍMITE A PRIMERA PÉRDIDA ABSOLUTA | F39: SUBLÍMITE
B40: Dinero y títulos valores dentro y fuera de caja fuerte. | F40: 13637960
B41: Bienes decomisados a la fecha | F41: 309394469
B42: Bienes de consumo controlado | F42: 3544786897
B43: Bienes devolutivos | F43: 22607261706
B44: TOTAL SUBLIMITES | F44: =SUM(F40:F43) -> 26475081032
B45: TOTAL VALOR ASEGURADO + SUBLÍMITES | F45: =+F44+F36 -> 8.6813658e+10
B47: NOTAS APLICABLES AL NUMERAL 1.4.1. BIENES CON SUBLÍMITES:
B48: 1 - Los Sublímites antes indicados corresponden al monto mínimo que deben contemplar las aseguradoras para la propuesta de cobertura de los bienes y/o riesgos.
B49: 2 - Teniendo en cuenta la imposibilidad de establecer valor asegurable para este tipo de bienes por sus características y/o su condición de flotantes, queda expresamente declarado y aceptado por la aseguradora que la misma admite que para estos no exigirá el reporte de valor asegurable y por lo tanto no aplica la condición de seguro insuficiente para los bienes con sublímites relacionados en el numeral 1.4.1.
B50: 1.4.2. | C50: BASE DE VALORACIÓN DE LOS BIENES ASEGURADOS
B51: EDIFICIOS: Valor de reconstrucción.
B52: CONTENIDOS, EQUIPOS ELECTRICOS, ELECTRÓNICOS Y DE COMUNICACIÓN (INCLUIDO LICENCIAS Y SOFTWARE): Valor de reposición o reemplazo.
B53: BIENES DEVOLUTIVOS Y/O INSERVIBLES O PARA DAR DE BAJA O REMATE Y/O GASTADOS: Valor fiscal y/o de uso o de remate.
B54: BIENES DE ARTE Y CULTURA: Valor Admitido.
B55: 1.4.3. | C55: BASE PARA LA DETERMINACIÓN Y APLICACIÓN DEL CONCEPTO SUBLÍMITE / VIGENCIA / AGREGADO ANUAL
B56: Para la totalidad de Coberturas y/o condiciones básicas sublímitadas, queda expresamente aceptado por parte de los proponentes que, en concordancia con la vigencia de la póliza que se adjudique, cada Sublímite operará así:
B57: - Si la vigencia es igual o mayor a doce (12) meses: Sublímite indicado Evento /Agregado Anual.
B58: En caso de discrepancia en alguna cobertura o cláusula básicas con relación al concepto de aplicación del sublímite / vigencia / agregado anual, frente a la vigencia ofertada, prevalece el establecido en este numeral con relación al plazo de la condición ofertada.
B59: 1.5. | C59: COBERTURAS BÁSICAS
B60: Todo Riesgo: Bajo esta póliza se otorga amparo en la modalidad de todo riesgo por las pérdidas y/o daños materiales que afecten los bienes asegurados activos o inactivos por cualquier riesgo o causas, incluidos, entre otros, pero no limitados a, incendio, rayo, explosión, anegación, daños por agua, rotura de maquinaria, equipo electrónico, hurto y hurto calificado, hurto de parte y elementos de las edificaciones, actos mal intencionados de terceros, asonada, motín, conmoción civil o popular, sabotaje y terrorismo, vientos fuertes, granizo y cualquier evento de la naturaleza, impacto de vehículos terrestres, caída de aeronaves y/o piezas o partes que se desprendan o caigan de ellas, humo, impericia, descuido, sabotaje, manejo inadecuado, acción directa de la energía eléctrica como resultado de cortos circuitos, arcos voltaicos, sobrevoltajes, cualquier equipo sumergible y las relacionadas a continuación que aplican para rotura de maquinaria: defectos de fabricación, fundición y uso de materiales defectuosos, sobrecalentamiento, defectos de mano de obra, montaje incorrecto y/o defectuoso, rotura debido a fuerza centrífuga, cuerpos extraños que se introduzcan en la maquinaria asegurada, implosión, explosión química de gases impropiamente quemados en la cámara de combustión de calderas o máquinas de combustión interna, explosión física, y las demás que no se encuentren expresamente excluidas en las condiciones generales de la póliza. Se entienden incluidos los riesgos mencionados en el artículo 1105 del Código de Comercio, excepto Guerra Civil o Internacional.
B61: NOTA 1: | C61: LAS ASEGURADORAS DEBEN TENER EN CUENTA QUE NO SE ACEPTA PROPUESTA BAJO LA MODALIDAD DE RIESGOS NOMBRADOS, Y EL OFERENTE CON LA PRESENTACIÓN DEL FORMATO No.1 ACEPTA ESTA CONDICIÓN.
B62: NOTA 2: | C62: QUEDA EXPRESAMENTE ACEPTADO POR LA ASEGURADORA QUE LAS CONDICIONES, COBERTURAS Y CLAUSULAS BÁSICAS PARA LAS CUALES NO SE INDIQUE SUBLÍMITE, OPERARÁN AL 100% DEL VALOR ASEGURADO.
B63: NOTA 3: | C63: CADA SUBLÍMITE O GASTOS INDICADOS APLICA COMBINADO PARA TODOS LOS BIENES ASEGURADOS ESTAN CONTEMPLADOS DENTRO DEL VALOR ASEGURADO.
B64: TERREMOTO, TEMBLOR Y/O ERUPCIÓN VOLCÁNICA Y DEMÁS EVENTOS DE LA NATURALEZA, (100%). | E64: Bajo este amparo, la aseguradora se compromete a indemnizar al Asegurado hasta el límite del valor asegurado de este sublímite, los daños y/o pérdidas materiales que sufran los bienes asegurados causados por terremoto, temblor y/o erupción volcánica y demás eventos de la naturaleza, o por incendio originado por tales fenómenos.
A65: 1 | B65: ACTOS MAL INTENCIONADOS DE TERCEROS ASONADA, MOTÍN, CONMOCIÓN CIVIL O POPULAR Y HUELGA (INCLUIDO TERRORISMO Y SABOTAJE). Sublímite básico obligatorio de $24.000.000.000 (Evento /Agregado Anual) combinado para las coberturas de daños materiales. Se califica en Condiciones Adicionales (Formato No. 3) el aumento del sublímite ofrecido. | E65: La aseguradora se compromete a indemnizar al Asegurado hasta el límite del valor asegurado de este sublímite, los daños y/o pérdidas materiales que sufran los bienes asegurados causados por: Actos Mal Intencionados de Terceros y Terrorismo: Destrucción y daños materiales provenientes de actos terroristas, aún aquellos que sean cometidos por individuos pertenecientes a movimientos subversivo, incluida la explosión originada en tales fenómenos. Asonada, Motín, Conmoción Civil o Popular: Los daños y/o pérdidas materiales causados por personas intervinientes en desordenes, confusiones, alteraciones, y disturbios de carácter violento y tumultuario. Así como asonada según la definición del Código Penal. Huelga: Los daños y/o pérdidas materiales causados por huelguistas o por personas que tomen parte en conflictos colectivos de trabajo o suspensión de hecho de labores. Saqueo: Los daños y/o pérdidas materiales causados por eventos de saqueo (apropiación de bienes como consecuencia de de AMCCoPH y AMIT incluido T&S)
B66: COBERTURA POR ROTURA DE VIDRIOS Sublímite de $1.000.000.000 (Evento /Agregado Anual) incluidos los eventos de Actos Mal Intencionados de Terceros Asonada, Motín, Conmoción Civil o Popular y Huelga (Incluido Terrorismo y sabotaje) y cualquier evento de la naturaleza. SIN APLICACION DE DEDUCIBLE. | E66: La aseguradora se compromete a indemnizar al Asegurado hasta el límite del valor asegurado de este sublímite, la rotura que sufran los vidrios, domos, acrílicos u otros materiales que hagan sus veces, al igual que los cristales, espejos y unidades sanitarias instalados y que formen parte del predio asegurado, incluidos aquellos que sean parte decorativas de los mismos, incluidas las películas de seguridad.
A67: =A65+1 -> 2 | B67: HURTO Y HURTO CALIFICADO Sublímite de $10.030.000.000 (Evento /Agregado Anual.) combinado para todos los bienes. Se califica en Condiciones Adicionales (Formato No. 3) el aumento del sublímite ofrecido. | E67: La aseguradora se compromete a indemnizar al Asegurado hasta el límite del valor asegurado de este sublímite, las pérdidas y/o daños materiales de los bienes asegurados, ocasionados por cualquier evento de hurto y hurto calificado, inclusive aquellos que se deriven de: - Hurto Calificado o Hurto Simple según se define en el Código Penal. - Terremoto, temblor, erupción volcánica o cualquier otro fenómeno de la naturaleza. - Caída o destrucción total o parcial del predio asegurado. - Actos Mal Intencionados de Terceros, Asonada, Motín, Conmoción Civil o Popular y Huelga (incluido Terrorismo y Sabotaje) y conflictos colectivos de trabajo o suspensión de hecho de labores
B68: GASTOS PARA LA ADECUACIÓN DE SUELOS Y TERRENOS Hasta el 10% del valor asegurable del bien inmueble afectado. | E68: La aseguradora se compromete a indemnizar al asegurado los gastos razonables para la adecuación de suelos y terrenos y hasta el límite del porcentaje acá establecido, las pérdidas que sufra la Entidad por daños materiales como consecuencia de Terremoto, temblor, erupción volcánica o cualquier otro evento de la naturaleza, que deriven en las siguientes situaciones: a) Alteración de las características del suelo sobre el cual se levante la edificación asegurada, de tal forma que las nuevas características de dicho suelo pongan en condiciones inhabitables dicha edificación. b) Imposibilidad del asegurado para reparar o reconstruir la edificación asegurada, en virtud de disposiciones legales o administrativas, adoptadas por autoridad competente como consecuencia de la ocurrencia de un evento asegurado, que afecte en forma grave y notoria las características del terreno. De igual forma queda expresamente aclarado y convenido que la responsabilidad de la aseguradora se establece respectivamente así: a) El valor de los costos y gastos en que necesaria y razonablemente deba incurrir el asegurado para la recuperación de la estabilidad y capacidad portante del suelo, de tal manera que se garantice la estabilidad de la edificación asegurada. Para los efectos de este amparo se entenderá por valor asegurado el valor comercial del lote de terreno del inmueble asegurado de acuerdo con su superficie y ubicación. Para los efectos de este amparo, la aseguradora efectuará el pago de la indemnización a que se refiere el segundo literal del presente amparo, una vez el asegurado haya efectuado a su costa, mediante escritura pública debidamente registrada, el traspaso de los derechos sobre el terreno asegurado a nombre de la aseguradora.
B69: CLÁUSULA DE ADECUACIÓN DE CONSTRUCCIONES A LAS NORMAS DE SISMO RESISTENCIA Sublímite del 10% del valor de la reparación o reconstrucción de la parte de la edificación afectada. | E69: Queda expresamente convenido y acordado que en caso de siniestro la aseguradora indemnizará los costos razonables de adecuación, del o de los inmuebles afectados a las normas de sismo resistencia vigentes al momento del siniestro, en exceso del monto total de la reparación o la reconstrucción de los daños o pérdidas que afecten los inmuebles o construcciones aseguradas, que se generen a consecuencia de cualquier evento amparado bajo la presente póliza. Los costos amparados bajo la presente cláusula comprenden, costos razonables de diseño y rediseño, honorarios profesionales de ingenieros, arquitectos, topógrafos, interventores, consultores, tecnólogos, técnicos o cualquier otro profesional, para efectuar trabajos de planos, especificaciones y/o cualquier otro trabajo y ejecución de obras relacionadas con la reparación y/o reconstrucción de las partes del inmueble afectado y dirigidas a la adecuación de las mismas a las normas de sismo resistencia.
A70: =A67+1 -> 3 | B70: GASTOS ADICIONALES. Sublímite por la suma de $4.000.000.000 (Evento /Agregado Anual), incluido en el valor asegurado,sin aplicación de deducible y combinado para los siguientes gastos y coberturas. Se califica en Condiciones Adicionales (Formato No. 3) el aumento del sublímite ofrecido. | E70: No obstante, lo que se diga en contrario en las condiciones generales de la póliza, la Compañía se obliga a indemnizar los gastos adicionales (que no tengan carácter de permanentes), debidamente comprobados en que necesaria y razonablemente incurra o deba incurrir el asegurado, como consecuencia directa del siniestro. Estos gastos deben ser previamente aprobados por la aseguradora y la Entidad se compromete para estos casos presentar previamente cotización de estos gastos (cuando se requiera), la aseguradora se reserva el derecho de poder cotizar con sus proveedores los servicios que demanden la aplicación de estos gastos.
B71: 1. Gastos razonables de horas extras, trabajo nocturno o en días festivos y flete expreso y aéreo. | E71: Bajo esta cobertura se amparan los gastos adicionales y extraordinarios por concepto de horas extras, trabajo nocturno o en días festivos, flete expreso y aéreo, que se incurran o deba incurrir con motivo de una pérdida o daño amparado.
B72: 2. Gastos razonables de viajes y estadía. | E72: Bajo esta cobertura se amparan los gastos (que incurra o deba incurrir) de viajes de y estadía de funcionarios, empleados y técnicos que intervienen en la planificación de la reconstrucción o adquisición de los bienes asegurados.
B73: 3. Remoción de Escombros y Gastos de Demolición. | E73: Mediante este amparo la compañía indemnizará, los gastos razonables (en que incurra o deba incurrir) demostrados por remoción de escombros, desmantelamiento, demolición o de apuntalamiento de los bienes asegurados, que hayan sido dañados o destruidos por la ocurrencia de cualquiera de los riesgos amparados, incluyendo los gastos de limpieza, recuperación de materiales y el traslado de los escombros a sitio autorizado, con ocasión de un siniestro.
B74: 4. Gastos para la Demostración del Siniestro. | E74: Bajo este amparo se cubren los gastos razonables en que incurra o deba incurrir el asegurado, para la demostración de la ocurrencia y cuantía del siniestro y serán indemnizados bajo esta póliza. La aseguradora indemnizará hasta el 100% de los gastos demostrados.
B75: 5. Gastos para la extinción del incendio. | E75: La Compañía se obliga a indemnizar el 100% de los gastos en que necesaria y razonablemente incurra o deba incurrir el asegurado así como los costos de los productos o sustancias utilizadas, o de los elementos o equipos destruidos total o parcialmente, como consecuencia de las actividades dirigidas a la extinción de cualquier siniestro amparado por la póliza o para evitar su propagación, de acuerdo con lo señalado en el artículo 1074 del Código de Comercio. Se precisa que bajo ninguna circunstancia se considerara como gastos de extinción de un incendio la colaboración personal prestada por el asegurado, ni la de sus empleados, obreros o sus contratistas para el apoyo a la gestión.
B76: 6. Gastos de Auditores, Revisores y Contadores. | E76: Bajo este amparo la Compañía indemnizará, los gastos razonables en que en que incurra o deba incurrir el asegurado, por pago de auditores, revisores y contadores que se requieran para analizar y certificar los datos extraídos de los libros de contabilidad y demás documentos del negocio del asegurado, al igual que cualesquiera otras informaciones que sean solicitadas por la compañía al asegurado, para la demostración de la ocurrencia y cuantía del siniestro, según lo establecido en esta póliza.
B77: 7. Pago de Honorarios Profesionales. | E77: Se otorga cobertura para amparar los honorarios (en que incurra o deba incurrir) razonables de arquitectos, interventores, ingenieros, técnicos, consultores u otros profesionales, que sean razonablemente necesarios, así como los gastos de viaje y estadía que se requieran para la planificación, reconstrucción o reparación de los bienes asegurados, a condición de que sea consecuencia de un siniestro cubierto por la póliza.
B78: 8. Gastos para la Preservación de bienes y Continuación de actividades. | E78: Se ampara bajo la presente cobertura, los gastos razonables en que incurra o deba incurrir el asegurado para realizar remplazos temporales y/o provisionales o reacondicionamientos y/o reparación de los bienes asegurados afectados por siniestro, así como la ejecución de obras o construcciones provisionales o transitorias, siempre y cuando estos gastos sean requeridos para la preservación y/o conservación de los bienes asegurados con el fin de establecer y continuar con igual eficiencia, como sea posible, las operaciones del giro normal de las actividades del asegurado que sean afectados directamente por un evento amparado.
B79: 9. Gastos para la obtención de licencias y permisos para reconstruir el inmueble asegurado | E79: Se ampara bajo la presente cobertura, los gastos razonables en que incurra o deba incurrir el asegurado por concepto de honorarios y materiales necesarios para obtener la licencias y permisos requeridos para reconstruir el inmueble.
B80: 10. Gastos para acelerar la reparación, reacondicionamiento o el reemplazo de los bienes asegurados. | E80: Se ampara bajo la presente cobertura, los gastos razonables en que en que incurra o deba incurrir el asegurado para acelerar la reparación, reacondicionamiento o el reemplazo de los bienes asegurados.
B81: 11. Gastos para reacondicionamientos, reparaciones o reconstrucciones provisonales o transitorias. | E81: Se ampara bajo la presente cobertura, los gastos razonables en que en que incurra o deba incurrir el asegurado con el fin de efectuar reacondicionamientos, reparaciones o reconstrucciones o construcciones provisionales transitorias, con el objeto de salvar, preservar o conservar los bienes amparados.
B82: 12. Gastos para la recuperación de información | E82: Se ampara bajo la presente cobertura, los gastos razonables en que en que incurra o deba incurrir el asegurado con el fin de recuperar información de cualquier sistema de almacenamiento de información sin exigencia de tener respaldo de la misma, incluyendo el pago de digitadores, programadores de sistemas, ingenieros y dibujantes, entre otros, necesarios para recopilar o reconstruir la información pérdida, destruida, averiada o inutilizada como causa de un siniestro.
B83: 13. Gastos para la extinción del siniestro. 100% de los demostrados por el asegurado. | E83: La Compañía se obliga a indemnizar el 100% de los gastos en que necesaria y razonablemente incurra el asegurado con el fin extinguir cualquier siniestro amparado por la póliza o para evitar su propagación, de acuerdo con lo señalado en el artículo 1074 del Código de Comercio. Se precisa que bajo ninguna circunstancia se considerara como gastos de extinción de un incendio la colaboración personal prestada por el asegurado, ni la de sus empleados, obreros o sus contratistas para el apoyo a la gestión.
A84: =A70+1 -> 4 | B84: GASTOS EXTRAORDINARIOS. Sin aplicación de deducible. Sublimite $5.000.000.000 (Evento /Agregado Anual) Se califica en Condiciones Adicionales (Formato No. 3) el aumento del sublímite ofrecido. | E84: Mediante esta condición la cobertura de la póliza se extiende a amparar los gastos extras y razonables (en que incurra o deba incurrir) por arrendamientos de bienes, cualquier tipo de equipos, instalaciones y edificios (propios y ni propios) en que incurra el asegurado, adicionales y en exceso a sus costos normales de operación, con el único fin de poder continuar con igual eficiencia, como sea posible, las operaciones del giro normal de sus actividades que se vean afectadas directamente por un evento amparado bajo este seguro, incluido los gastos por pago de administración y servicios públicos de las instalaciones utilizadas.
B85: ARCHIVOS Y DOCUMENTOS. Sublimite $1.200.000.000 (Evento /Agregado Anual) | E85: Bajo esta cobertura se amparan los gastos razonables y demostrados en que en que incurra o deba incurrir el asegurado, para la reproducción o remplazo de la información contenida en documentos, bases de datos, archivos magnéticos, servidores o equipos electrónicos, manuscritos, planos, así como la reposición de archivos propios del negocio, que sean afectados por la ocurrencia de un evento amparado por la póliza; esta cobertura se extiende a los gastos de la trascripción y/o reconstrucción, incluyendo honorarios y demás gastos a que haya lugar.
B86: PORTADORES DE DATOS Y REPRODUCCIÓN. Sublimite $250.000.000 (Evento /Agregado Anual) | E86: Mediante esta póliza se amparan los gastos (en que incurra o deba incurrir) razonables de los equipos electrónicos y portadores de datos y los gastos de la reproducción o remplazo de la información contenida en cintas magnéticas, sistemas electrónicos de procesamiento de datos, servidores, portadores de datos, bases de datos, y demás sistemas de almacenamiento de información, registros, archivos de contabilidad y otros, incluyendo el pago de digitadores, programadores de sistemas, ingenieros y dibujantes, entre otros, necesarios para recopilar o reconstruir la información destruida, averiada o inutilizada por el siniestro.
B87: COBERTURA OBLIGATORIA PARA SOFTWARE Y GASTOS PARA REINSTALACIÓN DE SOFTWARE. Sublimite $405.000.000 evento $ 1.050.000.000 (Evento /Agregado Anual) | E87: Mediante este amparo se cubren los gastos razonables en que en que incurra o deba incurrir el asegurado para la reinstalación y/o recuperación del software, incluidas pruebas y ajustes, los cuales se generen como consecuencia de daños o pérdidas producidos por un evento amparado bajo la presente póliza. Incluido el Software y las licencias propias de los equipos (Windows, Office, etc, y todas aquellos especiales para el desarrollo de la actividad). Así mismo, el amparo de este seguro se extiende a cubrir la reposición de cualquier tipo de licencias y/o costos en que incurra la entidad asegurada para reposición e instalación de programas, por pérdidas y/o daños de software (incluidas la reposición de cualquier tipo de licencias por daños y hurto de equipos) ocurridos como consecuencia de los riesgos amparados bajo la presente póliza. Para efectos de esta cobertura, la entidad asegurada se compromete a mantener respaldo sistematizado de la información, de los programas y de las licencias, en sitios que ofrezcan protección.
B88: EXTENSIÓN DE LA COBERTURA HURTO Y DAÑOS MATERIALES PARA EQUIPOS MÓVILES Y PORTÁTILES. Sublímite 15% del valro asegurado (Evento /Agregado Anual) | E88: Mediante esta condición la cobertura se extiende a amparar el hurto y los daños materiales que sufran los equipos móviles y/o portátiles cubiertos bajo la póliza, mientras se encuentren o sean transportados dentro del territorio nacional y en el exterior.
B89: BIENES DE PROPIEDAD DE EMPLEADOS O CONTRATISTAS POR PRESTACIÓN DE SERVICIOS PARA APOYO A LA GESTIÓN. Sublímite de $5.000.000 persona / $150.000.000 (Evento /Agregado Anual) | E89: Bajo esta póliza se extiende a amparar, los bienes de propiedad personal de empleados del asegurado o contratistas por prestación de servicios para apoyo a la gestión, excluyendo joyas, dinero, bicicletas, patinetas, motocicletas y vehículos automotores, mientras se encuentren en los predios asegurados, siempre y cuando dichos bienes personales no estén amparados por otro seguro. Se precisa que la responsabilidad por la propiedad personal de un empleado o contratistas por prestación de servicios para apoyo a la gestión administrativa no excederá del límite señalado para tal efecto y cualquier pérdida en su caso se ajustará con la Entidad asegurada y se pagará previa autorización de ésta.
B90: DOCUMENTOS PENDIENTES DE PAGAR. Sublímite de $850.000.000 (Evento /Agregado Anual). | E90: Mediante esta condición la cobertura de la presente póliza se extiende a amparar la reconstrucción de recibos contables, formularios, recibos de impuestos y los demás documentos propios de la actividad y necesarios para el funcionamiento de la Entidad asegurada, siempre y cuando su daño sea consecuencia de los riesgos amparados por ésta póliza.
B91: AMPARO PARA BIENES FUERA DE EDIFICIO. 100% del valor demostrado. | E91: El seguro se extiende a amparar los bienes, fuera de edificios, a la intemperie o en vehículos transportadores propios, arrendados o bajo su responsabilidad, se encuentren dentro o fuera de los predios del asegurado y cuenten con las características para permanecer a la intemperie.
B92: BIENES DEVOLUTIVOS Y/O INSERVIBLES O PARA DAR DE BAJA O REMATE Y/O GASTADOS Sublímite de $420.000.000 (Evento /Agregado Anual) | E92: Queda entendido, convenido y aceptado que, con la inclusión de esta cláusula en la póliza, la Entidad podrá asegurar los bienes que se encuentren dañados o fuera de uso por obsolescencia o desgaste natural, pero que aún no se hayan dado de baja, sin que al momento de un siniestro la aseguradora vaya a exigir que su valor asegurado corresponda a su valor de reposición, sino al valor fiscal o real (el que sea superior) del bien en el estado en que se encuentre.
B93: ACTOS DE AUTORIDAD | E93: La póliza se extiende a cubrir los daños o pérdidas materiales de los bienes asegurados, causados directamente por la acción de la autoridad legalmente constituida, ejercida con el fin de disminuir o aminorar las consecuencias de cualquiera de los riesgos amparados. Se excluye el embargo y la confiscación de bienes.
B94: 1.6. | C94: CLÁUSULAS BÁSICAS
B95: REVOCACIÓN DE LA PÓLIZA, CLÁUSULAS O CONDICIONES. Con Termino de Noventa (90) días y para AMIT, AMCCOPH, Terrorismo y Sabotaje diez (10) días. | E95: La aseguradora podrá revocar la póliza, cláusulas o condiciones unilateralmente por la compañía, mediante noticia escrita enviada al asegurado, a su última dirección registrada, con no menos de noventa (90) días y para AMIT Y AMCCOPH diez (10) días, de antelación; contados a partir de la fecha del envío. El asegurado podrá pedir la revocación en cualquier momento, según lo previsto en el Código de Comercio. Así mismo, en el caso de que la aseguradora decida no otorgar renovación o prorroga del contrato de seguro, excepto para AMIT, AMCCOPH, Terrorismo y Sabotaje, deberá dar aviso de ello al asegurado con no menos de noventa (90) días de antelación a la fecha de vencimiento de la póliza, en caso contrario se dará por entendido que la aseguradora acepta la renovación o prorroga hasta el límite legal establecido en la Ley 80 de 1993, para la adición de los contratos y manteniendo las mismas condiciones ofertadas en este proceso de aseguradoras.
B96: AMPLIACIÓN DEL AVISO DE SINIESTRO. Término de noventa (90) días Y para AMIT, AMCCOPH, Terrorismo y Sabotaje diez (10) días. | E96: La póliza extiende el término de aviso de la ocurrencia del siniestro, por parte del asegurado a un término de noventa (90) días y para AMIT Y AMCCOPH diez (10) días siguientes a la fecha en que lo haya conocido o debido conocer.
B97: COBERTURA AUTOMÁTICA PARA NUEVAS PROPIEDADES Y BIENES. Sublímite de $5.700.000.000 (Evento /Agregado Anual) y aviso de ciento veinte 120) días. | E97: Mediante la presente cláusula, la aseguradora se obliga a otorgar cobertura automática para los bienes que adquiera, construya, estén en montajes, instale, remodele o adecúe, a cualquier título, sean nuevos o usados, sobre los cuales éste tuviere interés asegurable o queden bajo su responsabilidad, cuidado o control del asegurado, bajo las mismas condiciones ofrecidas en el presente proceso y a partir del momento en que el asegurado asuma la responsabilidad por los mismos. La aplicación de esta condición queda sujeta a que el asegurado se obliga a dar aviso a la aseguradora dentro del término señalado a la adquisición o recibo de los mismos. Esta condición dará derecho a la compañía al cobro de la prima proporcional, calculada a prorrata, con las tasas adjudicadas y correspondiente al periodo de amparo, incluido el término automático otorgado para esta condición. Así mismo queda acordado y convenido, que si el valor supera el sublímite de la presente cláusula, la cobertura aplicará hasta dicho monto y la cobertura del valor adicional operará a partir de la fecha de reporte y solicitud formulada por la entidad asegurada. En el caso de bienes en construcción, montaje y remodelación se excluye ALOP, RCE, Mantenimiento, Pruebas, Errores de diseño y Riesgo Petroquímico.
B98: AMPARO AUTOMÁTICO POR CAMBIO DE UBICACIÓN DEL RIESGO. Aviso a la aseguradora 120 días. | E98: Mediante la presente condición, queda expresamente acordado que la cobertura del seguro se extiende a cubrir los bienes asegurados, que cambien de dirección o nomenclatura, ubicación o sean trasladados a otro(s) sitio(s), siempre y cuando ello se genere por las necesidades de la operación y/o servicio de la entidad asegurada o tomadora.
B99: EXPERTICIO TÉCNICO | E99: Queda convenido, entendido y aceptado que en el evento de existir una discrepancia entre la compañía y el asegurado en cuanto a si el siniestro constituye una pérdida total o parcial, o con relación a otros aspectos de orden técnico, la cuestión será sometida a decisión de la decisión de ingenieros, técnicos o peritos expertos en la actividad que desarrolla el asegurado (peritos o a expertos en la materia de siniestros), según los intereses afectados por el siniestro, siguiendo el procedimiento que para tal regulación previo los artículos 2026 y siguientes del código del comercio.
B100: CONOCIMIENTO DEL RIESGO | E100: La Compañía acepta mediante la presente cláusula que la Entidad, le ha brindado la oportunidad para realizar la inspección de los bienes y riesgos a que están sujetos los mismos y el patrimonio del Asegurado, razón por la cual se deja constancia del conocimiento y aceptación de los hechos, circunstancias y, en general, condiciones de los mismos. La compañía se reserva el derecho de llevar a cabo la inspección cuantas veces lo juzgue pertinente.
B101: NOMBRAMIENTO Y DESIGNACIÓN DE AJUSTADORES | E101: El nombramiento de ajustadores deberá efectuarse de común acuerdo entre la aseguradora y el asegurado, para lo cual la aseguradora presentará para cada reclamo una relación de cinco (5) firmas ajustadoras. No obstante la anterior condición, el asegurador con su propuesta se obliga a presentar la lista de todos sus ajustadores y la Entidad se reserva el derecho de nombrar al ajustador que considere más adecuado o solicitar el cambio de los mismos en caso de que no fueren de su entera satisfacción, sin que para ello se requiera motivación alguna.
B102: EXTENSIÓN DE COBERTURA PARA DAÑOS Y/O PÉRDIDAS CONSECUENCIALES | E102: La aseguradora acepta y conviene que la presente póliza se extiende a amparar los daños y/o pérdidas consecuenciales que afecten los bienes asegurados que sean derivadas de cualquier tipo de riesgo, bajo los mismos términos del seguro; siempre y cuando las mismas sean causadas por alguno de los riesgos amparados con la presente póliza, incluyendo las pérdidas y/o daños en medios de operación, como combustibles, lubricantes, refrigerantes o agentes químicos, entre otros. NOTA: No se cubren las pérdidas consecuenciales de cualquier tipo, tales como lucro cesante, incremento en costos de operación, pérdida de ingresos y pérdida de utilidades o pérdida de beneficios, pérdida de mercado.
B103: NO APLICACIÓN DE DÉMERITO POR USO O MEJORÁ TECNOLÓGICA PARA DAÑOS O PÉRDIDAS DE EQUIPOS ELÉCTRICOS, ELECTRÓNICOS Y/O DE ROTURA DE MAQUINARÍA. PARA BIENES CON EDAD DE HASTA CINCO (5) AÑOS. | E103: La aseguradora acepta no aplicará demérito por uso y/o mejora tecnológica, o cualquier otro concepto, en la liquidación de la indemnizaciones de los siniestros que afecten las coberturas de equipos eléctricos, electrónicos y/o rotura de maquinaria; según el término de años de edad ofrecido por la aseguradora y con base en la siguiente tabla de demérito a aplicar:
B104: - TABLA DE DEMÉRITO A APLICAR | E104: EDAD DEL EQUIPO | F104: PORCENTAJE | G104: ACUMULADO
...

Sheet 2. COND. BÁSICAS MANEJO
B3: =+'1. COND. BÁSICAS TRDM'!B3:G3 -> AGENCIA NACIONAL DEL ESPECTRO - ANE
B4: Anexo No 1 Condiciones Técnicas Básicas oblgatorias
B5: GRUPO No. 1
B7: 2. PÓLIZA DE SEGURO GLOBAL DE MANEJO PARA ENTIDADES OFICIALES
B8: 2.1. | C8: INFORMACIÓN GENERAL
B9: TOMADOR: | C9: =+'1. COND. BÁSICAS TRDM'!$C$9:$E$9 -> AGENCIA NACIONAL DEL ESPECTRO - ANE | F9: NIT. | G9: =+'1. COND. BÁSICAS TRDM'!G9 -> 900.334.265-3
B10: ASEGURADO: | C10: =+C9 -> AGENCIA NACIONAL DEL ESPECTRO - ANE | F10: NIT. | G10: =+G9 -> 900.334.265-3
B11: BENEFICIARIO: | C11: =+C10 -> AGENCIA NACIONAL DEL ESPECTRO - ANE | F11: NIT. | G11: =+G10 -> 900.334.265-3
B12: 2.2. | C12: OBJETO DEL SEGURO
B13: Amparar los riesgos que impliquen menoscabo de los fondos y/o bienes de propiedad de (AGENCIA NACIONAL DEL ESPECTRO - ANE) o que estén bajo su tenencia, control y/o responsabilidad causados por acciones u omisiones de sus servidores, que incurran en delitos contra la administración pública o fallos con responsabilidad fiscal, por incumplimiento de las disposiciones legales y reglamentarias, incluyendo el costo de la rendición de cuentas en caso de abandono del cargo o fallecimiento del empleado, en concordancia con la Resolución 014249 del 15 de mayo de 1992, aprobada por la Contraloría General de la República.
B14: 2.3. | C14: LÍMITE ASEGURADO EVENTO /VIGENCIA
A15: 1 | B15: Oferta Básica: Se califica en Condiciones Adicionales (Formato No. 3) el aumento del límite asegurado sin cobro de prima adicional. | F15: 610000002
B16: 2.3.1. | C16: MODALIDAD DE COBERTURA:
B17: Los amparos otorgados, en la presente póliza, operan bajo la modalidad de delimitación temporal de cobertura, denominada OCURRENCIA, es decir que se cubrirán las pérdidas que sufra o que se causen al asegurado durante la vigencia de la póliza.
B18: 2.3.2. | C18: BASE PARA LA DETERMINACIÓN Y APLICACIÓN DEL CONCEPTO SUBLÍMITE / VIGENCIA / AGREGADO ANUAL
B19: Para la totalidad de Coberturas y/o condiciones básicas sublímitadas, queda expresamente aceptado por parte de los proponentes que, en concordancia con la vigencia de la póliza que se adjudique, cada Sublímite operará así:
B20: - Si la vigencia es igual o mayor a doce (12) meses: Sublímite indicado Evento /Agregado Anual.
B21: En caso de discrepancia en alguna cobertura o cláusula básicas con relación al concepto de aplicación del sublímite / vigencia / agregado anual, frente a la vigencia ofertada, prevalece el establecido en este numeral con relación al plazo de la condición ofertada.
B22: 2.4. | C22: CARGOS ASEGURADOS
B23: De Planta | D23: 82 | E23: MONTO ANUAL PROYECTADO DE LA NÓMINA: | G23: $15.729.498.384
B24: Contratstas (Aporx) | D24: 124
B25: TOTAL CARGOS ASEGURADOS: | D25: =D24+D23 -> 206
B26: NOTA: | C26: CADA SUBLÍMITE O GASTOS INDICADOS ESTAN CONTEMPLADOS DENTRO DEL LÍMITE ASEGURADO.
B27: 2.5. | C27: COBERTURAS BÁSICAS
B28: DELITOS CONTRA LA ADMINISTRACIÓN PÚBLICA | E28: La aseguradora indemnizará la pérdida económica que sufra la Entidad a consecuencia de actos que se tipifiquen como delitos contra la administración, cometidos por empleado(s) en desempeño de(los) cargo(s) señalados en el numeral 2.4.
B29: GASTOS DE RECONSTRUCCIÓN O RENDICIÓN DE CUENTAS | E29: La aseguradora mediante este amparo cubre los gastos que la Entidad tenga que incurrir en caso de abandono del cargo o fallecimiento del empleado, para llevar a cabo los procesos de rendición y reconstrucción de cuentas.
B30: DELITOS CONTRA EL PATRIMONIO ECÓNOMICO | E30: La aseguradora mediante este amparo indemnizará la pérdida económica que sufra la Entidad, por aquellas conductas penalmente sancionables, cometidas por los empleados de la Entidad, que no dan cuenta de un buen manejo de los recursos estatales y que causan detrimento al patrimonio del estado.
B31: JUICIOS CON RESPONSABILIDAD FISCAL Y ALCANCES FISCALES | E31: La aseguradora mediante este amparo cubre los procesos de responsabilidad fiscal con ocasión de la ejecución de actos que den lugar a iniciación de juicios de esta naturaleza, al igual que los alcances fiscales.
B32: PÉRDIDA DE EMPLEADOS NO IDENTIFICADOS AL 100% DEL LÍMITE ASEGURADO | E32: En caso de ocurrencia de cualquier pérdida, pero que la Entidad no pudiera determinar específicamente al empleado o los empleados responsables, la aseguradora reconocerá la indemnización correspondiente, siempre y cuando las circunstancias que dieron lugar al evento, permitan considerar que en la ocurrencia del mismo intervinieron uno o varios empleados de la Entidad, a cualquier titulo (autor intelectual, material o cómplice). Queda entendido que la responsabilidad de la compañía, respecto de tales pérdidas, no excederá en ningún caso del monto asegurado estipulado en la póliza.
B33: PROTECCIÓN DE DEPÓSITOS BANCARIOS AL 100% DEL LÍMITE ASEGURADO | E33: Cubre las pérdidas de dinero que el asegurado tenga depositado en sus cuentas corrientes o de ahorro en entidades bancarias o financieras (incluidos sus respectivos intereses), que se deba a falsificación o adulteración de un cheque, letra de cambio, pagaré, carta de crédito o cualquier otra clase de título valor que el banco o entidad financiera presuma que ha sido firmado, endosado o avalado por el asegurado o por una persona que obre en su nombre o representación y que el banco o entidad financiera compruebe que no es responsable por dicho pago, incluyendo: a) Cualquier cheque o giro hecho o girado en nombre de la Entidad pagadero a una persona ficticia y endosado o pagado a nombre de dicha persona. b) Cualquier cheque o giro hecho o girado en transacción de la Entidad o por su representante a favor de un tercero y entregado al representante de éste que resultare endosado o cobrado por persona distinta de aquel a quien se giró. c) Cualquier cheque o giro con destino al pago de salarios que habiendo sido girado u ordenado por la Entidad, resultare endosado y cobrado por un tercero obrando supuestamente a nombre del girador, o de aquel a quien se debía hacer el pago. Esta cobertura aplica cuando se demuestra la participación de uno o más empleados del asegurado y que la entidad bancaria demuestre que no tiene ninguna responsabilidad.
B34: EXTENSIÓN DE COBERTURA PARA EMPLEADOS OCASIONALES, TEMPORALES Y TRANSITORIOS AL 100% DEL LÍMITE ASEGURADO | E34: Bajo esta condición la cobertura de la presente póliza se extiende a amparar a los trabajadores ocasionales, temporales o transitorios y a quienes, sin serlo, realicen prácticas o investigaciones en sus dependencias. Esta cobertura queda sujeta a que las operaciones que realicen tales personas estén bajo el control de la Entidad.
B35: EXTENSIÓN DE COBERTURA PARA EMPLEADOS DE FIRMAS ESPECIALIZADAS Y OTROS AL 100% DEL LÍMITE ASEGURADO | E35: Bajo esta condición la cobertura de la presente póliza se extiende a amparar a todas aquellas personas naturales que presten servicios en los establecimientos del asegurado bajo cualquier título o contrato, incluidos los empleados de firmas especializadas, los empleados de contratistas independientes, los cuales deben cumplir con las normas que los regulan y con las garantías exigidas por la ley 80 de 1993. Esta cobertura queda sujeta a que las operaciones que realicen tales personas estén bajo el control de la Entidad.
B36: EXTENSIÓN DE COBERTURA PARA PÉRDIDAS OCASIONADAS POR EMPLEADOS DE CONTRATISTAS Y SUBCONTRASTISTAS INDEPENDIENTES AL 100% DEL LÍMITE ASEGURADO | E36: Bajo esta condición la cobertura de la presente póliza se extiende a amparar a todas aquellas personas naturales que presten servicios en los establecimientos del asegurado bajo cualquier título o contrato, incluidos los empleados de contratistas y subcontratistas independientes, los cuales deben cumplir con las normas que los regulan y con las garantías exigidas por la ley 80 de 1993.
B37: GASTOS POR PAGOS DE AUDITORES, REVISORES, CONTADORES Y ABOGADOS | E37: La cobertura de esta póliza debe extenderse a amparar los gastos en que incurra el asegurado, por pago a auditores, revisores, contadores y abogados, que se requieran para analizar y certificar los datos extraídos de los libros de contabilidad y demás documentos del asegurado, al igual que cualquier otra información que sea solicitada por la compañía al asegurado para el ajuste y definición de los reclamos.
B38: GASTOS PARA LA DEMOSTRACIÓN DEL SINIESTRO | E38: Bajo este amparo se cubren los gastos razonables en que incurra el asegurado, para la demostración de la ocurrencia y cuantía del siniestro y serán indemnizados bajo esta póliza. Estos gastos deben ser previamente aprobados por la aseguradora y la Entidad se compromete para estos casos presentar previamente cotización de estos gastos (cuando se requiera), la aseguradora se reserva el derecho de poder cotizar con sus proveedores los servicios que demanden la aplicación de estos gastos.Hasta el 100% de los gastos demostrados.
A39: =A15+1 -> 2 | B39: GASTOS ADICIONALES. Sublímite 10% del límite asegurado. Se califica en Condiciones Adicionales (Formato No. 3) el aumento del porcentaje ofrecido. | E39: No obstante lo que se diga en contrario en las condiciones generales y particulares de la póliza, la Compañía se obliga a indemnizar los gastos adicionales (que no tengan carácter de permanentes) incluidos aquellos que tenga que asumir por la reconstrucción de archivos, documentos, bases de datos o información en servidores o medios magnéticos, debidamente comprobados en que necesaria y razonablemente incurra el asegurado, como consecuencia directa del siniestro, hasta el 100% de los gastos demostrados.
A40: =A39+1 -> 3 | B40: HONORARIOS PROFESIONALES DE ABOGADOS, CONSULTORES, AUDITORES, INTERVENTORES, ETC Sublímite 10% del límite asegurado. Se califica en Condiciones Adicionales (Formato No. 3) el aumento del porcentaje ofrecido. | E40: No obstante lo que se diga en contrario en las condiciones generales y particulares de la póliza, la Compañía se obliga a indemnizar los honorarios en que necesaria y razonablemente incurra el asegurado, por concepto de abogados, consultores, auditores, interventores, revisores, contadores, etc., para obtener y certificar: a.- los detalles extraídos de los libros de contabilidad y del negocio mismo del asegurado, y b.- cualesquiera otras informaciones, documentos y testimonios que sean pedidos por la compañía al asegurado según lo establecido en las condiciones generales y particulares de la póliza. La compañía reconocerá hasta el 100% de los gastos razonables demostrados por el asegurado.
A41: =A40+1 -> 4 | B41: COSTAS EN JUICIO, HONORARIOS PROFESIONALES Y SELECCIÓN DE PROFESIONALES PARA LA DEFENSA. Sublímite del 30% del límite asegurado. Se califica en Condiciones Adicionales (Formato No. 3) el aumento del porcentaje ofrecido. | E41: Por medio de la presente cláusula la compañía indemnizará al asegurado las costas de los procesos judiciales y los honorarios de abogados hasta por el 100% del valor asegurado, siempre y cuando sean justificados, razonables, causados y cancelados por el asegurado en la defensa de cualquier procedimiento legal o pleito en el cual sea demandado por el (los) funcionario(s) investigado(s) con ocasión de los hechos que dan origen a la reclamación formulada a la compañía de seguros. Sin embargo, si dicha reclamación es mayor que el monto del deducible, el asegurador asumirá el pago de las costas y honorarios en igual proporción en que haya asumido la pérdida. El asegurador podrá, en caso de así determinarlo y de común acuerdo con el asegurado asumir la defensa en cualquier litigio o procedimiento legal a nombre del asegurado, a través de abogados elegidos por el asegurador. La selección de los profesionales encargados para la defensa corresponderá al Asegurado, o los funcionarios que esta designe, quienes para su aprobación presentan a la compañía la propuesta correspondiente. La compañía podrá, previo común acuerdo con la Entidad asegurada, asumir la defensa de cualquier litigio o procedimiento legal a nombre del asegurado, a través de abogados elegidos por este.
B42: ACTOS DE AUTORIDAD | E42: La póliza se extiende a cubrir los daños o pérdidas materiales de los bienes asegurados, causados directamente por la acción de la autoridad legalmente constituida, ejercida con el fin de disminuir o aminorar las consecuencias de cualquiera de los riesgos amparados. Se excluye el embargo y la confiscación de bienes.
B43: 2.6. | C43: CLÁUSULAS BÁSICAS
B44: REVOCACIÓN DE LA PÓLIZA, CLÁUSULAS O CONDICIONES Con termino de noventa (90) días. | E44: La aseguradora podrá revocar la póliza, cláusulas o condiciones unilateralmente por la compañía, mediante noticia escrita enviada al asegurado, a su última dirección registrada, con no menos de noventa (90) días de antelación; contados a partir de la fecha del envío. El asegurado podrá pedir la revocación en cualquier momento, según lo previsto en el Código de Comercio. Así mismo, en el caso de que la aseguradora decida no otorgar renovación o prorroga del contrato de seguro, deberá dar aviso de ello al asegurado con no menos de noventa (90) días de antelación a la fecha de vencimiento de la póliza, en caso contrario se dará por entendido que la aseguradora acepta la renovación o prorroga hasta el límite legal establecido en la Ley 80 de 1993, para la adición de los contratos y manteniendo las mismas condiciones ofertadas en este proceso.
B45: AMPARO AUTOMÁTICO DE NUEVOS CARGOS | E45: Bajo esta cláusula se otorga amparo automático a todo nuevo cargo creado por la Entidad, durante la vigencia de la misma, sin que exista obligación por parte de la entidad asegurada de reportarle dichos nuevos cargos, siempre que los nuevos cargos cuenten con las mismas seguridades y controles que los reportados en el inicio de la póliza. Esta condición dará derecho a la compañía al cobro de la prima proporcional, calculada a prorrata, con las tasas adjudicadas y correspondiente al periodo de amparo.
B46: ERRORES, OMISIONES O INEXACTITUDES | E46: El tomador está obligado a declarar sinceramente los hechos y circunstancias que determinen el estado del riesgo. La inexactitud sobre hechos o circunstancias que, conocidas por la compañía, la hubieren retraído de celebrar el contrato o inducido a estipular condiciones más onerosas, produce la nulidad relativa del seguro. Sin embargo, si se incurriere en errores, omisiones e inexactitudes inculpables al tomador o al asegurado, el contrato no será nulo ni habrá lugar a la aplicación del inciso tercero del artículo 1058 del Código de Comercio sobre reducción porcentual de la prestación asegurada. En este caso se deberá pagar la prima adecuada al verdadero estado del riesgo.
B47: MODIFICACIÓN A CARGOS | E47: Queda entendido, convenido y aceptado que si durante la vigencia de la presente póliza se presenta cambio de denominaciones a cargos, se consideran automáticamente incorporados a la póliza, sin que el asegurado se obligue a reportarle tales cambios y/o modificaciones, precisando que estos cargos cuentan con los controles y seguridades que los reportados al inicio de vigencia.
B48: AMPLIACIÓN AVISO DEL SINIESTRO Con termino de noventa (90) días. | E48: Queda convenido y aceptado que el asegurado podrá dar aviso de la ocurrencia del siniestro en un término de noventa (90), siguientes a la fecha en que haya conocido o debido conocer la ocurrencia del mismo.
B49: DEFINICIÓN DE SERVIDOR PÚBLICO, TRABAJADOR O EMPLEADO | E49: Queda convenido y aceptado que aseguradora acepta bajo la presente cláusula, que el término "servidor público, trabajador o empleado" y estén bajo el control y dependencia del asegurado, dondequiera que se utilice en la póliza significará:
E50: 1) La persona natural que, dentro del desempeño del cargo asegurado, presta su servicio a la Entidad, vinculada a éste mediante contrato de trabajo, orden de trabajo o mediante nombramiento por decreto o resolución.
E51: 2) Contratistas bajo la Prestación de Servicios Profesionales para el apoyo a la gestión.
E52: 3) Los asesores y consultores que desarrollan funciones en la Entidad.
E53: 4) Estudiantes o Practicantes mientras estén prosiguiendo estudios o deberes en los predios de la Entidad.
E54: 5) Empleados de seguridad y contratistas y sus empleados, mientras dichos contratistas estén desarrollando servicios temporales para la Entidad.
E55: 6) Los trabajadores suministrados por compañías especializadas para desarrollar trabajos propios del asegurado y bajo supervisión en cualquiera de las oficinas o predios de la Entidad.
E56: 7) Directores cuando sean empleados asalariados, pensionados o cuando estén desarrollando labores propias de un empleado o cuando esté actuando como miembro de cualquier comité debidamente elegido o nombrado por Resolución de la Junta Directiva de la Entidad (cuando aplica) para desempeñar específicamente la labor de nombramiento para actos de dirección en nombre del asegurado.
E57: 8) Cualquier persona que haga parte de la Junta Directiva de la Entidad.
E58: 9) Cualquier persona o compañía empleada por el asegurado para prestar servicios profesionales en cualquier rama de su especialidad mientras estan prestando servicios a la Entidad.
E59: 10) Cualquier persona que haga parte de alguna entidad con la cual el ASEGURADO tenga algún tipo de convenio, contrato u otra figura que implique el manejo de bienes o recursos en el desarrollo de su misionalidad.
E60: Todas las anteriores definiciones se consideran empleados mientras estén prestando dichos servicios e incluye los primeros ciento veinte (120) días siguientes a la dejación del cargo o a la terminación de sus servicios, según sea el caso y se otorga siempre y cuando el termino indicado se encuentre dentro de la vigencia de la póliza, sin exceder la fecha de finalización de vigencia.
B61: DESIGNACIÓN O DENOMINACIÓN DE BIENES | E61: La aseguradora acepta el título, nombre, denominación o nomenclatura con que el asegurado identifica o describe los bienes asegurados en sus registros o libros de comercio o contabilidad. El alcance de éstas designación de bienes se amplía al objeto establecido en el Manual de Procedimientos Administrativos y Contables para el manejo y control de los bienes de la Entidad.
B62: CONOCIMIENTO DEL RIESGO | E62: La Compañía acepta mediante la presente cláusula que la Entidad, le ha brindado la oportunidad para realizar la inspección de los bienes y riesgos a que están sujetos los mismos y el patrimonio del Asegurado, razón por la cual se deja constancia del conocimiento y aceptación de los hechos, circunstancias y, en general, condiciones de los mismos. La compañía se reserva el derecho de llevar a cabo la inspección cuantas veces lo juzgue pertinente.
A63: =A41+1 -> 5 | B63: ANTICIPO DE INDEMNIZACIÓN DEL 70% Se califica en Condiciones Adicionales (Formato No. 3) el aumento del porcentaje ofrecido. | E63: Queda expresamente acordado que, a petición escrita de la Entidad, la aseguradora anticipará pagos parciales sobre el valor de cualquier reclamo, con base en el valor de la estimación preliminar de la pérdida aceptada por el ajustador, para adelantar la reparación, reposición o remplazo de los bienes asegurados. En el caso de que no haya nombramiento de ajustador, el anticipo se liquidará con base en la valoración de la cuantía de la pérdida amparada, acreditada por la entidad mediante cotización de la misma. Este anticipo también se extiende a cualquier tipo de gastos que se requiera para la operatividad de la póliza. En caso que el anticipo o suma de anticipos que la compañía adelante al asegurado llegare a exceder la suma total indemnizable a que tenga derecho, éste se compromete a devolver el exceso pagado. Para esta cláusula la aseguradora debe contemplar un plazo máximo para el pago del anticipo de diez (10) días hábiles contados a partir de la fecha de solicitud y formalización del mismo este y no se acepta el requerimiento de ningún requisito adicional para realizar el anticipo.
B64: MODIFICACIONES A FAVOR DEL ASEGURADO | E64: Los cambios o modificaciones a las condiciones de la presente póliza, serán acordados mutuamente entre la compañía y el asegurado. El certificado, documento o comunicaciones que se expidan para formalizarlos debe ser firmado, en señal de aceptación, por un representante legal del asegurado o funcionario autorizado, prevaleciendo sobre las condiciones de esta póliza. No obstante, si durante la vigencia de la póliza se presentan modificaciones en las condiciones del seguro, legalmente aprobadas que representen un beneficio a favor del asegurado, tales modificaciones se consideran automáticamente incorporadas. Siempre y cuando no causen cobro de prima adicional.
B65: NOMBRAMIENTO Y DESIGNACIÓN DE AJUSTADORES | E65: El nombramiento de ajustadores deberá efectuarse de común acuerdo entre la aseguradora y el asegurado, para lo cual la aseguradora presentará para cada reclamo una relación de cinco (5) firmas ajustadoras. No obstante la anterior condición, el asegurador con su propuesta se obliga a presentar la lista de todos sus ajustadores y la Entidad se reserva el derecho de nombrar al ajustador que considere más adecuado o solicitar el cambio de los mismos en caso de que no fueren de su entera satisfacción, sin que para ello se requiera motivación alguna.
B66: VARIACIONES O MODIFICACIONES DEL RIESGO | E66: Queda entendido, convenido y aceptado que las notificaciones que sobre los hechos o circunstancias no previsibles que sobrevengan con posterioridad a la celebración del contrato de seguro y que, conforme al criterio consignado en el inciso 1° del artículo 1058 del código de comercio, signifiquen agravación del riesgo, se efectuarán por la Entidad dentro de los noventa (90) días siguientes a la fecha de modificación del riesgo.
B67: NO CONCURRENCIA DE AMPAROS, CLÁUSULAS O CONDICIONES | E67: Queda entendido, convenido y aceptado, que si dos o más amparos, cláusulas o condiciones otorgan cobertura a un mismo evento, se indemnizará con base en aquella que ofrezca mayor protección para los intereses del asegurado. De igual manera prevalecerán los amparos, cláusulas o condiciones que otorguen coberturas sobre aquellos que las excluyan. En todo caso y ante cualquier discrepancia sobre cuál es el amparo, cláusula o condición aplicable a un caso determinado, se aplicara aquella o aquellas que en conjunto determine el asegurado de acuerdo a su conveniencia.
B68: AMPARO AUTOMÁTICO DE CARGOS QUE POR ERROR U OMISIÓN NO SE HAYAN INFORMADO AL INICIO DE LA VIGENCIA. | E68: Queda entendido, convenido y aceptado que no obstante lo que en contrario se diga en las condiciones generales de la póliza, el presente anexo se extiende a cubrir automáticamente todo cargo que por error u omisión no se haya informado al inicio del seguro por el asegurado. El asegurado deberá comunicar tal situación a la aseguradora dentro del plazo aca estipulado y siguientes a la expedición del seguro y la compañía efectuará el cobro de la prima proporcional a prorrata.
B69: NO APLICACIÓN DE GARANTÍAS | E69: Queda expresamente acordado y aceptado que la cobertura otorgada bajo la presente póliza no queda sujeta al cumplimiento de ningún tipo de garantía por parte de la entidad asegurada.
B70: NO APLICACIÓN DE DEDUCIBLE O RESTRICCIÓN DE LÍMITE PARA CAJAS MENORES | E70: Queda expresamente acordado y aceptado que la aseguradora acepta la no aplicación de deducibles para Cajas Menores y tampoco impondrá restricciones al límite de número y cuantías que manejan cada una de ellas.
B71: FALTANTES DE INVENTARIOS 50% DEL LÍMITE ASEGURADO | E71: El oferente ofrecerá la cobertura para los faltantes de inventarios atribuibles a funcionarios de la entidad siempre y cuando tales pérdidas sean como consecuencia de eventos amparados bajo presente póliza. Se otorga la cobertura siempre que se acredite en el reclamo que las pérdidas fueron causadas por la intervención de uno o más empleados.
B72: DETERMINACIÓN DE LA PÉRDIDA INDEMNIZABLE | E72: La aseguradora debe contemplar en forma expresa que la determinación del valor de la pérdida indemnizable de bienes, se efectuará con base en cotizaciones de bienes de la misma clase, capacidad, tipo y marca o de las características más similares que ofrezca el mercado. En caso de que en el mercado no existan bienes de las mismas o similares características, la determinación se efectuará con base en la (s) alternativa (s) de reemplazo que presentará el asegurado.
B73: RESTABLECIMIENTO AUTOMÁTICO DEL LÍMITE ASEGURADO POR PAGO DE SINIESTRO, HASTA UNO PUNTO SEIS (1,6) VECES EL LÍMITE CONTRATADO CON COBRO DE PRIMA A PRORRATA | E73: Mediante la presente cláusula la aseguradora acepta expresamente, que en el caso de presentarse una pérdida amparada por la presente póliza, la cuantía de tal pérdida se considerará inmediatamente restablecida desde el momento de ocurrencia del siniestro. El restablecimiento ofrecido por esta condición dará derecho a la aseguradora al cobro de la prima correspondiente al monto restablecido, desde la fecha de la pérdida hasta el vencimiento de la póliza, expedición de cuyo certificado de seguro realizará una vez efectuado el pago de la indemnización.
B74: PAGO DE RECLAMOS CON BASE EN LA DETERMINACIÓN DE RESPONSABILIDAD DE EMPLEADOS DEL ASEGURADO EN LA INVESTIGACIÓN ADMINISTRATIVA, SIN NECESIDAD DEL FALLO DE RESPONSABILIDAD FISCAL. | E74: Queda entendido, convenido y aceptado, que la aseguradora indemnizará las pérdidas objeto de la respectiva cobertura, previamente demostrada ocurrencia y cuantía, sin requerir fallo fiscal o penal, con base en la determinación de responsabilidad del (los) empleado(s) del asegurado en la investigación administrativa. Esta condición aplica siempre y cuando se acredite la ocurrencia y cuantía de la pérdida.
B75: NO APLICACIÓN DE LA CONDICIÓN DE COMPENSACIÓN EN CASO DE SINIESTRO | E75: La Aseguradora no podrá a su arbitrio aplicar en la liquidación de valor de las indemnizaciones de los reclamos que afecten esta póliza, sumas de dinero que la entidad asegurada adeude al (los) empleado (s) involucrado (os) en las acciones, omisiones y/o delitos contra la administración pública, que dan lugar al siniestro, a menos que exista fallo judicial debidamente ejecutoriado que así lo determine.
... B80: CLÁUSULA DE JURISDICCIÓN Y SOLUCIÓN DE CONTROVERSIAS | E80: Toda y cualquier diferencia que surja entre las partes por la interpretación del presente contrato, su ejecución, cumplimiento, terminación o las consecuencias futuras del mismo, será dirimida bajo la jurisdicción y legislación de la República de Colombia. Las diferencias y controversias que surjan se solucionarán con sujeción a las siguientes instancias que se agotarán de forma sucesiva o a elección de las partes, así:
E81: a). Arreglo Directo: Las partes tratarán de resolver sus diferencias de forma directa y entre ellas mismas dentro del plazo de quince (15) días contados a partir de la notificación escrita en que cualquiera de ellas informe a la otra de un conflicto o controversia originado en el contrato. b). Conciliación: Agotado el plazo anterior sin que las partes lograsen un acuerdo por si mismas, acudirán a la asistencia de un conciliador legalmente autorizado que se designará y actuará según los parámetros establecidos por la Ley 2220 de 2022 y el Decreto 1818 del 2018, en caso de lograrse la conciliación la misma producirá efectos de cosa juzgada entre las partes, en caso contrario agotará el requisito de procedibilidad para acudir a la jurisdicción ordinaria o arbitral según corresponda, de acuerdo con los literales c) y d) de la presente cláusula.
E82: c). Jurisdicción Ordinaria: Agotadas las instancias anteriores, si la cuantía de las pretensiones derivadas de la diferencia que surja entre las partes por la interpretación del presente contrato, su ejecución, cumplimiento, terminación o las consecuencias futuras del mismo, no excediere de 220 SMMLV las partes sujetarán su controversia a la decisión del juez de instancia que corresponda según la cuantía y competencia en arreglo a lo previsto por el código de procedimiento Civil. d). Jurisdicción Arbitral: Agotadas las instancias anteriores, si la cuantía de las pretensiones derivadas de la diferencia que surja entre las partes por la interpretación del presente contrato, su ejecución, cumplimiento, terminación o las consecuencias futuras del mismo, se llevará el conflicto a la decisión de un Tribunal de Arbitramento Institucional cuyo domicilio será la ciudad de Bogotá D.C., el Tribunal estará integrado por un (1) árbitro que será designado conjuntamente por las partes dentro de los quince (15) días hábiles siguientes al envío de la comunicación por correo certificado que una de ellas le haga llegar a la otra solicitando la conformación del Tribunal; en caso de desacuerdo o falta de respuesta de la parte requerida, la otra parte podrá solicitar la designación y conformación del Tribunal al centro de Arbitraje y Conciliación de la Cámara de Comercio de la ciudad de Bogotá D.C.. El Tribunal así conformado funcionará en la ciudad de Bogotá D.C. y el laudo deberá proferirse en derecho, sujetándose en un todo al Decreto 2279 de 1.989, la ley 23 de 1.991, a la Ley 1437 de 2011, sus decretos reglamentarios y demás normas que regulan esta figura judicial. Esta última sujeta a lo dispuesto en Directiva Presidencial 04 del 18 de mayo de 2018.
B83: SUBROGACION | E83: Al indemnizar un siniestro la compañía se subroga, por ministerio de la ley y hasta concurrencia de su importe, en los derechos del Asegurado contra las personas responsables del siniestro, no obstante, la Compañía renuncia expresamente a ejercer sus derechos de subrogación contra: 1. Cualquier persona o Entidad que sea un Asegurado bajo la póliza. 2. Cualquier filial, subsidiaria u operadora del asegurado. 3. Cualquier miembro de la Junta Directiva o cualquier empleado o dependiente del Asegurado, o cualquier persona a las cuales el Asegurado en su misionalidad tengan a cargo cualquiera de los bienes asegurados, incluidos los contratistas para apoyo a la gestión misional de la Entidad, salvo el caso en que los daños hayan sido causados intencionalmente por ellos.
B84: LIQUIDACIÓN A PRORRATA EN CASO DE CANCELACIÓN DE LA PÓLIZA POR PARTE DEL ASEGURADO | E84: Bajo esta cláusula la aseguradora debe aceptar que en caso de cancelación de la póliza por parte del asegurado, la devolución de las primas respectivas se realizará a prorrata.
B85: LIQUIDACIÓN A PRORRATA PARA PRÓRROGA DE LA VIGENCIA | E85: En caso de que el asegurado lo requiera, la aseguradora realizara la liquidación de la prima de la prórroga a prorrata con las mismas tasas y condiciones de la póliza inicial. Siempre y cuando la siniestralidad de la póliza no sea mayor al 50%, en el caso que la siniestralidad supere el 50% la aseguradora acordará con el asegurado las condiciones en que se otorgará la prórroga.
B86: CONDICIONES DE RENOVACIÓN Y/O PRORROGA DE LA PÓLIZA | E86: En caso de que el asegurado decida renovar y/o prorrogar la póliza, la aseguradora se obliga a mantener los términos contratados con las mismas tasas y condiciones de la póliza inicial, siempre y cuando la siniestralidad de la póliza no sea mayor al 70%, en el caso que la siniestralidad supere el 70% la aseguradora acordará con el asegurado las condiciones en que se otorgará las condiciones de renovación. La aseguradora se obliga a entregar en cualquiera de las situaciones de resultado de siniestralidad, las condiciones con una antelación de noventa (90) días antes del vencimiento de la póliza.
B87: CLÁUSULA DE NO ACEPTACIÓN DE COASEGURO | E87: En el evento en el que el contrato de seguro sea celebrado a través de una figura asociativa, la misma se celebrará bajo alguna de las modalidades previstas en el artículo 7º del Estatuto General de Contratación de la Administración Pública – EGCP (Unión temporal, consorcio, entre otros). Adicionalmente, no serán aceptados los contratos de seguros estructurados por dos o más Compañías de seguros, en calidad de coaseguradores, y toda disposición que se realice con esta referencia (coaseguro), se entenderá por no escrita.
B88: CLÁUSULA DE CONOCIMIENTO POR LOS MIEMBROS DE LA FIGURA ASOCIATIVA | E88: Esta cláusula será aplicada cuando se presente la asociación de dos o más Aseguradoras, sin importar la figura utilizada para tal fin. Las Compañías de Seguros que actúan como integrantes de cualquier figura asociativa (consorcio, unión temporal, etc.) dentro del presente contrato de seguro, conocen y aceptan: i) las condiciones generales y particulares de la póliza, ii) Cualquier anexo y/o certificado que sobre la póliza inicial emita la Compañía líder de la figura asociativa. En igual sentido, declaran que cualquier reclamación, notificación, requerimiento o comunicación formulada por el asegurado o por un tercero a la compañía líder o cualquiera de sus integrantes, se entiende automáticamente formulada ante todos los integrantes de la figura asociativa establecida para tal fin.
B89: CLÁUSULA DE SOLIDARIDAD ENTRE LOS MIEMBROS DE LA FIGURA ASOCIATIVA | E89: En caso de figuras asociativas se considera lo contemplado en el parágrafo 2 del artículo 7 de la Ley 80 de 1993, el cual indica “En los casos en que se conformen sociedades bajo cualquiera de las modalidades previstas en la ley con el único objeto de presentar una propuesta, celebrar y ejecutar un contrato estatal, la responsabilidad y sus efectos se regirá por las disposiciones previstas en esta ley para los consorcios.”, por tanto, frente a la contratación estatal queda entendido que existirá la solidaridad en el cumplimiento del contrato de seguros y las obligaciones derivadas del mismo.
B90: CLÁUSULA IDENTIFICACIÓN DE LA FIGURA ASOCIATIVA EN LA PÓLIZA | E90: En el evento que el contrato se seguro sea celebrado a través alguna figura asociativa (consorcio, unión temporal, etc.) compuesta por dos o más compañías de seguros, en virtud del artículo 1047 del Código de Comercio, en la póliza deberá incorporarse: (i) el nombre del contratista (razón social de la figura asociativa establecida en su documento de conformación) y (ii) la razón social, número de identificación y porcentajes de participación de cada una de las aseguradoras integrantes de la figura asociativa.
B91: CLÁUSULA DE CONDICIONES PARTICULARES | E91: Queda expresamente acordado y convenido, que la aseguradora acepta las condiciones obligatorias (mínimas técnicas) establecidas en este anexo, en los términos señalados en el mismo, por lo tanto, en caso de existir discrepancia ente los ofrecimientos contenidos en la propuesta técnica básica, frente a los textos de los ejemplares de las pólizas, a las condiciones generales, certificados, anexos o cualquier otro documento; prevalecerá la información y condiciones básicas técnicas establecidas de este anexo, de igual forma en caso de encontrarse contradicción en alguna condición prevalecerá la de mayor beneficio para el asegurado.
B92: DETERMINACIÓN DE CONDICIONES Y REQUISITOS PARA EL PAGO DE INDEMNIZACIONES | E92: La aseguradora manifiesta expresamente que acepta los requisitos y documentos contenidos en el ANEXO No. 11 REQUISITOS PARA EL PAGO DE LAS INDEMNIZACIONES, como únicos para la atención y pago de reclamaciones por siniestros. A futuro no podrá exigir documentos o trámites adicionales.
B93: 2.7. | C93: EXCLUSIÓN DE ENFERMEDADES TRANSMISIBLES O CONTAGIOSAS
B94: Este seguro no cubre cualquier reclamo de ninguna manera causado por o como resultado de: a) Enfermedad por coronavirus (COVID-19) b) Coronavirus 2 del síndrome respiratorio agudo severo (SARS-CoV-2) c) Cualquier mutación o variación de SARS-CoV-2; d) Cualquier otra enfermedad transmisible, epidemia o pandemia e) Cualquier temor o amenaza de a), b), c) ó d) anteriores f) La interrupción de negocios y/o pérdidas financieras sufridas por la Entidad al no poder desarrollar la actividad para la cual fue creada como consecuencia de a), b), c), d) y e) anteriores.
B95: “OFAC: El Asegurador no será responsable de proporcionar cobertura o hacer algún pago si el realizarlo pudiera ser considerado como una violación de alguna de las leyes o regulaciones de Sanciones Económicas, que expondría al Asegurador, su casa matriz o su entidad controladora a una sanción estipulada bajo estas leyes o regulaciones
B96: 2.8. | C96: COBERTURAS, AMPAROS Y BIENES SIN APLICACIÓN DE DEDUCIBLES EN FORMA OBLIGATORIA
B97: La Entidad, requiere oferta de cobertura SIN APLICACIÓN DE DEDUCIBLE, para los bienes y/o amparos y/o eventos, señalados a continuación y por lo tanto el proponente con la firma del FORMATO No. 2 - CARTA DE ACEPTACIÓN DE LAS CONDICIONES OBLIGATORIAS (MÍNIMAS TÉCNICAS), admite estas condiciones.
B98: • Caja Menores sin aplicación de deducibe.
B99: Teniendo en cuenta que esta póliza no contempla deducibles por tanto este factor no será objeto de evaluación, razón por la cual el puntaje de esta aspecto será sumado al puntaje establecido para la evaluación del factor económico de MAYOR VIGENCIA
B100: 2.9. | C100: COMISIÓN MÍNIMA ACEPTABLE.
B101: En virtud de lo expuesto en el artículo 1341 del Código de Comercio el Corredor tendrá derecho a la comisión de intermediación, la cual será pagada por la Compañía de Seguros. La comisión mínima no deberá ser inferior al 10,0% el valor de la prima neta antes de IVA que es la actualmente contratada y no involucra en ningún aspecto a la Entidad. Se aclara que este comisión no es limitante para la aceptación de las condiciones técnicas básicas obligatorias del presente anexo, ya que no no constituye un aspecto técnico de la póliza a contratar.
B102: By: Tiger | G102: =+'1. COND. BÁSICAS TRDM'!G208 -> VERSIÓN: MAYO 2026

Sheet 3. COND. BÁSICAS RCE
B3: =+'2. COND. BÁSICAS MANEJO'!$B$3:$G$3 -> AGENCIA NACIONAL DEL ESPECTRO - ANE
B4: ANEXO No. 1 - CONDICIONES OBLIGATORIAS (MÍNIMAS TÉCNICAS)
B5: GRUPO No. 1
B7: 3. PÓLIZA DE SEGURO DE RESPONSABILIDAD CIVIL EXTRACONTRACTUAL
B8: 3.1. | C8: INFORMACIÓN GENERAL
B9: TOMADOR: | C9: =+'2. COND. BÁSICAS MANEJO'!$C$9:$E$9 -> AGENCIA NACIONAL DEL ESPECTRO - ANE | F9: NIT. | G9: =+'1. COND. BÁSICAS TRDM'!G9 -> 900.334.265-3
B10: ASEGURADO: | C10: =+C9 -> AGENCIA NACIONAL DEL ESPECTRO - ANE | F10: NIT. | G10: =+G9 -> 900.334.265-3
B11: BENEFICIARIO: | C11: TERCEROS AFECTADOS
B12: 3.2. | C12: OBJETO DEL SEGURO
B13: Amparar los perjuicios patrimoniales y extrapatrimoniales que cause la (AGENCIA NACIONAL DEL ESPECTRO - ANE) como consecuencia de la Responsabilidad Civil Extracontractual originada dentro o fuera de sus instalaciones, en el desarrollo de sus actividades o en lo relacionado con ella, lo mismo que los actos de sus empleados y funcionarios o el personal para el apoyo a la gestión administrativa dentro y fuera del territorio nacional o por bienes que se encuentren bajo tenencia, control y/o responsabilidad . Nota: Se entenderán como terceros todos los servidores públicos, empleados y funcionarios permanentes, o temporales, o estudiantes en práctica o pasantias, o contratistas, o subcontratistas, o de personas voluntarias que presten servicios al asegurado, incluyendo miembros de las Directivas y cada una de las personas que circulen, ingresen, accedan o se encuentren en los predios de asegurado o por los cuales es responsable en su aseguramiento, independientemente que el asegurado le esté prestando un servicio objeto de su razón social.
B14: 3.3. | C14: LÍMITE ASEGURADO EVENTO / VIGENCIA
A15: 1 | B15: Oferta Básica: Se califica en Condiciones Adicionales (Formato No. 3) el aumento del límite ofrecido sin cobro de prima adicional. | F15: 6050000001
B16: 3.3.1. | C16: MODALIDAD DE COBERTURA
B17: Por ocurrencia: La aseguradora cubre todos los perjuicios que se generen durante la vigencia del seguro
B18: 3.4. | C18: INFORMACIÓN GENERAL
B19: Nómina promedio mensual: $ 1.310.791.532
B20: Número de funcionarios: 82 Contratistas: 124
B21: Presupuesto anual proyectado de la Entidad año 2026: $46.872.210.000
B22: 3.4.1. | C22: BASE PARA LA DETERMINACIÓN Y APLICACIÓN DEL CONCEPTO SUBLÍMITE / VIGENCIA / AGREGADO ANUAL
B23: Para la totalidad de Coberturas y/o condiciones básicas sublímitadas, queda expresamente aceptado por parte de los proponentes que, en concordancia con la vigencia de la póliza que se adjudique, cada Sublímite operará así:
B24: - Si la vigencia es igual o mayor a doce (12) meses: Sublímite indicado Evento /Agregado Anual.
B25: En caso de discrepancia en alguna cobertura o cláusula básicas con relación al concepto de aplicación del sublímite / vigencia / agregado anual, frente a la vigencia ofertada, prevalece el establecido en este numeral con relación al plazo de la condición ofertada.
B26: NOTA: | C26: CADA SUBLÍMITE O GASTOS INDICADOS ESTAN CONTEMPLADOS DENTRO DEL LÍMITE ASEGURADO.
B27: 3.4.2. | C27: PREDIOS ASEGURADOS
B28: Todos los de propiedad del asegurado, que éste use o entregue en comodato y aquellos de terceros que el asegurado use, mantenga, ocupe en desarrollo de sus actividades y operaciones y los tomados en arriendo.
B29: 3.5. | C29: COBERTURAS BÁSICAS
B30: Queda expresamente acordado y convenido, que mediante la presente póliza la aseguradora ampara los perjuicios patrimoniales y extrapatrimoniales, que cause la Entidad a terceros al igual que las costas y gastos de proceso, siempre y cuando el hecho generador le cause daños materiales, lesiones personales y/o muerte; generados como consecuencia de la responsabilidad civil extracontractual originada dentro o fuera de sus instalaciones, en el desarrollo de sus actividades propias a su objeto social o en lo relacionado con ellas, incluidos los actos de sus empleados y funcionarios en el desarrollo de sus funciones. De igual forma, se acuerda que para todos los efectos de la presente póliza, el termino de “perjuicios patrimoniales” contempla los perjuicios relacionados con daños materiales, daño emergente, lucro cesante y demás perjuicios considerados como patrimoniales; y el termino de “perjuicios extrapatrimoniales” comprende, entre otros, el daño moral, daño fisiológico, daño a la vida de relación y demás perjuicios considerados como extrapatrimoniales. La aseguradora acepta expresamente el otorgamiento de la cobertura de este seguro, según lo previsto en el Artículo 1131 del Código de Comercio, relacionado con la configuración del siniestro e inicio de la prescripción, que estipula: ARTICULO 1131. Configuración del siniestro en el seguro de responsabilidad civil. En el seguro de responsabilidad se entenderá ocurrido el siniestro en el momento en que acaezca el hecho externo imputable al asegurado, fecha a partir de la cual correrá la prescripción respecto de la víctima. Frente al asegurado ello ocurrirá desde cuando la víctima le formula la petición judicial o extrajudicial.
B31: PREDIOS, LABORES Y OPERACIONES (incluyendo incendio y explosión) | E31: La aseguradora se obliga a indemnizar, sujeto a los términos y condiciones establecidas tanto en las condiciones generales como a las particulares de la póliza, los perjuicios patrimoniales y extrapatrimoniales que cause el asegurado con motivo de la responsabilidad civil extracontractual en que incurra de acuerdo con la ley colombiana, por hechos imputables al asegurado, que causen la muerte, lesión o menoscabo en la salud de las personas (daños personales) y/o el deterioro o destrucción de bienes (daños materiales) y perjuicios económicos, incluyendo lucro cesante y daño moral, como consecuencia directa de tales daños personales y/o daños materiales. La aseguradora responderá, además, por los costos del proceso que el tercero damnificado o sus causahabientes promuevan en su contra o la del asegurado, con las salvedades siguientes: a) Si la Entidad asegurada afronta el proceso contra orden expresa de la compañía. b) Si la responsabilidad proviene de dolo o está expresamente señalada en las exclusiones de la póliza. c) Si la condena por los perjuicios ocasionados a la víctima excede la suma que delimita la responsabilidad de la aseguradora, esta solo responderá por los gastos del proceso en proporción a la cuota que le corresponda en la indemnización.
E32: PREDIOS, los perjuicios patrimoniales y extrapatrimoniales que cause el asegurado por la posesión, el uso o el mantenimiento de sus predios o por los que es responsable y en especial en los que la Entidad asegurada desarrolla y realiza las actividades objeto de la cobertura de esta póliza.
E33: LABORES Y OPERACIONES, los perjuicios patrimoniales y extrapatrimoniales que cause el asegurado por las labores u operaciones que lleva a cabo la Entidad asegurada en el desarrollo de las actividades objeto de la cobertura de esta póliza incluyendo todos los riesgos que son inherentes a las actividades desarrolladas por el asegurado en el giro normal de sus actividades y derivadas de: a) Posesión o uso de ascensores y escaleras automáticas, elevadores, montacarga, grúas, puente grúas, equipo de trabajo. b) Posesión o uso de máquinas y equipos de trabajo, de cargue, descargue y transporte dentro de los predios asegurados. c) Transporte de bienes del asegurado, tales como materias primas, productos en proceso y productos terminados, fuera de los predios asegurados (Cuando aplique) Excluye los daños a la carga propia y al vehículo transportador, en concordancia con la naturaleza del seguro de responsabilidad civil extracontractual d) Operaciones de cargue y descargue. (Cuando aplique) e) Posesión o uso de avisos y vallas publicitarias en el territorio nacional. f) Posesión o uso de sus instalaciones sociales, culturales y deportivas y los eventos que el asegurado realice u organice en ellas. g) Viajes de funcionarios del asegurado dentro y fuera del territorio nacional. Se excluye la Responsabilidad Profesional h) Actividades y Eventos Sociales y Culturales i) Participación del asegurado en ferias y exposiciones nacionales. j) Errores de puntería, opera en exceso de las pólizas que por ley deben tener contratadas las empresas de vigilancia, empleados del asegurado o contratados a través de firma especializada. (Excepto cuando se trata de sus propios funcionarios). k) Vigilancia de los predios por medio de personal armado y/o animales opera en exceso de las pólizas que por ley deben tener contratadas las empresas de vigilancia, empleados del asegurado o contratados a través de firma especializada. (Excepto cuando se trata de sus propios funcionarios)
E34: l) Posesión o uso de depósitos, tanques y tuberías ubicados o instalados dentro de los predios asegurados. m) Actos de los directivos, representantes y empleados del asegurado en el desempeño de sus funciones y dentro de las actividades aseguradas. Se excluye la Responsabilidad Profesional. n) Posesión o uso de cafeterías, casinos y restaurantes para uso de sus empleados y/o invitados. ñ) Incendio y/o explosión producidos dentro de los predios asegurados. o) Uso de parqueaderos dentro de los predios del asegurado p) Descargue, dispersión, liberación o escape de humo, vapores, hollín, ácidos, álcalis y en general productos químicos tóxicos, líquidos o gaseosos, y demás materias irritantes o contaminantes, en o sobre la tierra, atmosfera, ríos, lagos o cualquier curso o cuerpo de agua, producida en forma accidental, súbita e imprevista. (Cuando aplique) q) Uso de casinos, restaurantes y cafeterías de su propiedad o que sean ocupados por él o que tenga tomados en arrendamiento o alquiler, no obstante el hecho que éstos estén administrados por personas naturales o jurídicas distintas de la entidad o sus empleados. r) Productos y Trabajos terminados sin son de la misionalidad de la Entidad, se excluye recogida del producto. (Cuando aplique). s) Participación del asegurado en ferias y exposiciones internacionales, excluyendo la responsabilidad en los países de Estados Unidos, Puerto Rico y Canadá.
A35: =A15+1 -> 2 | B35: GASTOS MÉDICOS (sin aplicación de deducibles). Sublímite $180.000.001 evento / $1.100.000.001 (Evento /Agregado Anual) Se califica en Condiciones Adicionales (Formato No. 3) el aumento del sublímite. | E35: La aseguradora debe contemplar para la propuesta de este amparo, que indemnizarán hasta el límite establecido en la póliza y dentro de los términos y con sujeción a las condiciones de este seguro, los gastos razonables y prioritarios que se causen, por concepto de primeros auxilios inmediatos, servicios médicos, quirúrgicos, de ambulancia de hospital, de enfermeras, medicamentos y de rehabilitación, como consecuencia de las lesiones corporales producidas a terceros en desarrollo de las actividades de la entidad. Se precisa, que el amparo que se otorga es independiente al de responsabilidad civil extracontractual y por consiguiente, los pagos que por dicho concepto se realicen, en ningún caso pueden ser interpretados como aceptación tácita de responsabilidad y no está sujeto a la aplicación de deducible. Los funcionarios y contratistas para el apoyo a la gestión administrativa y demás personal de apoyo a la Entidad se consideran terceros. De igual forma, en caso de requerirse, este amparo puede aplicar por reembolso.
A36: =A35+1 -> 3 | B36: RESPONSABILIDAD CIVIL PATRONAL. Sublímite de 80% del valor asegurado (Evento /Agregado Anual) Se califica en Condiciones Adicionales (Formato No. 3) el aumento del sublímite. | E36: La aseguradora mediante este amparo se compromete a indemnizar los perjuicios patrimoniales derivados de la responsabilidad civil extracontractual que le sea imputable al asegurado en su calidad de empleador exclusivamente por los accidentes de trabajo que sufran los empleados a su servicio, en el desarrollo de las actividades asignadas a ellos y de acuerdo con las siguientes definiciones y condiciones: a) Se entiende por empleado toda persona que mediante contrato de trabajo o de prestación de servicios (incluidos contratistas para el apoyo a la gestión administritativa o misional) preste al asegurado. b) Quedan excluidas de este seguro: Las enfermedades profesionales, endémicas o epidémicas, contagiosas (en especial el COVID19), por accidentes de trabajo que se hayan sido provocados deliberadamente o por culpa grave del empleado. Se precisa que este amparo opera en exceso de la seguridad social.
B37: CONTRATISTAS Y SUBCONTRATISTAS INDEPENDIENTES AL 100% DEL LÍMITE ASEGURADO | E37: La aseguradora bajo este amparo se obliga a cubrir los perjuicios patrimoniales y extra patrimoniales derivados de la responsabilidad civil extracontractual que le sea imputable al asegurado y/o los gastos médicos por los daños que causare a terceros, a consecuencia de labores amparadas realizadas por contratistas y subcontratistas independientes a su servicio. Se precisa que este amparo opera en exceso de las pólizas del contratista o subcontratista.
B38: RESPONSABILIDAD CIVIL CRUZADA AL 100% DEL LÍMITE ASEGURADO. | E38: Se cubren los perjuicios patrimoniales causados por un contratista a otro, a consecuencia de las labores amparadas previamente contratadas por el asegurado y que se efectúen dentro de los predios del mismo. Se precisa que este amparo opera en exceso de las pólizas del contratista.
B39: RESPONSABILIDAD CIVIL POR LA CAIDA, EL DESCOPE, LA PODA Y EL MANTENIMIENTO DE ÁRBOLES. (siempre y cuando sea responsabilidad del asegurado) | E39: Se cubren los perjuicios patrimoniales causados por la caída, el descope, la poda y el mantenimiento de árboles, siempre y cuando sean responsabilidad de la entidad.
B40: VEHÍCULOS PROPIOS Y NO PROPIOS EN EXCESO DEL SEGURO DE AUTOMÓVILES Y SOAT. Sublímite de 40% del valor asegurado (Evento /Agregado Anual) | E40: Mediante esta condición se indemnizarán los daños que cause el asegurado en razón de la responsabilidad civil por lesiones a terceras personas o daños a propiedades de terceros que le sean imputables legalmente como consecuencia de la utilización en el giro normal de sus negocios, de vehículos propios o no propios incluido los de los funcionarios en desarrollo de las actividades del asegurado y en exceso de los limites contratados en el seguro de automóviles. En caso que el vehículo que generó los daños no cuente con póliza de automóviles y/o SOAT, la cobertura de los daños será asumida por la presente póliza hasta el monto del límite fijado.
B41: DAÑOS Y HURTO DE VEHÍCULOS INCLUIDOS ACCESORIOS EN PARQUEADEROS Y PREDIOS DEL ASEGURADO Sublímite de 40% del valor asegurado (Evento /Agregado Anual) | E41: Queda entendido y convenido que la cobertura de la póliza se extiende a amparar los eventos que ocurran en los parqueaderos de propiedad o sobre los cuales se ejerza tenencia y/o control y/o custodia el asegurado, incluyendo daños y hurto de vehículos, motocicletas, bicicletas, patinetas o accesorios. Los vehículos de los funcionarios y contratistas se consideran terceros.
B42: COBERTURA DE PROPIEDADES ADYACENTES (CUANDO APLIQUE) | E42: La aseguradora debe contemplar la extensión de la cobertura de propiedades adyacentes para obras civiles terminadas que tenga el Asegurado a su cargo o por las que sea legal o contractualmente responsable.
B43: AMPARO AUTOMÁTICO PARA NUEVOS PREDIOS Y OPERACIONES Con termino de noventa (90) días. | E43: La aseguradora debe contemplar la extensión de la cobertura automática del seguro, en los mismos términos y limitaciones establecidos en esta póliza, para amparar la responsabilidad extracontractual por nuevas operaciones y/o el uso, posesión y demás actividades desarrolladas en nuevos predios que adquiera el asegurado o sobre los cuales obtenga el dominio o control. Esta condición dará derecho a la compañía al cobro de la prima proporcional, calculada a prorrata, con las tasas adjudicadas y correspondiente al periodo de amparo
B44: GASTOS ADICIONALES PARA CAUCIONES Y COSTAS PROCESALES. | E44: La presente póliza ampara los siguientes gastos razonables: a) El costo de cualquier clase de caución que el Asegurado tenga que prestar. El costo de cualquier clase de caución que el Asegurado tenga que prestar. La aseguradora no se obliga a constituir la caución, sin embargo si se obliga a cubrir el valor de la prima que esta genere. b) Intereses de mora en beneficio del tercero afectado.
B45: GASTOS ADICIONALES PARA HONORARIOS PROFESIONALES DE ABOGADOS, CONSULTORES, AUDITORES, INTERVENTORES, ETC. | E45: No obstante lo que se diga en contrario en las condiciones generales y particulares de la póliza, la Compañía se obliga a indemnizar los honorarios razonables en que necesaria y razonablemente incurra el asegurado, por concepto de abogados, consultores, auditores, interventores, revisores, contadores, etc., para obtener y certificar: a.- los detalles extraídos de los libros de contabilidad y del negocio mismo del asegurado, y b.- cualesquiera otras informaciones, documentos y testimonios que sean pedidos por la compañía al asegurado según lo establecido en las condiciones generales y particulares de la póliza. La compañía reconocerá hasta el 100% de las gastos razonables demostrados por el asegurado.
B46: POLUCIÓN Y CONTAMINACIÓN ACCIDENTAL | E46: Se cubren los perjuicios derivados de la responsabilidad civil extracontractual en que pudiera incurrir el asegurado por daños a terceros, ocasionados por variaciones perjudiciales de aguas, atmósfera suelos, subsuelos o bien por ruido y habiéndose manifestado durante la vigencia de la póliza siempre y cuando sean a consecuencia directa de un acontecimiento que, desviándose de la marcha normal de la actividad objeto del seguro, ocurra durante la vigencia de la póliza, dentro de los inmuebles asegurados de forma repentina, accidental e imprevista. Se excluye la polución y contaminación paulatina.
B47: RESPONSABILIDAD CIVIL DERIVADA DE MONTAJES, CONSTRUCCIONES Y OBRAS CIVILES PARA EL MANTENIMIENTO Y/O AMPLIACIÓN O ENSANCHE DE PREDIOS. (CUANDO APLIQUE) Sublimite 10% del valor asegurado evento / (Evento /Agregado Anual) | E47: Se cubren los perjuicios derivados de la responsabilidad civil extracontractual derivada de montajes , construcciones y obras civiles para el mantenimiento y/o ampliación o ensanche de predios. Se excluye RCE derivada del mantenimiento, pruebas, errores de diseño y riesgo petroquímico.
B48: RESPONSABILIDAD CIVIL DEL ASEGURADO FRENTE A FAMILIARES DE SUS EMPLEADOS INCLUIDOS LOS CONTRATISTAS PARA EL APOYO A LA GESTIÓN ADMINISTRATIVA O MISIONAL. | E48: Queda expresamente convenido y acordado que para efectos de este seguro se entenderán como terceros los familiares del personal del asegurado (incluidos los de los contratistas para el apoyo a la gestión administrativa o misional), de igual forma para los efectos de este seguro los niños, niñas y adolescentes, se consideran terceros
... B52: BIENES BAJO CUIDADO, TENENCIA, CONTROL Y CUSTODIA | E52: Se amparan los daños y/o perjuicios que se causen a terceros, con bienes que sin ser de propiedad del asegurado se encuentren bajo su cuidado, tenencia, control y custodia. Se excluye el hurto en cualquiera de sus formas y el daño de dichos bienes.
B53: 3.6. | C53: CLÁUSULAS BÁSICAS
B54: REVOCACIÓN DE LA PÓLIZA, CLÁUSULAS O CONDICIONES Con termino de noventa (90) días. | E54: La aseguradora podrá revocar la póliza, cláusulas o condiciones unilateralmente por la compañía, mediante noticia escrita enviada al asegurado, a su última dirección registrada, con no menos de noventa (90) días de antelación; contados a partir de la fecha del envío. El asegurado podrá pedir la revocación en cualquier momento, según lo previsto en el Código de Comercio. Así mismo, en el caso de que la aseguradora decida no otorgar renovación o prórroga del contrato de seguro, deberá dar aviso de ello al asegurado con no menos de noventa (90) días de antelación a la fecha de vencimiento de la póliza, en caso contrario se dará por entendido que la aseguradora acepta la renovación o prorroga hasta el límite legal establecido en la Ley 80 de 1993, para la adición de los contratos y manteniendo las mismas condiciones ofertadas en este proceso.
B55: ERRORES, OMISIONES O INEXACTITUDES | E55: El tomador está obligado a declarar sinceramente los hechos y circunstancias que determinen el estado del riesgo. La inexactitud sobre hechos o circunstancias que, conocidas por la compañía, la hubieren retraído de celebrar el contrato o inducido a estipular condiciones más onerosas, produce la nulidad relativa del seguro. Sin embargo, si se incurriere en errores, omisiones e inexactitudes inculpables al tomador o al asegurado, el contrato no será nulo ni habrá lugar a la aplicación del inciso tercero del artículo 1058 del Código de Comercio sobre reducción porcentual de la prestación asegurada. En este caso se deberá pagar la prima adecuada al verdadero estado del riesgo.
B56: AMPLIACIÓN AVISO DEL SINIESTRO Con termino de noventa (90) días. | E56: Queda convenido y aceptado que el asegurado podrá dar aviso de la ocurrencia del siniestro en un término de noventa (90), siguientes a la fecha en que haya conocido o debido conocer la ocurrencia del mismo.
B57: DESIGNACIÓN O DENOMINACIÓN DE BIENES | E57: La aseguradora acepta el título, nombre, denominación o nomenclatura con que el asegurado identifica o describe los bienes asegurados en sus registros o libros de comercio o contabilidad. El alcance de éstas designación de bienes se amplía al objeto establecido en el Manual de Procedimientos Administrativos y Contables para el manejo y control de los bienes de la Entidad.
B58: CONOCIMIENTO DEL RIESGO | E58: La aseguradora acepta mediante la presente cláusula que la Entidad, le ha brindado la oportunidad para realizar la inspección de los bienes y riesgos a que están sujetos los mismos y el patrimonio del Asegurado, razón por la cual se deja constancia del conocimiento y aceptación de los hechos, circunstancias y, en general, condiciones de los mismos. La compañía se reserva el derecho de llevar a cabo la inspección cuantas veces lo juzgue pertinente.
B59: PAGO DE LA INDEMNIZACIÓN | E59: Queda expresamente acordado que la aseguradora acepta efectuar el pago de la indemnización bajo cualquiera de las modalidades que escoja el asegurado, tales como: (i) en dinero al asegurado, a título de reembolso, por los pagos efectuados por este, previamente autorizados por la aseguradora; y/o (ii) mediante el giro al tercero afectado; y/o (iii) mediante el giro a los contratistas y/o proveedores de bienes o servicios, con los cuales el tercero afectado, decida remplazar, reconstruir, reparar y/o reponer los bienes o servicios objeto de indemnización, hasta el monto de su responsabilidad. En las facturas o contratos que se deriven de esta opción, la aseguradora figurará como comprador y/o contratante, salvo que el asegurado solicite lo contrario.
A60: =A36+1 -> 4 | B60: ANTICIPO DE INDEMNIZACIÓN DEL 70% Se califica en Condiciones Adicionales (Formato No. 3) el aumento del porcentaje ofrecido. | E60: Queda expresamente acordado que, a petición escrita de la Entidad, la aseguradora anticipará pagos parciales sobre el valor de cualquier reclamo, con base en el valor de la estimación preliminar de los perjuicios causados o la pérdida aceptada por el ajustador, para adelantar la reparación, reposición o remplazo de los perjuicios o las perdidas causadas. En el caso de que no haya nombramiento de ajustador, el anticipo se liquidará con base en la valoración de la cuantía de la pérdida amparada, acreditada por la entidad mediante cotización de la misma. Este anticipo también se extiende a cualquier tipo de gastos que se requiera para la operatividad de la póliza. En caso que el anticipo o suma de anticipos que la compañía adelante al asegurado llegare a exceder la suma total indemnizable a que tenga derecho, éste se compromete a devolver el exceso pagado. Para esta cláusula la aseguradora debe contemplar un plazo máximo para el pago del anticipo de diez (10) días hábiles contados a partir de la fecha de solicitud y formalización del mismo este y no se acepta el requerimiento de ningún requisito adicional para realizar el anticipo.
B61: MODIFICACIONES A FAVOR DEL ASEGURADO | E61: Los cambios o modificaciones a las condiciones de la presente póliza, serán acordados mutuamente entre la compañía y el asegurado. El certificado, documento o comunicaciones que se expidan para formalizarlos debe ser firmado, en señal de aceptación, por un representante legal del asegurado o funcionario autorizado, prevaleciendo sobre las condiciones de esta póliza. No obstante, si durante la vigencia de la póliza se presentan modificaciones en las condiciones del seguro, legalmente aprobadas que representen un beneficio a favor del asegurado, tales modificaciones se consideran automáticamente incorporadas. Siempre y cuando no causen cobro de prima adicional.
B62: NOMBRAMIENTO Y DESIGNACIÓN DE AJUSTADORES | E62: El nombramiento de ajustadores deberá efectuarse de común acuerdo entre la aseguradora y el asegurado, para lo cual la aseguradora presentará para cada reclamo una relación de cinco (5) firmas ajustadoras. No obstante la anterior condición, el asegurador con su propuesta se obliga a presentar la lista de todos sus ajustadores y la Entidad se reserva el derecho de nombrar al ajustador que considere más adecuado o solicitar el cambio de los mismos en caso de que no fueren de su entera satisfacción, sin que para ello se requiera motivación alguna.
B63: VARIACIONES O MODIFICACIONES DEL RIESGO | E63: Queda entendido, convenido y aceptado que las notificaciones que sobre los hechos o circunstancias no previsibles que sobrevengan con posterioridad a la celebración del contrato de seguro y que, conforme al criterio consignado en el inciso 1° del artículo 1058 del código de comercio, signifiquen agravación del riesgo, se efectuarán por la Entidad dentro de los noventa (90) días siguientes a la fecha de modificación del riesgo.
B64: PROPIETARIOS, ARRENDATARIOS O POSEEDORES | E64: La cobertura de la presente póliza se extiende a cubrir todos los gastos que el asegurado por su responsabilidad le llegaren a imputar y que este esté legalmente obligado a pagar por cualquier ocurrencia de pérdida o perjuicio que surja en su calidad de arrendatario, arrendador o poseedor de cualquier inmueble, aun cuando éstos no se encuentren específicamente descritos en la póliza. Queda cubierta igualmente la responsabilidad civil extracontractual del asegurado en caso de reparaciones, modificaciones o construcciones de los mismos inmuebles; se cubre también la responsabilidad civil de la persona o personas encargadas por contrato de mantenimiento del inmueble y únicamente cuando se encuentren en ejercicio de las funciones que dicho contrato estipule.
B65: RESTABLECIMIENTO AUTOMÁTICO DEL LÍMITE ASEGURADO POR PAGO DE SINIESTRO, HASTA UNO PUNTO SEIS (1,6) VECES EL LÍMITE CONTRATADO CON COBRO DE PRIMA A PRORRATA | E65: Mediante la presente cláusula la aseguradora acepta expresamente, que en el caso de presentarse una pérdida amparada por la presente póliza, la cuantía de tal pérdida se considerará inmediatamente restablecida desde el momento de ocurrencia del siniestro. El restablecimiento ofrecido por esta condición dará derecho a la aseguradora al cobro de la prima correspondiente al monto restablecido, desde la fecha de la pérdida hasta el vencimiento de la póliza, expedición de cuyo certificado de seguro realizará una vez efectuado el pago de la indemnización.
B66: NO APLICACIÓN DE GARANTÍAS | E66: Queda expresamente acordado y aceptado que la cobertura otorgada bajo la presente póliza no queda sujeta al cumplimiento de ningún tipo de garantía por parte de la entidad asegurada.
B67: GASTOS PARA LA DEMOSTRACIÓN DEL SINIESTRO | E67: Bajo este amparo se cubren los gastos razonables en que incurra el asegurado, para la demostración de la ocurrencia y cuantía del siniestro y serán indemnizados bajo esta póliza. Estos gastos deben ser previamente aprobados por la aseguradora y la Entidad se compromete para estos casos presentar previamente cotización de estos gastos (cuando se requiera), la aseguradora se reserva el derecho de poder cotizar con sus proveedores los servicios que demanden la aplicación de estos gastos. Hasta el 100% de los gastos demostrados.
B68: COSTAS E INTERESES DE MORA | E68: En adición a las indemnizaciones a que haya lugar, la compañía reembolsará al Asegurado los gastos que se generen con ocasión de: la Condena en costo e intereses de mora acumulados a cargo del Asegurado, desde cuando la sentencia se declare en firme hasta cuando la compañía haya reembolsado al Asegurado o consignado en nombre de éste en el juzgado, su participación en tales gastos.
B69: INDEMNIZACIÓN POR CLARA EVIDENCIA SIN QUE EXISTA PREVIO FALLO JUDICIAL | E69: Mediante este amparo (siempre y cuando se acredite la ocurrencia y cuantía del perjuicio), la aseguradora debe contemplar que en caso de siniestro indemnizará los daños y perjuicios causados por el asegurado a un tercero sin que exista previo fallo judicial, siempre y cuando las circunstancias en que ocurrió el evento den lugar a considerar la responsabilidad o culpa del asegurado. La aseguradora se compromete a indemnizar el 100% de los perjucios razonables en favor y causados al tercero una vez tasados y acordados con estos.
B70: SELECCIÓN DE PROFESIONALES PARA LA DEFENSA | E70: La aseguradora debe contemplar que la selección de los profesionales encargados de la defensa corresponderá a la Entidad asegurada, o los funcionarios que ésta designe, quienes para su aprobación presentarán a la compañía la propuesta correspondiente, teniendo en cuenta que en todos los casos los profesionales del derecho deberán acreditar la debida idoneidad para asumir los procesos en los cuales se les postule para actuar como defensores. Toda propuesta en que los profesionales no acrediten la idoneidad será rechazada. La aseguradora, previo común acuerdo con la Entidad asegurada, podrá asumir la defensa de cualquier litigio o procedimiento legal a nombre del asegurado, a través de abogados elegidos por éste, para lo cual se deberá cumplir con el siguiente procedimiento:
E71: A. ETAPA PREJUDICIAL:
E72: El procedimiento prejudicial para el trámite de las reclamaciones presentado por la Entidad asegurada, ante la compañía Aseguradora, con el fin de evitar dilaciones en el proceso y suspensiones injustificadas de audiencias de conciliación, se desarrollara de la siguiente manera:
E73: a) Una vez ocurrido el siniestro, dentro de los 10 días calendarios siguientes al momento en que tuvo conocimiento de su ocurrencia, la Entidad asegurada, enviara el documento de convocatoria a la Aseguradora, haciéndolo llegar al correo electrónico del funcionario delegado para tal fin, quien para todos los efectos será el designado como el punto de contacto único y permanente entre la Entidad asegurada, y la compañía.
E74: Adicional al documento de convocatoria, la comunicación antes referida debe contener un pronunciamiento claro y debidamente fundamentado, por parte de la Entidad asegurada, frente a los hechos ocurridos. Este requisito será cumplido mediante el concepto previo de la oficina jurídica de la la Entidad asegurada, puesto que en este ya se ha evaluado a priori la responsabilidad, sin que sea viable la exigencia por parte de la aseguradora de alguna decisión del comité de la la Entidad asegurada.
E75: La Entidad asegurada, contara con ocho (8) días calendario para realizar la comunicación acá señalada, contados desde la fecha en que la Entidad haya tenido conocimiento de los hechos.
E76: b) Una vez recibida la información, la compañía Aseguradora estudiara el caso en el Comité de Defensa o de siniestros, según corresponda, a más tardar dentro de los siete (7) días calendario siguientes al recibo del documento de convocatoria, y, de ser pertinente, se aprobara el valor de una propuesta inicial, que debe constar por escrito y de la cual se dará traslado a la Entidad asegurada, en un término máximo de tres (3) días calendario contados desde la fecha que el Comité sesiono.
E77: La decisión tomada por el Comité debe estar debidamente motivada, especificando la justificación de la cifra propuesta y teniendo como base los parámetros establecidos por la jurisprudencia aplicable al caso, así como el proceso de análisis y valoración que llevo a la misma.
E78: c) En caso que la Entidad asegurada esté en desacuerdo con la decisión inicial del Comité de Defensa de la Aseguradora, podrá, dentro de los cinco (5) días calendario siguientes a la comunicación de la misma, manifestar tal inconformidad, mediante el mismo punto de contacto único, y solicitar la reconsideración del caso, argumentando de manera seria las razones por las cuales considera que no hubo una valoración adecuada.
E79: d) La solicitud de reconsideración será resuelta por parte de la compañía Aseguradora dentro de los siete (7) días calendarios siguientes a la fecha de su radicación. La decisión debe contener una propuesta final, la cual debe constar por escrito y estar debidamente motivada, ya sea argumentando de manera razonada la no modificación de la cifra o explicando la motivación y el proceso de análisis y valoración que llevo a la fijación de un nuevo valor.
E80: NOTA: Será la Entidad asegurada, la encargada de convocar a la Compañía Aseguradora a la audiencia de conciliación prejudicial, por lo que no será necesario, en ningún caso, que la Procuraduría u otro órgano respectivo adelante este trámite.
E81: B. ETAPA JUDICIAL:
E82: a) Se adelantará las etapas del proceso judicial con celeridad y evitando cualquier tipo de dilaciones.
... E84: c) La Aseguradora entiende y se compromete a interactuar con la Entidad asegurada, dentro del proceso judicial, como su garante, realizando una labor de apoyo encaminada a obtener una sentencia favorable.
B85: COMPROMISO PARA EL PAGO DE LAS INDEMNIZACIONES Plazo de tres (3) días hábiles | E85: Mediante esta condición la aseguradora se compromete al pago de la indemnización dentro del plazo establecido, una vez el asegurado demuestre ocurrencia y cuantía.
B86: PLAZO PARA LA ACEPTACIÓN DE LIQUIDACIÓN, ENVÍO DE LOS DOCUMENTOS PARA FIRMA POR PARTE DEL ORDENADOR DEL GASTO Y/O REPRESENTANTE LEGAL Y PAGO POR PARTE DE LA ASEGURADORA. | E86: Mediante esta condición, queda expresamente acordado que la aseguradora se pronunciará sobre las cotizaciones presentadas por el asegurado, para las reposiciones y/o reparaciones y/o consignaciones por los PERJUICIOS causados a que haya lugar ante el Tesoro Nacional o Tesorería Distrital o el ente que haga sus veces (incluidos los impuestos, gravámenes u otros legalmente establecidos); a la menor brevedad posible y máximo dentro de los diez (10) días hábiles siguientes al recibo de la documentación que acredite los mismos. En caso contrario, se entenderán como aceptadas por parte de la Aseguradora la(s) cotización(es) presentada(s) por la Entidad asegurada, dando lugar a que, por parte de la Entidad se presenten los documentos del proveedor para su respectivo pago dentro del tiempo estipulado. Este mismo periodo de tiempo aplica para la solicitud de reconsideraciones.
B87: NO CONCURRENCIA DE AMPAROS, CLÁUSULAS O CONDICIONES | E87: Queda entendido, convenido y aceptado, que si dos o más amparos, cláusulas o condiciones otorgan cobertura a un mismo evento, se indemnizará con base en aquella que ofrezca mayor protección para los intereses del asegurado. De igual manera prevalecerán los amparos, cláusulas o condiciones que otorguen coberturas sobre aquellos que las excluyan. En todo caso y ante cualquier discrepancia sobre cuál es el amparo, cláusula o condición aplicable a un caso determinado, se aplicara aquella o aquellas que en conjunto determine el asegurado de acuerdo a su conveniencia.
B88: CLÁUSULA DE JURISDICCIÓN Y SOLUCIÓN DE CONTROVERSIAS | E88: Toda y cualquier diferencia que surja entre las partes por la interpretación del presente contrato, su ejecución, cumplimiento, terminación o las consecuencias futuras del mismo, será dirimida bajo la jurisdicción y legislación de la República de Colombia. Las diferencias y controversias que surjan se solucionarán con sujeción a las siguientes instancias que se agotarán de forma sucesiva o a elección de las partes, así:
E89: a). Arreglo Directo: Las partes tratarán de resolver sus diferencias de forma directa y entre ellas mismas dentro del plazo de quince (15) días contados a partir de la notificación escrita en que cualquiera de ellas informe a la otra de un conflicto o controversia originado en el contrato. b). Conciliación: Agotado el plazo anterior sin que las partes lograsen un acuerdo por si mismas, acudirán a la asistencia de un conciliador legalmente autorizado que se designará y actuará según los parámetros establecidos por la Ley 2220 de 2022 y el Decreto 1818 del 2018, en caso de lograrse la conciliación la misma producirá efectos de cosa juzgada entre las partes, en caso contrario agotará el requisito de procedibilidad para acudir a la jurisdicción ordinaria o arbitral según corresponda, de acuerdo con los literales c) y d) de la presente cláusula.
E90: c). Jurisdicción Ordinaria: Agotadas las instancias anteriores, si la cuantía de las pretensiones derivadas de la diferencia que surja entre las partes por la interpretación del presente contrato, su ejecución, cumplimiento, terminación o las consecuencias futuras del mismo, no excediere de 220 SMMLV las partes sujetarán su controversia a la decisión del juez de instancia que corresponda según la cuantía y competencia en arreglo a lo previsto por el código de procedimiento Civil. d). Jurisdicción Arbitral: Agotadas las instancias anteriores, si la cuantía de las pretensiones derivadas de la diferencia que surja entre las partes por la interpretación del presente contrato, su ejecución, cumplimiento, terminación o las consecuencias futuras del mismo, se llevará el conflicto a la decisión de un Tribunal de Arbitramento Institucional cuyo domicilio será la ciudad de Bogotá D.C., el Tribunal estará integrado por un (1) árbitro que será designado conjuntamente por las partes dentro de los quince (15) días hábiles siguientes al envío de la comunicación por correo certificado que una de ellas le haga llegar a la otra solicitando la conformación del Tribunal; en caso de desacuerdo o falta de respuesta de la parte requerida, la otra parte podrá solicitar la designación y conformación del Tribunal al centro de Arbitraje y Conciliación de la Cámara de Comercio de la ciudad de Bogotá D.C.. El Tribunal así conformado funcionará en la ciudad de Bogotá D.C. y el laudo deberá proferirse en derecho, sujetándose en un todo al Decreto 2279 de 1.989, la ley 23 de 1.991, a la Ley 1437 de 2011, sus decretos reglamentarios y demás normas que regulan esta figura judicial. Esta última sujeta a lo dispuesto en Directiva Presidencial 04 del 18 de mayo de 2018.
B91: LIQUIDACIÓN A PRORRATA EN CASO DE CANCELACIÓN DE LA PÓLIZA POR PARTE DEL ASEGURADO | E91: Bajo esta cláusula la aseguradora debe aceptar que en caso de cancelación de la póliza por parte del asegurado, la devolución de las primas respectivas se realizará a prorrata.
B92: CONDICIONES DE RENOVACIÓN Y/O PRORROGA DE LA PÓLIZA | E92: En caso de que el asegurado decida renovar y/o prorrogar la póliza, la aseguradora se obliga a mantener los términos contratados con las mismas tasas y condiciones de la póliza inicial, siempre y cuando la siniestralidad de la póliza no sea mayor al 70%, en el caso que la siniestralidad supere el 70% la aseguradora acordará con el asegurado las condiciones en que se otorgará las condiciones de renovación. La aseguradora se obliga a entregar en cualquiera de las situaciones de resultado de siniestralidad, las condiciones con una antelación de noventa (90) días antes del vencimiento de la póliza.
B93: CLÁUSULA DE NO ACEPTACIÓN DE COASEGURO | E93: En el evento en el que el contrato de seguro sea celebrado a través de una figura asociativa, la misma se celebrará bajo alguna de las modalidades previstas en el artículo 7º del Estatuto General de Contratación de la Administración Pública – EGCP (Unión temporal, consorcio, entre otros). Adicionalmente, no serán aceptados los contratos de seguros estructurados por dos o más Compañías de seguros, en calidad de coaseguradores, y toda disposición que se realice con esta referencia (coaseguro), se entenderá por no escrita.
B94: CLÁUSULA DE CONOCIMIENTO POR LOS MIEMBROS DE LA FIGURA ASOCIATIVA | E94: Esta cláusula será aplicada cuando se presente la asociación de dos o más Aseguradoras, sin importar la figura utilizada para tal fin. Las Compañías de Seguros que actúan como integrantes de cualquier figura asociativa (consorcio, unión temporal, etc.) dentro del presente contrato de seguro, conocen y aceptan: i) las condiciones generales y particulares de la póliza, ii) Cualquier anexo y/o certificado que sobre la póliza inicial emita la Compañía líder de la figura asociativa. En igual sentido, declaran que cualquier reclamación, notificación, requerimiento o comunicación formulada por el asegurado o por un tercero a la compañía líder o cualquiera de sus integrantes, se entiende automáticamente formulada ante todos los integrantes de la figura asociativa establecida para tal fin.
B95: CLÁUSULA DE SOLIDARIDAD ENTRE LOS MIEMBROS DE LA FIGURA ASOCIATIVA | E95: En caso de figuras asociativas se considera lo contemplado en el parágrafo 2 del artículo 7 de la Ley 80 de 1993, el cual indica “En los casos en que se conformen sociedades bajo cualquiera de las modalidades previstas en la ley con el único objeto de presentar una propuesta, celebrar y ejecutar un contrato estatal, la responsabilidad y sus efectos se regirá por las disposiciones previstas en esta ley para los consorcios.”, por tanto, frente a la contratación estatal queda entendido que existirá la solidaridad en el cumplimiento del contrato de seguros y las obligaciones derivadas del mismo.
B96: CLÁUSULA IDENTIFICACIÓN DE LA FIGURA ASOCIATIVA EN LA PÓLIZA | E96: En el evento que el contrato se seguro sea celebrado a través alguna figura asociativa (consorcio, unión temporal, etc.) compuesta por dos o más compañías de seguros, en virtud del artículo 1047 del Código de Comercio, en la póliza deberá incorporarse: (i) el nombre del contratista (razón social de la figura asociativa establecida en su documento de conformación) y (ii) la razón social, número de identificación y porcentajes de participación de cada una de las aseguradoras integrantes de la figura asociativa.
B97: CLÁUSULA DE CONDICIONES PARTICULARES | E97: Queda expresamente acordado y convenido, que la aseguradora acepta las condiciones obligatorias (mínimas técnicas) establecidas en este anexo, en los términos señalados en el mismo, por lo tanto, en caso de existir discrepancia ente los ofrecimientos contenidos en la propuesta técnica básica, frente a los textos de los ejemplares de las pólizas, a las condiciones generales, certificados, anexos o cualquier otro documento; prevalecerá la información y condiciones básicas técnicas establecidas de este anexo, de igual forma en caso de encontrarse contradicción en alguna condición prevalecerá la de mayor beneficio para el asegurado.
B98: DETERMINACIÓN DE CONDICIONES Y REQUISITOS PARA EL PAGO DE INDEMNIZACIONES | E98: La aseguradora manifiesta expresamente que acepta los requisitos y documentos contenidos en el ANEXO No. 11 REQUISITOS PARA EL PAGO DE LAS INDEMNIZACIONES, como únicos para la atención y pago de reclamaciones por siniestros. A futuro no podrá exigir documentos o trámites adicionales.
B99: 3.7. | C99: EXCLUSIÓN DE ENFERMEDADES TRANSMISIBLES O CONTAGIOSAS
B100: Este seguro no cubre cualquier reclamo de ninguna manera causado por o como resultado de: a) Enfermedad por coronavirus (COVID-19) b) Coronavirus 2 del síndrome respiratorio agudo severo (SARS-CoV-2) c) Cualquier mutación o variación de SARS-CoV-2; d) Cualquier otra enfermedad transmisible, epidemia o pandemia e) Cualquier temor o amenaza de a), b), c) ó d) anteriores f) La interrupción de negocios y/o pérdidas financieras sufridas por la Entidad al no poder desarrollar la actividad para la cual fue creada como consecuencia de a), b), c), d) y e) anteriores.
B101: “OFAC: El Asegurador no será responsable de proporcionar cobertura o hacer algún pago si el realizarlo pudiera ser considerado como una violación de alguna de las leyes o regulaciones de Sanciones Económicas, que expondría al Asegurador, su casa matriz o su entidad controladora a una sanción estipulada bajo estas leyes o regulaciones
B102: 3.8. | C102: COBERTURAS, AMPAROS Y BIENES SIN APLICACIÓN DE DEDUCIBLES EN FORMA OBLIGATORIA
B103: La Entidad, requiere oferta de cobertura SIN APLICACIÓN DE DEDUCIBLE, para los bienes y/o amparos y/o eventos, señalados a continuación y por lo tanto el proponente con la firma del FORMATO No. 2 - CARTA DE ACEPTACIÓN DE LAS CONDICIONES OBLIGATORIAS (MÍNIMAS TÉCNICAS), admite estas condiciones.
B104: • Gastos Médicos sin aplicación de deducibe.
B105: Teniendo en cuenta que esta póliza no contempla deducibles por tanto este factor no será objeto de evaluación, razón por la cual el puntaje de esta aspecto será sumado al puntaje establecido para la evaluación del factor económico de MAYOR VIGENCIA
B106: 3.9. | C106: COMISIÓN MÍNIMA ACEPTABLE.
B107: En virtud de lo expuesto en el artículo 1341 del Código de Comercio el Corredor tendrá derecho a la comisión de intermediación, la cual será pagada por la Compañía de Seguros. La comisión mínima no deberá ser inferior al 10,0% el valor de la prima neta antes de IVA que es la actualmente contratada y no involucra en ningún aspecto a la Entidad. Se aclara que este comisión no es limitante para la aceptación de las condiciones técnicas básicas obligatorias del presente anexo, ya que no no constituye un aspecto técnico de la póliza a contratar.
...

Sheet 4. COND. BÁSICAS TRANSP. MCIAS.
B3: ='1. COND. BÁSICAS TRDM'!B3 -> AGENCIA NACIONAL DEL ESPECTRO - ANE
B4: Anexo No 1 Condiciones Técnicas Básicas oblgatorias
B5: GRUPO No. 1
B7: 4. PÓLIZA DE TRANSPORTE DE MERCANCÍAS
B8: 4.1. | C8: INFORMACIÓN GENERAL
B9: TOMADOR: | C9: =B3 -> AGENCIA NACIONAL DEL ESPECTRO - ANE | F9: NIT. | G9: =+'1. COND. BÁSICAS TRDM'!G9 -> 900.334.265-3
B10: ASEGURADO: | C10: =+C9 -> AGENCIA NACIONAL DEL ESPECTRO - ANE | F10: NIT. | G10: =+G9 -> 900.334.265-3
B11: BENEFICIARIO: | C11: =+C9 -> AGENCIA NACIONAL DEL ESPECTRO - ANE | F11: NIT. | G11: =+G10 -> 900.334.265-3
B12: 4.2 | C12: OBJETO DEL SEGURO
B13: Amparar las pérdidas y los daños materiales causados como consecuencia de los eventos que constituyen los amparos mencionados, en el transporte de cualquier tipo de mercancías nuevas y usadas incluida maquinaría, por cualquier medio de transporte, de los bienes de su propiedad, bajo tenencia, responsabilidad y/o control; propios del giro normal de las actividades de la (AGENCIA NACIONAL DEL ESPECTRO - ANE)
B14: 4.3. | C14: LÍMITE ASEGURADO POR DESPACHO | F14: 2000000000
B15: 4.3.1. | C15: Presupuesto anual de movilización | F15: 4000000000
B16: 4.4. | C16: TRAYECTOS ASEGURADOS
B17: Importaciones, Exportaciones y Reexportaciones: Desde cualquier lugar del mundo, hasta su destino final en Colombia y viceversa, bodega a bodega. Despachos Nacionales: Desde y hasta cualquier ciudad en el territorio nacional. Despachos Urbanos: Desde cualquier parte de la ciudad hasta su destino final en la misma.
B18: 4.4.1. | C18: Medios de Transporte y alcance de la cobertura
B19: Cualquier vehículo propio, de terceros o de firma especializada, ya sea terrestre, ferreo, aéreo, charter, marítimo y fluvial (incluso para las maritimas y fluviales que no se encuentren clasificadas por las autoridades competentes), y cualquier otro que el asegurado deba utilizar para el transporte de los bienes objeto de este seguro, aclarando que la póliza cubre todo tipo de medio de movilización sin excepción y sin restricción de edad de los vehículos ni de horarios para la movilización, incluido los bienes transportados en vehículos arrendados, de funcionarios o contratistas de la entidad o de terceros.
B20: 4.5. | C20: SISTEMA DE COBRO DE PRIMA
B21: La aseguradora acepta como sistema de cobro un único anual (o con base en las vigencias contratadas y con pago por vigencia fiscal) sobre el valor del presupuesto anual indicado sin reportes y sin ajuste al final de la vigencia. Procedimiento para reporte de movilizaciones: Se ampara cualquier despacho hasta el límite asegurado sin que se requiera suministro de relaciones periodicas de despachos y efectuando el cobro de una prima única por toda la vigencia de la póliza. Por tanto, la aseguradora no dará aplicación a la cláusula de falta de avisos o aplicaciones a la presente póliza, manteniendo de esta forma la cobertura durante la vigencia estipulada en la carátula de la póliza.
B22: NOTA: | C22: CADA SUBLÍMITE O GASTOS INDICADOS ESTAN CONTEMPLADOS DENTRO DEL LÍMITE ASEGURADO.
B23: 4.6. | C23: BASE PARA LA DETERMINACIÓN Y APLICACIÓN DEL CONCEPTO SUBLÍMITE / VIGENCIA / AGREGADO ANUAL
B24: Para la totalidad de Coberturas y/o condiciones básicas sublímitadas, queda expresamente aceptado por parte de los proponentes que, en concordancia con la vigencia de la póliza que se adjudique, cada Sublímite operará así:
B25: - Si la vigencia es igual o mayor a doce (12) meses: Sublímite indicado Evento /Agregado Anual.
B26: En caso de discrepancia en alguna cobertura o cláusula básicas con relación al concepto de aplicación del sublímite / vigencia / agregado anual, frente a la vigencia ofertada, prevalece el establecido en este numeral con relación al plazo de la condición ofertada.
B27: 4.7. | C27: AMPAROS BÁSICOS
B28: COBERTURA COMPLETA, INCLUYENDO:
B29: PÉRDIDA TOTAL Y/O DAÑOS MATERIALES | E29: La aseguradora se compromete a indemnizar la pérdida o daño material de los bienes producida por cualquier riesgo no expresamente excluido, siempre que se produzca con ocasión de su transporte, incluidas las operaciones de cargue, trasiego, trasbordo, descargue o desenvasado y permanencias. Así mismo, esta cobertura incluye los amparos de incendio y/o rayo, vientos fuertes, caída a abismos, hundimiento, colisión, volcamiento, inundaciones, fallas mecánicas imprevistas, combustión espontánea, desbarrancamiento, explosión, derrames accidentales imprevistos y repentinos, caídas accidentales de mercancías, caída de aeronaves u otros objetos que se desprendan de ella u otros objetos aéreos, encallamiento, guerra internacional, maremoto, tsunami, mar de leva, marea alta, iceberg, tempestades, huracanes, vientos fuertes en general, nevadas, ciclón, granizo, deslizamiento de tierra, avalanchas, fallas geológicas, terremoto, temblor y/o erupción volcánica, asentamientos, inconsistencias del suelo o cualquier otra convulsión de la naturaleza, colisión por culpa concurrente y aquellos estipulados en la carátula de la póliza y/o sus condiciones particulares.
B30: FALTA DE ENTREGA | E30: Esta cobertura incluye los amparos de hurto calificado, asonada, motín, conmoción civil o popular, y huelga, actos malintencionados de terceros incluidos actos de piratería y terrorismo, guerra internacional, guerra civil, rebelión, insurrección, acto hostil de un poder beligerante o contra dicho poder, aprehensión, minas, torpedos, bombas u otros artefactos de guerra abandonado y aquellos estipulados en la carátula de la póliza y/o sus condiciones particulares.
B31: AVERÍA PARTICULAR | E31: La aseguradora se compromete a indemnizar los daños ocurridos a la mercancía como consecuencia de descargue forzoso, avería sin accidente del medio de transporte, en general daños por la movilización de los bienes y aquellos estipulados en la carátula de la póliza y/o sus condiciones particulares.
B32: SAQUEO | E32: La aseguradora se compromete a indemnizar las pérdidas de la mercancía ocasionadas por el extravio o el hurto de las mercancías transportadas.
B33: HUELGA ( ASONADA, MOTIN, CONMOCIÓN CIVIL O POPULAR, ACTOS MAL INTENCIONADOS DE TERCEROS, INCLUIDOS ACTOS TERRORISTAS Y DE MOVIMIENTOS SUBVERSIVOS) | E33: La aseguradora se compromete a indemnizar las pérdidas de la mercancías como consecuncia de la Huelga y definida como la Asonada, motín, conmoción civil o popular, actos mal intencionados de terceros, inlcuidos los actos terroristas y de movimientos subversivos.
B34: OPERACIONES DE CARGUE Y DESCARGUE | E34: La aseguradora se compromete a indemnizar las pérdidas de la mercancía ocasionadas en el cargue o descargue de las mismas.
B35: ACTOS DE AUTORIDAD | E35: La póliza se extiende a cubrir los daños o pérdidas materiales de los bienes asegurados, causados directamente por la acción de la autoridad legalmente constituida, ejercida con el fin de disminuir o aminorar las consecuencias de cualquiera de los riesgos amparados. Se excluye el embargo y la confiscación de bienes.
B36: 4.8. | C36: CLÁUSULAS BÁSICAS
B37: REVOCACIÓN DE LA PÓLIZA, CLÁUSULAS O CONDICIONES. Con Termino de Noventa (90) días y para AMIT, AMCCOPH, Terrorismo y Sabotaje diez (10) días. | E37: La aseguradora podrá revocar la póliza, cláusulas o condiciones unilateralmente por la compañía, mediante noticia escrita enviada al asegurado, a su última dirección registrada, con no menos de noventa (90) días y para AMIT Y AMCCOPH diez (10) días, de antelación; contados a partir de la fecha del envío. El asegurado podra pedir la revocación en cualquier momento, según lo previsto en el Código de Comercio. Así mismo, en el caso de que la aseguradora decida no otorgar renovación o prorroga del contrato de seguro, excepto para AMIT, AMCCOPH, Terrorismo y Sabotaje, deberá dar aviso de ello al asegurado con no menos de noventa (90) días de antelación a la fecha de vencimiento de la póliza, en caso contrario se dará por entendido que la aseguradora acepta la renovación o prorroga hasta el límite legal establecido en la Ley 80 de 1993, para la adición de los contratos y manteniendo las mismas condiciones ofertadas en este proceso de aseguradoras.
B38: ERRORES, OMISIONES O INEXACTITUDES | E38: El tomador está obligado a declarar sinceramente los hechos y circunstancias que determinen el estado del riesgo. La inexactitud sobre hechos o circunstancias que, conocidas por la compañía, la hubieren retraído de celebrar el contrato o inducido a estipular condiciones más onerosas, produce la nulidad relativa del seguro. Sin embargo, si se incurriere en errores, omisiones e inexactitudes inculpables al tomador o al asegurado, el contrato no será nulo ni habrá lugar a la aplicación del inciso tercero del artículo 1058 del Código de Comercio sobre reducción porcentual de la prestación asegurada. En este caso se deberá pagar la prima adecuada al verdadero estado del riesgo.
B39: AMPLIACIÓN AVISO DEL SINIESTRO Con termino de noventa (90) días. | E39: Queda convenido y aceptado que el asegurado podrá dar aviso de la ocurrencia del siniestro en un término de noventa (90), siguientes a la fecha en que haya conocido o debido conocer la ocurrencia del mismo.
B40: DESIGNACIÓN O DENOMINACIÓN DE BIENES | E40: La aseguradora acepta el título, nombre, denominación o nomenclatura con que el asegurado identifica o describe los bienes asegurados en sus registros o libros de comercio o contabilidad.
B41: CONOCIMIENTO DEL RIESGO | E41: La aseguradora acepta mediante la presente cláusula que la Entidad, le ha brindado la oportunidad para realizar la inspección de los bienes y riesgos a que están sujetos los mismos y el patrimonio del Asegurado, razón por la cual se deja constancia del conocimiento y aceptación de los hechos, circunstancias y, en general, condiciones de los mismos. La compañía se reserva el derecho de llevar a cabo la inspección cuantas veces lo juzgue pertinente.
A42: 1 | B42: ANTICIPO DE INDEMNIZACIÓN DEL 70% Se califica en Condiciones Adicionales (Formato No. 3) el aumento del porcentaje ofrecido. | E42: Queda expresamente acordado que, a petición escrita de la Entidad, la aseguradora anticipará pagos parciales sobre el valor de cualquier reclamo, con base en el valor de la estimación preliminar de la pérdida aceptada por el ajustador, para adelantar la reparación, reposición o remplazo de los bienes asegurados. En el caso de que no haya nombramiento de ajustador, el anticipo se liquidará con base en la valoración de la cuantía de la pérdida amparada, acreditada por la entidad mediante cotización de la misma. Este anticipo también se extiende a cualquier tipo de gastos que se requiera para la operatividad de la póliza. En caso que el anticipo o suma de anticipos que la compañía adelante al asegurado llegare a exceder la suma total indemnizable a que tenga derecho, éste se compromete a devolver el exceso pagado. Para esta cláusula la aseguradora debe contemplar un plazo máximo para el pago del anticipo de diez (10) días hábiles contados a partir de la fecha de solicitud y formalización del mismo este y no se acepta el requerimiento de ningún requisito adicional para realizar el anticipo.
B43: MODIFICACIONES A FAVOR DEL ASEGURADO | E43: Los cambios o modificaciones a las condiciones de la presente póliza, serán acordados mutuamente entre la compañía y el asegurado. El certificado, documento o comunicaciones que se expidan para formalizarlos debe ser firmado, en señal de aceptación, por un representante legal del asegurado o funcionario autorizado, prevaleciendo sobre las condiciones de esta póliza. No obstante, si durante la vigencia de la póliza se presentan modificaciones en las condiciones del seguro, legalmente aprobadas que representen un beneficio a favor del asegurado, tales modificaciones se consideran automáticamente incorporadas. Siempre y cuando no causen cobro de prima adicional.
B44: NOMBRAMIENTO Y DESIGNACIÓN DE AJUSTADORES | E44: El nombramiento de ajustadores deberá efectuarse de común acuerdo entre la aseguradora y el asegurado, para lo cual la aseguradora presentará para cada reclamo una relación de cinco (5) firmas ajustadoras. No obstante la anterior condición, el asegurador con su propuesta se obliga a presentar la lista de todos sus ajustadores y la Entidad se reserva el derecho de nombrar al ajustador que considere más adecuado o solicitar el cambio de los mismos en caso de que no fueren de su entera satisfacción, sin que para ello se requiera motivación alguna.
B45: VARIACIONES DEL RIESGO | E45: Queda entendido, convenido y aceptado que las notificaciones que sobre los hechos o circunstancias no previsibles que sobrevengan con posterioridad a la celebración del contrato de seguro y que, conforme al criterio consignado en el inciso 1° del artículo 1058 del código de comercio, signifiquen agravación del riesgo, se efectuarán por la Entidad dentro de los noventa (90) días siguientes a la fecha de modificación del riesgo.
B46: NO CONCURRENCIA DE AMPAROS, CLÁUSULAS O CONDICIONES | E46: Queda entendido, convenido y aceptado, que si dos o más amparos, cláusulas o condiciones otorgan cobertura a un mismo evento, se indemnizará con base en aquella que ofrezca mayor protección para los intereses del asegurado. De igual manera prevalecerán los amparos, cláusulas o condiciones que otorguen coberturas sobre aquellos que las excluyan. En todo caso y ante cualquier discrepancia sobre cuál es el amparo, cláusula o condición aplicable a un caso determinado, se aplicara aquella o aquellas que en conjunto determine el asegurado de acuerdo a su conveniencia.
B47: NO APLICACIÓN DE GARANTÍAS | E47: Queda expresamente acordado y aceptado que la cobertura otorgada bajo la presente póliza no queda sujeta al cumplimiento de ningún tipo de garantía por parte de la entidad asegurada.
B48: DESPACHOS SOBRESALIENTES | E48: Para los casos en que el asegurado transporte límites por despacho, superiores a los establecidos, la aseguradora siempre responderá hasta los límites asegurados por despacho según sea el caso, sin aplicación de infraseguro.
B49: DECLARACIÓN AL TRANSPORTADOR | E49: La Aseguradora acepta la no declaración de valor a la transportadora terrestre, pero en ningún caso la declaración de un valor diferente al valor costo. Para la liquidación del siniestro se reconocerá la pérdida al 100% según el valor costo del producto transportado, menos el deducible pactado, mas el lucro cesante.
B50: EMBALAJE DE MERCANCÍAS | E50: Queda entendido, convenido y aceptado que con la introducción de esta cláusula dentro de la póliza, la Compañía de Seguros ampara la pérdida o daño material que sufran los bienes transportados, sin exigir por parte del asegurado o del transportador un embalaje especial o determinado, motivo por el cual se elimina la garantía que al respecto señalan las condiciones generales de la póliza.
B51: PAGO DE LA INDEMNIZACIÓN | E51: La indemnización será pagadera en dinero, o mediante el reemplazo, la reposición, la reparación o la reconstrucción de la cosa asegurada, a opción del asegurado. Cuando la opción escogida por el asegurado sea el pago en dinero, el giro del mismo se efectuará al asegurado y/o a los contratistas y/o a los proveedores de bienes o servicios que designe el asegurado. Si la opción escogida es el reemplazo, la reposición, la reparación o la reconstrucción de la cosa asegurada, la aseguradora efectuará y/o celebrará todos los trámites y/o negocios necesarios para realizar la indemnización a través del reemplazo, la reposición, la reparación o la reconstrucción escogida por el asegurado, hasta el límite de su responsabilidad. En las facturas o contratos que se deriven de esta opción, la aseguradora figurará como comprador y/o contratante, salvo que el asegurado solicite lo contrario. Si el asegurado opta por el pago directo en dinero, la aseguradora no podrá realizar ningún descuento por concepto del Impuesto al Valor Agregado (IVA).
B52: COMPROMISO PARA EL PAGO DE LAS INDEMNIZACIONES Plazo de tres (3) días hábiles. Se califica en Condiciones Adicionales (Formato No. 3) la reducción del término para el pago de las indemnizaciones. | E52: Bajo esta condición la aseguradora se compromete al pago de la indemnización dentro del plazo establecido, una vez el asegurado demuestre ocurrencia y cuantía.
B53: PLAZO PARA LA ACEPTACIÓN DE LIQUIDACIÓN, ENVÍO DE LOS DOCUMENTOS PARA FIRMA POR PARTE DEL ORDENADOR DEL GASTO Y/O REPRESENTANTE LEGAL Y PAGO POR PARTE DE LA ASEGURADORA. | E53: Mediante esta condición, queda expresamente acordado que la aseguradora se pronunciará sobre las cotizaciones presentadas por el asegurado, para las reposiciones y/o reparaciones y/o consignaciones a que haya lugar ante el Tesoro Nacional o Tesorería Distrital o el ente que haga sus veces (incluidos los impuestos, gravámenes u otros legalmente establecidos); a la menor brevedad posible y máximo dentro de los diez (10) días hábiles siguientes al recibo de la documentación que acredite los mismos. En caso contrario, se entenderán como aceptadas por parte de la Aseguradora la(s) cotización(es) presentada(s) por la Entidad asegurada, dando lugar a que, por parte de la Entidad se presenten los documentos del proveedor para su respectivo pago dentro del tiempo estipulado. Este mismo periodo de tiempo aplica para la solicitud de reconsideraciones.
B54: NO APLICACIÓN DE RESTRICCIONES EN HORARIOS DE TRANSPORTE. | E54: Bajo esta condición la aseguradora queda expresamente acordado la no aplicación de restricciones en los horarios de transporte de las mercancías.
... B74: CLÁUSULA DE JURISDICCIÓN Y SOLUCIÓN DE CONTROVERSIAS | E74: Toda y cualquier diferencia que surja entre las partes por la interpretación del presente contrato, su ejecución, cumplimiento, terminación o las consecuencias futuras del mismo, será dirimida bajo la jurisdicción y legislación de la República de Colombia. Las diferencias y controversias que surjan se solucionarán con sujeción a las siguientes instancias que se agotarán de forma sucesiva o a elección de las partes, así:
E75: a). Arreglo Directo: Las partes tratarán de resolver sus diferencias de forma directa y entre ellas mismas dentro del plazo de quince (15) días contados a partir de la notificación escrita en que cualquiera de ellas informe a la otra de un conflicto o controversia originado en el contrato. b). Conciliación: Agotado el plazo anterior sin que las partes lograsen un acuerdo por si mismas, acudirán a la asistencia de un conciliador legalmente autorizado que se designará y actuará según los parámetros establecidos por la Ley 2220 de 2022 y el Decreto 1818 del 2018, en caso de lograrse la conciliación la misma producirá efectos de cosa juzgada entre las partes, en caso contrario agotará el requisito de procedibilidad para acudir a la jurisdicción ordinaria o arbitral según corresponda, de acuerdo con los literales c) y d) de la presente cláusula.
E76: c). Jurisdicción Ordinaria: Agotadas las instancias anteriores, si la cuantía de las pretensiones derivadas de la diferencia que surja entre las partes por la interpretación del presente contrato, su ejecución, cumplimiento, terminación o las consecuencias futuras del mismo, no excediere de 220 SMMLV las partes sujetarán su controversia a la decisión del juez de instancia que corresponda según la cuantía y competencia en arreglo a lo previsto por el código de procedimiento Civil. d). Jurisdicción Arbitral: Agotadas las instancias anteriores, si la cuantía de las pretensiones derivadas de la diferencia que surja entre las partes por la interpretación del presente contrato, su ejecución, cumplimiento, terminación o las consecuencias futuras del mismo, se llevará el conflicto a la decisión de un Tribunal de Arbitramento Institucional cuyo domicilio será la ciudad de Bogotá D.C., el Tribunal estará integrado por un (1) árbitro que será designado conjuntamente por las partes dentro de los quince (15) días hábiles siguientes al envío de la comunicación por correo certificado que una de ellas le haga llegar a la otra solicitando la conformación del Tribunal; en caso de desacuerdo o falta de respuesta de la parte requerida, la otra parte podrá solicitar la designación y conformación del Tribunal al centro de Arbitraje y Conciliación de la Cámara de Comercio de la ciudad de Bogotá D.C.. El Tribunal así conformado funcionará en la ciudad de Bogotá D.C. y el laudo deberá proferirse en derecho, sujetándose en un todo al Decreto 2279 de 1.989, la ley 23 de 1.991, a la Ley 1437 de 2011, sus decretos reglamentarios y demás normas que regulan esta figura judicial. Esta última sujeta a lo dispuesto en Directiva Presidencial 04 del 18 de mayo de 2018.
B77: LIQUIDACIÓN A PRORRATA EN CASO DE CANCELACIÓN DE LA PÓLIZA POR PARTE DEL ASEGURADO | E77: Bajo esta cláusula la aseguradora debe aceptar que en caso de cancelación de la póliza por parte del asegurado, la devolución de las primas respectivas se realizará a prorrata.
B78: CONDICIONES DE RENOVACIÓN Y/O PRORROGA DE LA PÓLIZA | E78: En caso de que el asegurado decida renovar y/o prorrogar la póliza, la aseguradora se obliga a mantener los términos contratados con las mismas tasas y condiciones de la póliza inicial, siempre y cuando la siniestralidad de la póliza no sea mayor al 70%, en el caso que la siniestralidad supere el 70% la aseguradora acordará con el asegurado las condiciones en que se otorgará las condiciones de renovación. La aseguradora se obliga a entregar en cualquiera de las situaciones de resultado de siniestralidad, las condiciones con una antelación de noventa (90) días antes del vencimiento de la póliza.
B79: CLÁUSULA DE NO ACEPTACIÓN DE COASEGURO | E79: En el evento en el que el contrato de seguro sea celebrado a través de una figura asociativa, la misma se celebrará bajo alguna de las modalidades previstas en el artículo 7º del Estatuto General de Contratación de la Administración Pública – EGCP (Unión temporal, consorcio, entre otros). Adicionalmente, no serán aceptados los contratos de seguros estructurados por dos o más Compañías de seguros, en calidad de coaseguradores, y toda disposición que se realice con esta referencia (coaseguro), se entenderá por no escrita.
B80: CLÁUSULA DE CONOCIMIENTO POR LOS MIEMBROS DE LA FIGURA ASOCIATIVA | E80: Esta cláusula será aplicada cuando se presente la asociación de dos o más Aseguradoras, sin importar la figura utilizada para tal fin. Las Compañías de Seguros que actúan como integrantes de cualquier figura asociativa (consorcio, unión temporal, etc.) dentro del presente contrato de seguro, conocen y aceptan: i) las condiciones generales y particulares de la póliza, ii) Cualquier anexo y/o certificado que sobre la póliza inicial emita la Compañía líder de la figura asociativa. En igual sentido, declaran que cualquier reclamación, notificación, requerimiento o comunicación formulada por el asegurado o por un tercero a la compañía líder o cualquiera de sus integrantes, se entiende automáticamente formulada ante todos los integrantes de la figura asociativa establecida para tal fin.
B81: CLÁUSULA DE SOLIDARIDAD ENTRE LOS MIEMBROS DE LA FIGURA ASOCIATIVA | E81: En caso de figuras asociativas se considera lo contemplado en el parágrafo 2 del artículo 7 de la Ley 80 de 1993, el cual indica “En los casos en que se conformen sociedades bajo cualquiera de las modalidades previstas en la ley con el único objeto de presentar una propuesta, celebrar y ejecutar un contrato estatal, la responsabilidad y sus efectos se regirá por las disposiciones previstas en esta ley para los consorcios.”, por tanto, frente a la contratación estatal queda entendido que existirá la solidaridad en el cumplimiento del contrato de seguros y las obligaciones derivadas del mismo.
B82: CLÁUSULA IDENTIFICACIÓN DE LA FIGURA ASOCIATIVA EN LA PÓLIZA | E82: En el evento que el contrato se seguro sea celebrado a través alguna figura asociativa (consorcio, unión temporal, etc.) compuesta por dos o más compañías de seguros, en virtud del artículo 1047 del Código de Comercio, en la póliza deberá incorporarse: (i) el nombre del contratista (razón social de la figura asociativa establecida en su documento de conformación) y (ii) la razón social, número de identificación y porcentajes de participación de cada una de las aseguradoras integrantes de la figura asociativa.
B83: CLÁUSULA DE CONDICIONES PARTICULARES | E83: Queda expresamente acordado y convenido, que la aseguradora acepta las condiciones obligatorias (mínimas técnicas) establecidas en este anexo, en los términos señalados en el mismo, por lo tanto, en caso de existir discrepancia ente los ofrecimientos contenidos en la propuesta técnica básica, frente a los textos de los ejemplares de las pólizas, a las condiciones generales, certificados, anexos o cualquier otro documento; prevalecerá la información y condiciones básicas técnicas establecidas de este anexo, de igual forma en caso de encontrarse contradicción en alguna condición prevalecerá la de mayor beneficio para el asegurado.
B84: DETERMINACIÓN DE CONDICIONES Y REQUISITOS PARA EL PAGO DE INDEMNIZACIONES | E84: La aseguradora manifiesta expresamente que acepta los requisitos y documentos contenidos en el ANEXO No. 11 REQUISITOS PARA EL PAGO DE LAS INDEMNIZACIONES, como únicos para la atención y pago de reclamaciones por siniestros. A futuro no podrá exigir documentos o trámites adicionales.
B85: 4.8. | C85: EXCLUSIÓNES
B86: 4.8.1. EXCLUSIÓN ABSOLUTA DE ENFERMEDADES INFECCIOSAS O CONTAGIOSAS: Sin perjuicio de cualquier otra disposición en contrario, se aclara que este seguro no cubre ninguna reclamación, pérdida, responsabilidad, costo o gasto de cualquier naturaleza que surja directa o indirectamente de, contribuya o resulte de enfermedades, epidemias o pandemias, tales como el Coronavirus (COVID-19), enfermedad respiratoria aguda grave síndrome coronavirus 2 (SARS-CoV-2), o cualquier mutación o variación de los mismos. Esta exclusión también aplica a cualquier reclamo, pérdida, costo o gasto de cualquier naturaleza que surja directa o indirectamente de, en contribución a, o resultante de: 1) Cualquier temor o amenaza que surja en respuesta a una enfermedad infecciosa real o potencial; o 2) Cualquier acción tomada para controlar, prevenir, suprimir o de cualquier manera relacionada con cualquier brote de enfermedades infecciosas tales como coronavirus (COVID-19), coronavirus 2 por síndrome respiratorio agudo severo (SARS-CoV-2), cualquier mutación o variación de los mismos, o de cualquier otra enfermedad, epidemia o pandemia.
B87: 4.8.2. EXCLUSIÓN CLÁUSULA DE LIMITACIÓN DE SANCIONES: ningún asegurador ofrecerá cobertura ni será responsable por el pago de reclamos o proporcionará beneficios que deriven del presente contrato si la provisión de dicha cobertura, pago de dicho reclamo o provisión de dicho beneficio expusiera al asegurador a cualquier sanción, prohibición o restricción de acuerdo con las resoluciones de las Naciones Unidas o de las sanciones comerciales o económicas, leyes o regulaciones de la Unión Europea, Reino Unido, Francia, o Estados Unidos de América”. • Por medio de la presente cláusula, se aclara expresamente que quedan excluidos de cobertura aquellos los despachos o embarques con origen o destino en los siguientes países o regiones, puertos o aeropuertos ubicados en Crimea, incluido Sebastopol, Cuba, Irán, Siria, Corea del Norte, Bielorrusia, República Democrática del Congo, Somalia, Sudán del Sur, Sudán, Zimbabwe, Rusia, Ucrania.
B88: “OFAC: El Asegurador no será responsable de proporcionar cobertura o hacer algún pago si el realizarlo pudiera ser considerado como una violación de alguna de las leyes o regulaciones de Sanciones Económicas, que expondría al Asegurador, su casa matriz o su entidad controladora a una sanción estipulada bajo estas leyes o regulaciones
B89: 4.9. | C89: COBERTURAS, AMPAROS Y BIENES SIN APLICACIÓN DE DEDUCIBLES EN FORMA OBLIGATORIA
B90: La Entidad, requiere oferta de cobertura SIN APLICACIÓN DE DEDUCIBLE, para los bienes y/o amparos y/o eventos, señalados a continuación y por lo tanto el proponente con la firma del FORMATO No. 2 - CARTA DE ACEPTACIÓN DE LAS CONDICIONES OBLIGATORIAS (MÍNIMAS TÉCNICAS), admite estas condiciones.
B91: Teniendo en cuenta que esta póliza no contempla deducibles por tanto este factor no será objeto de evaluación, razón por la cual el puntaje de esta aspecto será sumado al puntaje establecido para la evaluación del factor económico de MAYOR VIGENCIA
B92: 4.10. | C92: COMISIÓN MÍNIMA ACEPTABLE.
B93: En virtud de lo expuesto en el artículo 1341 del Código de Comercio el Corredor tendrá derecho a la comisión de intermediación, la cual será pagada por la Compañía de Seguros. La comisión mínima no deberá ser inferior al 10,0% el valor de la prima neta antes de IVA que es la actualmente contratada y no involucra en ningún aspecto a la Entidad. Se aclara que este comisión no es limitante para la aceptación de las condiciones técnicas básicas obligatorias del presente anexo, ya que no no constituye un aspecto técnico de la póliza a contratar.
B94: By: Tiger | G94: =+'1. COND. BÁSICAS TRDM'!G208 -> VERSIÓN: MAYO 2026

Sheet 5. COND. BÁSICAS IRF
B4: =+'6. COND. BÁSICAS RCSP'!B3:H3 -> AGENCIA NACIONAL DEL ESPECTRO - ANE
B5: Anexo No 1 Condiciones Técnicas Básicas oblgatorias
B6: GRUPO No. 1
B8: 5. PÓLIZA DE INFIDELIDAD Y RIESGOS FINANCIEROS
B9: 5.1. | C9: INFORMACIÓN GENERAL
B10: TOMADOR: | C10: =+'6. COND. BÁSICAS RCSP'!$C$9:$F$9 -> AGENCIA NACIONAL DEL ESPECTRO - ANE | F10: NIT. | G10: =+'8. G 2 COND. BÁSICAS DRONES'!$G$10 -> 900.334.265-3
B11: ASEGURADO: | C11: =+C10 -> AGENCIA NACIONAL DEL ESPECTRO - ANE | F11: NIT. | G11: =+G10 -> 900.334.265-3
B12: BENEFICIARIO: | C12: =+C11 -> AGENCIA NACIONAL DEL ESPECTRO - ANE | F12: NIT. | G12: =+G10 -> 900.334.265-3
B13: 5.2. | C13: OBJETO DEL SEGURO
B14: Amparar al asegurado las pérdidas, gastos y daños como consecuencia de actos deshonestos o fraudulentos cometidos por empleados del asegurado, solos o en concurso con otros, o con terceros, con la intención manifiesta de hacer que el asegurado sufra dicha pérdida. Se extienen el objeto del seguro a amparar el patrimonio del asegurado por la pérdida o daños de bienes propios y no propios por los cuales el Asegurado sea responsable tales como dineros efectivo y dinero en todas sus formas y representaciones, títulos valores y cualquier documento y forma material o inmaterial de representación de dinero, como consecuencia de los riesgos a que está expuesto el Asegurado en el giro normal de su actividad social.
B15: 5.3. | C15: LÍMITE ASEGURADO EVENTO /AGREGADO VIGENCIA
A16: 1 | B16: Oferta Básica: Ver Anexo Formulario de Infideldad y Riesgos Financieros | E16: $700.000.000 evento / agregado vigencia
B17: NOTA: No se acepta la presentación de condiciones o subjetividades que establezcan condicionamiento para el otorgamiento o expedición de la póliza, tales como: sujeción a envío de información a satisfacción de suscriptores, confirmación de cambios materiales, estudio de riesgos dentro de la vigencia del seguro, entre otros; la propuesta que contenga este tipo de condiciones será objeto de rechazo para la presente póliza.
B18: 5.3.1. | C18: MODALIDAD DE COBERTURA: Los amparos otorgados, en la presente póliza, operan bajo la modalidad Descubrimiento
B19: 5.4. | C19: BASE PARA LA DETERMINACIÓN Y APLICACIÓN DEL CONCEPTO SUBLÍMITE / VIGENCIA / AGREGADO ANUAL
B20: Para la totalidad de Coberturas y/o condiciones básicas sublímitadas, queda expresamente aceptado por parte de los proponentes que, en concordancia con la vigencia de la póliza que se adjudique, cada Sublímite operará así:
B21: - Si la vigencia es igual o mayor a doce (12) meses: Sublímite indicado Evento /Agregado Anual.
B22: En caso de discrepancia en alguna cobertura o cláusula básicas con relación al concepto de aplicación del sublímite / vigencia / agregado anual, frente a la vigencia ofertada, prevalece el establecido en este numeral con relación al plazo de la condición ofertada.
B23: 5.5. | C23: COBERTURAS BÁSICAS (Se precisa que las condiciones, coberturas y cláusulas de esta póliza aplican para las pérdidas derivadas de infidelidad de empleados, solos o en concurso con otros, o con terceros, con la intención manifiesta de hacer que el asegurado sufra dicha pérdida.)
B24: Clausulado DHP-84. Se eliminan las Condiciones Precedentes a Responsabilidad del Clausulado DHP84 y se modifican por exclusiones.
B25: INFIDELIDAD | E25: Actos deshonestos o fraudulentos de los empleados públicos y trabajadores (Texto DHP-84), con cambios en la cláusula de Infidelidad por KFA81.
B26: PREDIOS DHP84 | E26: Como consecuencia de la pérdida de cualquier propiedad bien sea por hurto, sustracción, medios fraudulentos o desaparición misteriosa e inexplicable, o que sea dañada, destruida o extraviada, de cualquier manera, o sea causado por cualquier persona o personas mientras tal propiedad se encuentra dentro de cualquier predio, situado en cualquier lugar, incluyendo tráiler, móviles y/o predios similares usados temporalmente por el Asegurado para el manejo de su negocio, excepto mientras estén en el correo o con un transportador contratado, distinto de una compañía transportadora con vehículos blindados para su transporte. Como consecuencia de la pérdida de cualquiera de los bienes de la propiedad, definidos en la Sección Tercera Definiciones, literal C, en poder de cualquier cliente del Asegurado o de cualquier representante de dicho cliente, ya sea o no el Asegurado legalmente responsable de su pérdida. (i) por cualquier causa mientras tal propiedad se encuentre dentro de cualquiera de los predios del Asegurado, o
E27: (ii) mediante robo mientras dicho cliente o representante este tramitando negocios con el Asegurado en una ventanilla exterior, cajero automático u otra instalación similar proporcionada por el Asegurado para este fin, o mientras dicho cliente o representante se encuentre dentro de cualquier edificio, acceso, parqueadero o lugar similar mantenido por el Asegurado para conveniencia de tales clientes o representantes, siempre que su presencia en dichos predios sea con el propósito de hacer transacciones bancarias con el Asegurado, sujeto siempre a las disposiciones de la Condición 3, y excluyendo, en todos los casos, pérdidas causadas por tal cliente o representante. Como consecuencia de la pérdida o daño causado a los muebles y enseres, instalaciones, equipo (excepto computadores y su equipo periférico), papelería y elementos de oficina, suministros, enseres, o cajas de seguridad y bóvedas que se encuentren dentro de los predios del Asegurado, causados por robo, hurto, hurto calificado, atraco o cualquier intento, o por vandalismo o acto malintencionado, exceptuando siempre toda pérdida o daño causado por incendio; Como consecuencia de la pérdida por daño causado a los predios, o el interior de dichos predios, causados por robo, hurto, hurto calificado, atraco o cualquier intento, o por vandalismo o acto malintencionado. Previsto siempre y cuando el Asegurado sea el propietario de tales predios, muebles y enseres, instalaciones, equipo (excepto computadores y su equipo periférico), papelería y elementos de oficina, suministros, enseres, o cajas de seguridad y bóvedas que se encuentren dentro de los predios del Asegurado, causados por robo, hurto, hurto calificado, atraco o cualquier intento, o por vandalismo o acto malintencionado, exceptuando siempre toda pérdida o daño causado por incendio.
B28: TRÁNSITO DHP84 | E28: La aseguradora se compromete a indemnizar al asegurado las pérdidas directas causadas por la destrucción, la desaparición o hurto de dinero o títulos valores fuera de los predios, mientras que se encuentren transportados por el asegurado, un socio, un empleado, una compañía de transporte de valores, o por cualquier otra persona debidamente autorizada por el asegurado para tener custodia de ellos, o mientras se encuentren temporalmente en la residencia del asegurado, un socio, un empleado, o cualquier otra de tales personas, la cobertura bajo este amparo también incluirá la indemnización por las pérdida o daño de otras propiedades por hurto calificado o por un intento de ello fuera del predio, mientras que la propiedad esté siendo transportada.
B29: FALSIFICACIÓN O ADULTERACIÓN DHP 84 | E29: La presente póliza cubre pérdidas como consecuencia de falsificación o alteración de cheques, giros, letras de cambio, aceptaciones, órdenes de pago, certificados de depósito, cartas de crédito, garantías, giros postales, recibos para retiro de fondos y similares. Así mismo, la transferencia, pago o entrega de fondos, constitución de créditos, entrega de bienes asegurables con base en instrucciones escritas, telegráficas, cablegráficas o hechas por teletipo, dirigidas al asegurado, las cuales habiendo sido alteradas o siendo falsas, aparenten haber sido firmadas o endosadas por algún cliente del asegurado o por una institución bancaria sin consentimiento de estos.
E30: Como consecuencia de la transferencia, pago o entrega de cualquiera fondos o bienes, la constitución de cualquier crédito, la entrega de cualquier bien asegurable, confiando en cualquier instrucción escrita o aviso dirigido al Asegurado y autorizando o reconociendo tal transferencia, pago entrega o recibo de fondos o bienes, cuyas instrucciones o avisos aparentan haber sido firmados o endosados por cualquier cliente del Asegurado o por cualquier otra institución bancario pero que dichas instrucciones o avisos ya sea que lleven la firma o el endoso falsificado o hayan sido alterados sin conocimiento y consentimiento de tal cliente o institución bancario. Las instrucciones o avisos como se menciona anteriormente, telegráficas, cablegráficas o por teletipo, enviadas por una persona diferente del cliente del Asegurado o institución bancario aparentando como que han enviado tales instrucciones o avisos serán consideradas como firmas falsificada. También, como consecuencia del pago por parte del Asegurado de cualquier pagaré, pagadero en cualquier oficina del Asegurado el cual pruebe que lleva un endoso falsificado. Queda convenido que cualquier cheque o giro pagadero a un beneficiario ficticio y endosado a nombre del mismo o efectuado en una transacción cara a cara con el creador o girador de este o cualquiera suplantando a otro, pagadero a aquel suplantado y endosado por cualquier persona diferente del suplantado, será considerado como un endoso falsificado. Las firmas facsímiles mecánicamente reproducidas serán consideradas como firmas manuscritas.
B31: FALSIFICACIÓN EXTENDIDA | E31: Mediante la presente cobertura, el amparo de falsificación se extiende a cubrir las pérdidas ocurridas por compra, adquisición, aceptación, recibo, venta, envío u otorgamiento de algún valor, concesión de crédito, asunción de alguna obligación o en general actuación de buena fe sobre cualquier título valor, documento y otro instrumento escrito, que haya sido falsificado o adulterado en cuanto a la firma de cualquier girador, librador, emisor, endosante, cedente, arrendatario, intermediario, aceptante o fiador, o que hubiese sido borrado, alterado, perdido o hurtado. Así mismo, la garantía otorgada por escrito sobre cualquier título o documento que transfiera o pretenda transferir un título.
B32: PÉRDIDA DE DERECHO DE SUSCRIPCIÓN DHP84 | E32: La presente póliza se extiende a cubrir cualquier pérdida de suscripción, conversión, redención o privilegios de depósito a causa de extravío o pérdida de valores dentro de cualquier predio donde estén ubicados y, mientras se encuentren en tránsito en cualquier lugar por cuenta del asegurado y bajo la vigilancia o custodia de cualquier empleado o transportador especializado, excepto cuando se encuentren en el correo en poder de un transportador contratado, salvo que se trate de una compañía transportadora que utilice vehículos blindados. El importe de la indemnización será el valor que tengan los mencionados privilegios con anterioridad inmediata a su vencimiento o, en caso de divergencia, según se determine por arbitramento o acuerdo.
B33: DEFINICIÓN DE EMPLEADO EXTENDIDA | E33: La aseguradora acepta que el termino empleado y/o trabajador y/o funcionario comprende a representantes legales, funcionarios y/o empleados del asegurado, vinculados a este mediante contrato de trabajo, orden de trabajo o mediante nombramiento por decreto o resolución. Igualmente, se entiende como empleado y/o trabajador y/o funcionario los trabajadores ocasionales, temporales o transitorios, y a quienes sin serlo realicen prácticas o investigaciones en sus dependencias, como estudiantes o visitantes especiales, con la previa y expresa autorización del asegurado. Así mismo todas aquellas personas naturales, contratistas y subcontratistas independientes y demás que requiera la entidad para su normal funcionamiento, que prestan sus servicios en el establecimiento del asegurado, fuera de este o en predios de terceros, bajo cualquier título o contrato y que trabajen o se desempeñen bajo instrucciones de la Entidad. Se precisa que se considera empleados todos los anteriores siempre y cuando realicen deberes de empleado y se encuentren bajo la supervisión y control del asegurado, extendida la definición a:
E34: 1) Uno o más oficinistas o empleados del asegurado, siempre y cuando estén bajo supervisión y control del asegurado. 2) Estudiantes invitados mientras estén prosiguiendo estudios o deberes en los predios del asegurado bajo su supervisión y control. 3) Contratistas o visitantes especiales expresamente autorizados por el Asegurado para estar en los predios del Asegurado y bajo su supervisión y control. 4) Empleados de seguridad, aseo y contratistas de mantenimiento, mientras dichos contratistas estén desarrollando servicios temporales para el Asegurado, digitadores y programadores externos, y todos los mencionados que esten bajo su supervisión y control y dentro de sus predios. 5) Personas suministradas por compañías especializadas, incluyendo firmas de outsourcing, para desarrollar trabajos propios del asegurado y bajo su supervisión y control del asegurado en cualquiera de las oficinas o predios del Asegurado cubiertos por esta póliza. 6) Cualquier persona o compañía empleada por el Asegurado para prestar servicios de procesamiento electrónico de datos, cheques u otros registros de contabilidad del Asegurado, siempre y cuando estén bajo supervisión del Asegurado y en predios del Asegurado. Los representantes legales están cubiertos, siempre y cuando éstos no sean accionistas del mismo.
B35: PÉRDIDA CAUSADAS POR EMPLEADOS O SERVIDORES NO IDENTIFICADOS | E35: La Aseguradora acuerda extender la cobertura de actos deshonestos o fraudulentos de los empleados así: si una pérdida pretende haber sido causada por fraude o deshonestidad de uno o más empleados y el asegurado no está en capacidad de identificar el o los empleados que causaron la pérdida, el asegurado obtendrá de todas maneras el beneficio de la cobertura de infidelidad, sujeto a las disposiciones de esta póliza, siempre y cuando las pruebas presentadas comprueben, más allá de la duda razonable, que la pérdida se debió a fraude o deshonestidad de uno o más de dichos empleados y además, a condición que la responsabilidad total de la compañía no exceda el límite de responsabilidad aplicable a esta condición. El asegurado debe comprobar que la pérdida de mercancías no es un error contable o de conteo físico de los inventarios.
B36: EXTENSIÓN DE EXTORSIÓN A PERSONAS | E36: Extensión de extorsión a personas, excluyendo el secuestro y propiedad de acuerdo con las disposiciones legales colombianas y excluyendo daños a oficinas y contenidos. Se excluyen pérdidas por pagos efectuados bajo amenaza de secuestro y/o rescates efectuados para liberar a personas secuestradas.
B37: PROTECCIÓN DE DEPÓSITOS BANCARIOS AL 100% DEL LÍMITE ASEGURADO | E37: Cubre las pérdidas de dinero que el asegurado tenga depositado en sus cuentas corrientes o de ahorro en entidades bancarias o financieras (incluidos sus respectivos intereses), que se deba a falsificación o adulteración de un cheque, letra de cambio, pagaré, carta de crédito o cualquier otra clase de título valor que el banco o entidad financiera presuma que ha sido firmado, endosado o avalado por el asegurado o por una persona que obre en su nombre o representación y que el banco o entidad financiera compruebe que no es responsable por dicho pago, incluyendo: a) Cualquier cheque o giro hecho o girado en nombre de la Entidad pagadero a una persona ficticia y endosado o pagado a nombre de dicha persona. b) Cualquier cheque o giro hecho o girado en transacción de la Entidad o por su representante a favor de un tercero y entregado al representante de éste que resultare endosado o cobrado por persona distinta de aquel a quien se giró. c) Cualquier cheque o giro con destino al pago de salarios que habiendo sido girado u ordenado por la Entidad, resultare endosado y cobrado por un tercero obrando supuestamente a nombre del girador, o de aquel a quien se debía hacer el pago. Esta cobertura aplica cuando se demuestra la participación de uno o más empleados del asegurado y que la entidad bancaria demuestre que no tiene ninguna responsabilidad.
B38: ANEXO DE REPOSICIÓN PARA DINEROS Y TÍTULOS VALORES | E38: En caso de pérdida o daño a títulos valores, como se define en la póliza resultante de cualquier accidente, incendio u otra causa cubierta bajo la presente, entonces la responsabilidad de la compañía bajo ésta cláusula estará limitada a los gastos razonables y/o costos incurridos por el asegurado en la reimpresión y/o obtención de reexpedición de los títulos valores perdidos y/o dañados. No obstante lo anterior, dichos títulos valores deberán previamente ser considerados totalmente destruidos o irremediablemente perdidos, ser subsecuentemente presentados por terceras partes y finalmente ser pagados por el expedidor, entonces la compañía de la presente indemnizarán al asegurado por el valor total de dichos títulos valores como fue pagado por el expedidor. Sujeto siempre a los términos, condiciones y exclusiones de la póliza como se especifica en la misma. Los demás términos, condiciones y/o excepciones no modificados por el presente anexo continúan vigentes.
B39: EXTENSIÓN DE DIRECTORES Miembros de la Junta Directiva, cuando sean funcionarios del asegurado. Texto HANC70 | E39: Se amparan lo Miembros de Junta Directiva mientras actúen en sus funciones ejecutivas y administrativas en las operaciones normales de la actividad del Asegurado. Según texto HANC 70 y/o cualquier otro texto que contenga la misma cobertura solicitada. Estos eventos cuentan con cobertura cuando son derivados de los actos fraudulentos o deshonestos que causen estos directores.
B40: ANEXO DE COSTO FINANCIERO Sublímite de $7.500.000 por mes y límite anual de $67.500.000 | E40: Se reconocerá al asegurado una tasa del 1.5% mensual con un límite máximo de indemnización de 9 meses pagadero por mes y sujeto a un límite $7.500.000 por mes y límite total agregado anual de $67.500.000 parte del límite total agregado de la póliza. El deducible será de Veinte (20) días del período de indemnización y dicho período no excederá de nueve (9) meses por evento. Se excluye la pérdida o extravío negligente de títulos valores. “Lo anterior sujeto a carta de liberación de responsabilidad por parte del asegurado”.
B41: ENDOSO DE FALSIFICACIÓN SEGÚN TEXTO DHP84 | E41: Endoso de falsificación de mesnajes codificados, fax e instrucciones escritas incluyendo e-mails y facsímiles.
B42: DINERO FALSIFICADO | E42: Bajo esta cobertura se amparan las pérdidas a consecuencia de la recepción de buena fe, por parte del asegurado, de cualquier papel moneda o dinero falsificado o alterado.
B43: MONEDA FALSIFICADA | E43: Para monedas de todo el mundo.
B44: PÉRDIDA DE GIROS POSTALES | E44: La presente cobertura opera únicamente con respecto a falsificación.
B45: COBERTURA PARA REEMPLAZO Y RECONSTRUCCIÓN DE LIBROS Y/O REGISTROS CONTABLES | E45: La presente cobertura aplica para el reemplazo y reconstrucción de libros y/o registros contables.
B46: EXTENSIÓN DE COBERTURA PARA EL PERSONAL QUE SE DESVINCULA DE LA ENTIDAD. | E46: Queda convenido y aceptado que la compañía otorga extensión de cobertura para el personal del asegurado que se desvincula de la Entidad por sesenta (60) días siempre y cuando la póliza se encuentre vigente.
... B54: AMPARO ADICIONAL FRAUDES POR INTERNET | E54: La aseguradora conviene en incluir bajo la sección de amparos de la cobertura de crimen por computador LSW 983, el siguiente amparo adicional: En razón de que el asegurado haya transferido, pagado o entregado cualesquiera fondos, establecido algún crédito, debitado alguna cuenta o dado algún valor confiado en alguna comunicación electrónica fraudulenta dirigida al asegurado autorizando o acusando recibo de la transferencia, pago, entrega o recepción de fondos y que fraudulentamente pretendan haber sido enviadas por un cliente, por una institución financiera o entre oficinas del asegurado, pero tales comunicaciones electrónicas no fueron enviadas por dicho cliente, institución financiera u oficina; o como resultado directo del ingreso, modificación o destrucción fraudulenta de datos electrónicos por una persona con el propósito de causar que el asegurado sufra una pérdida o para obtener una ganancia personal indebida para si mismo o para otra persona en las que dichas comunicaciones electrónicas o datos electrónicos fueron transmitidos a través de internet al sistema de computadores del asegurado.
E55: Definición Especial: "INTERNET" significa el grupo mundial de redes conectadas que permite el acceso a la red de computadores del asegurado a través de proveedores de servicios en línea usando el servicio de llamada telefónica, líneas de suscriptor digital, líneas de red digital de servicio integrado, acceso por cable o modem o medios similares de transferencia. Como una condición precedente a los derechos a ser indemnizado bajo esta póliza, el asegurado mantendrá para todos los sistemas de computador cubiertos por esta póliza un método de autenticación electrónica para la seguridad e integridad de los datos electrónicos y transmisiones de comunicaciones electrónicas e identificación del remitente el cual: 1) Autenticará la identidad de o información del remitente de los datos o comunicación; 2) Confirmará que los datos o comunicaciones no fueron alterados o modificados durante la transmisión; y 3) Verificará, que los datos o comunicaciones fueron enviados por el remitente y que el remitente tiene la autoridad requerida para ello.
E56: Definición Especial "AUTENTICACIÓN ELECTRÓNICA", como se usa en esta cláusula se refiere a aquellas tecnologías que proporcionan firmas electrónicamente manuscritas, números pin virtuales, firmas digitales, criptogramas públicos cifrados, tarjetas inteligentes o métodos similares de tecnología o encriptación.
A57: =A16+1 -> 2 | B57: COBERTURA PARA COSTOS DE LIMPIEZA Sublímite de 10% evento / (Evento /Agregado Anual) Se califica en Condiciones Adicionales (Formato No. 3) el aumento del sublímite. | E57: Mediante esta cobertura la aseguradora se compromete a indemnizar al asegurado por todos los gastos razonables incurridos y/o honorarios pagados por el asegurado (todos con la aprobación previa de los aseguradores dada por escrito) para la verificación y reconstitución de instrucciones computarizadas electrónicas que hayan sido preparadas o modificadas de manera fraudulenta de manera que puedan dar origen a un siniestro bajo las cláusulas de seguro aplicables de esta póliza.
B58: TRANSMISIONES ELECTRÓNICAS (CLAUSULADO LSW983) | E58: Extensiones iniciadas por voz y transacciones por internet en la cobertura de crímenes por computador siempre y cuando existan dobles controles sobre todas las operaciones y las mismas sean grabadas
B59: TERMINAL DE COMUNICACIONES EXTENDIDA PARA INCLUIR COMPUTADORES PERSONALES MIENTRAS SE ENCUENTRAN COMO TERMINALES SEGÚN TEXTO LSW983 | E59: Mediante la presente cobertura se amparan los terminales de comunicaciones extendiendo los mismos para incluir los computadores personales mientras se encuentran como terminales según texto LSW983
B60: CLÁUSULA DE EXCLUSIÓN DE TERRORISMO NMA2921 | E60: La aseguradora acepta la exclusión la cláusula de Exclusión de Terrorismo NMA2921
B61: RESPONSABILIDAD CIVIL PROFESIONAL- NMA-2273 | E61: La presente Póliza con sujeción a sus términos, exclusiones, limitaciones y condiciones suministra indemnización para el Asegurado respecto de la responsabilidad legal de éste en favor de terceros por concepto de cualquier reclamación de éstos últimos que cumpla con los siguientes requisitos: Cualquier reclamación de parte de un tercero deberá: (i)-Ser por concepto de indemnización compensatoria, la cual incluirá los costos del reclamante y los costos y gastos de defensa aprobados del Asegurado; y (ii)-Efectuarse inicialmente contra el Asegurado durante la Vigencia de la Póliza; y (iii)-Ser por concepto de la pérdida financiera causada por un acto de negligencia, error negligente u omisión negligente de parte de un funcionario o Empleado del Asegurado; y (iv)-Surgir del curso ordinario del suministro por parte del Asegurado de los servicios financieros descritos en el Formulario de Propuesta; y (v)-Ser presentada en forma distinta de total o parcialmente dentro de los Estados Unidos de América y/o Canadá; y (vi)-Surgir de otra causa distinta de cualquier acto negligente, error negligente u omisión negligente la cual fue o pudo haber sido o se alegue que ha sido cometida u omitida (tal como sea el caso) total o parcialmente dentro de los Estados Unidos de América y/o Canadá; y (vii)-Estar relacionada con otra causa diferente de un acto negligente, error negligente u omisión negligente que fue o pudo haber sido o se alegue que ha sido cometida u omitida (tal como sea el caso) antes de la Fecha Retroactiva especificada en la Carátula a la presente.
B62: RETROACTIVIDAD | E62: 07 de JUNIO de 2008, al inicio para cualquier incremento de límite asegurado y nuevas coberturas (sin interrupción de vigencias). | F62: Mediante Adenda se incluyó el texto resaltado en color rojo
B63: 5.6. | C63: CLÁUSULAS BÁSICAS
B64: REVOCACIÓN DE LA PÓLIZA, CLÁUSULAS O CONDICIONES Con termino de noventa (90) días. | E64: La aseguradora podrá revocar la póliza, cláusulas o condiciones unilateralmente por la compañía, mediante noticia escrita enviada al asegurado, a su última dirección registrada, con no menos de noventa (90) días de antelación; contados a partir de la fecha del envío. El asegurado podrá pedir la revocación en cualquier momento, según lo previsto en el Código de Comercio. Así mismo, en el caso de que la aseguradora decida no otorgar renovación o prórroga del contrato de seguro, deberá dar aviso de ello al asegurado con no menos de noventa (90) días de antelación a la fecha de vencimiento de la póliza, en caso contrario se dará por entendido que la aseguradora acepta la renovación o prorroga hasta el límite legal establecido en la Ley 80 de 1993, para la adición de los contratos y manteniendo las mismas condiciones ofertadas en este proceso.
B65: ERRORES, OMISIONES O INEXACTITUDES | E65: El tomador está obligado a declarar sinceramente los hechos y circunstancias que determinen el estado del riesgo. La inexactitud sobre hechos o circunstancias que, conocidas por la compañía, la hubieren retraído de celebrar el contrato o inducido a estipular condiciones más onerosas, produce la nulidad relativa del seguro. Sin embargo, si se incurriere en errores, omisiones e inexactitudes inculpables al tomador o al asegurado, el contrato no será nulo ni habrá lugar a la aplicación del inciso tercero del artículo 1058 del Código de Comercio sobre reducción porcentual de la prestación asegurada. En este caso se deberá pagar la prima adecuada al verdadero estado del riesgo.
B66: AMPLIACIÓN AVISO DEL SINIESTRO Con termino de noventa (90) días. | E66: Queda convenido y aceptado que el asegurado podrá dar aviso de la ocurrencia del siniestro en un término de noventa (90), siguientes a la fecha en que haya conocido o debido conocer la ocurrencia del mismo.
B67: PAGO DEL SINIESTRO SIN DESCONTAR EL VALOR DE LAS PRESTACIONES SOCIALES DEL FUNCIONARIO. | E67: Queda convenido y aceptado que la compañía indemnizará las pérdidas objeto de la cobertura, sin descontar del valor a indemnizar las prestaciones sociales del funcionario. En consecuencia, la Aseguradora ejercerá el derecho de subrogación del funcionario.
B68: RESTABLECIMIENTO AUTOMÁTICO DEL LÍMITE ASEGURADO POR PAGO DE SINIESTRO, HASTA UNO PUNTOS (1,6) VECES EL LÍMITE CONTRATADO CON COBRO DE PRIMA A PRORRATA | E68: Mediante la presente cláusula la aseguradora acepta expresamente, que en el caso de presentarse una pérdida amparada por la presente póliza, la cuantía de tal pérdida se considerará inmediatamente restablecida desde el momento de ocurrencia del siniestro. El restablecimiento ofrecido por esta condición dará derecho a la aseguradora al cobro de la prima, a prorrata, correspondiente al monto restablecido, desde la fecha de la pérdida hasta el vencimiento de la póliza, expedición de cuyo certificado de seguro realizará una vez efectuado el pago de la indemnización.
B69: CLÁUSULA DE COSTAS PROCESALES, HONORARIOS LEGALES Y DE OTROS PROFESIONALES | E69: Queda entendido y acordado que la cobertura bajo la presente póliza se extiende a incluir las costas procesales, honorarios legales y de otros profesionales, formando parte del valor asegurado general de la póliza, siempre y cuando sean como consecuencia de una pérdida cubierta en la póliza. | F69: No se acepto la solicitud de trasladar a complementarias
B70: GASTOS DE HONORARIOS DE ABOGADOS, AUDITORÍAS Y DEMÁS PROFESIONALES | E70: La aseguradora acepta los costos y gastos razonables que incurra por auditorias, honorarios de abogados y demás profesionales, en que incurra el asegurado en la demostración de la ocurrencia y cuantía de la pérdida siempre y cuando correspondan a riesgos relacionados con la póliza de infidelidad y riesgos financieros. Estos gastos hacen parte del Límite asegurado.
B71: SALVAMENTO Y RECUPERACIÓN | E71: En caso de que se recupere alguna suma por pérdidas cubiertas bajo esta póliza, se aplicará el importe recuperado, después de deducir el costo ocasionado para lograrla, así: - Reembolsar al asegurado en su totalidad la parte, si la hubiere, de tal pérdida que exceda el importe de cobertura prevista por la presente póliza. - El saldo, si los hubiere, o el total neto recuperado si el monto de tal pérdida no excede el importe de la cobertura provista por la presente póliza, reducirá con anterioridad al pago de la pérdida, aquella parte de dicha pérdida amparada por este seguro o, si la indemnización correspondiente ya se hubiese efectuado, dicho saldo o total neto recuperado se reembolsará a la compañía. - Finalmente, al reintegrar al asegurado aquella parte de la pérdida asumida en razón de la aplicación de cualquier deducible existente en la presente póliza o se aplicará a aquella parte de tal pérdida cubierta por cualquier póliza o pólizas de seguro de las cuales la presente póliza opere como seguro en exceso.
B72: APLICACIÓN DEL SEGURO DE INFIDELIDAD Y RIESGOS FINANCIEROS PARA OPERAR EN EXCESO DEL SEGURO DE MANEJO. (CADA PÓLIZA APLICA SUS DEDUDIBLES EN FORMA INDEPENDIENTE). | E72: Se confirma que la ENTIDAD cuenta con póliza de Manejo Global para Entidades Oficiales, dirigida a la atenciòn y cumplimiento de las disposiciones que obligan a la Entidad asegurada a su constitución; y por lo tanto queda expresamente acordado que la cobertura del presente seguro no estará sujeta a restricción y/o afectación por coexistencia de seguros u otra condición derivada de la contratación del seguro de Manejo Global para Entidades Oficiales De conformidad con lo anterior, la Aseguradora acepta otorgar este seguro en exceso de la póliza de Manejo Global para Entidades Oficiales, en caso de cualquier siniestro o reclamo indemnizado o pagado bajo la misma, ya sea por exigencia y/o fallo emitido por la Contraloría General o cualquier otro organismo y/o ente de control del Estado, y/o por cualquier otra causa, inclusive por decisión de la entidad. En relación con las coberturas comunes entre la póliza de Manejo e Infidelidad y Riesgos Financieros, las pérdidas individualmente consideradas serán atendidas por la póliza de Manejo hasta su límite asegurado contratado, si el límite de la póliza de Manejo no es suficiente, se activará inmediatamente la cobertura en la póliza de Infidelidad y Riesgos Financieros.”
B73: LIMITACIÓN TERRITORIAL | E73: Mundial.
B74: JURISDICCIÓN: | E74: Colombia.
B75: PAGO DE LA INDEMNIZACIÓN | E75: Queda expresamente acordado que la aseguradora acepta efectuar el pago de la indemnización al asegurado o al beneficiario cualquier monto debido bajo esta póliza, en un todo, de acuerdo con lo previsto por los artículos 1077 y 1080 del Código de Comercio. De todas formas queda convenido que la entidad asegurada se reserva el derecho de determinar si el giro de la indemnización se realiza en dinero o a quien corresponda derivada de la pérdida en calidad de beneficiario y la aseguradora acepta esta condición.
B76: MODIFICACIÓN DE CONDICIONES | E76: Los proponentes deben contemplar bajo esta cláusula, que los cambios o modificaciones a las condiciones de la presente póliza, serán acordados mutuamente entre la compañía y el asegurado. El certificado, documento o comunicaciones que se expidan para formalizarlos debe ser firmado, en señal de aceptación, por un representante legal del asegurado o funcionario autorizado, prevaleciendo sobre las condiciones de esta póliza.
B77: MODIFICACIÓN EN LA DENOMINACIÓN DE CARGOS | E77: Queda entendido, convenido y aceptado que si durante la vigencia de la presente póliza se presentan cambio(s) de denominaciones a cargos, estos se consideran automáticamente incorporados en la póliza.
B78: MODIFICACIONES A FAVOR DEL ASEGURADO | E78: Los cambios o modificaciones a las condiciones de la presente póliza, serán acordados mutuamente entre la compañía y el asegurado. El certificado, documento o comunicaciones que se expidan para formalizarlos debe ser firmado, en señal de aceptación, por un representante legal del asegurado o funcionario autorizado, prevaleciendo sobre las condiciones de esta póliza. No obstante si durante la vigencia de la póliza se presentan modificaciones en las condiciones del seguro, legalmente aprobadas que representen un beneficio a favor del asegurado, tales modificaciones se consideran automáticamente incorporadas. Siempre y cuando no causen cobro de prima adicional.
B79: DESIGNACIÓN O DENOMINACIÓN DE BIENES | E79: La aseguradora acepta el título, nombre, denominación o nomenclatura con que el asegurado identifica o describe los bienes asegurados en sus registros o libros de comercio o contabilidad.
B80: CLÁUSULA DE LIMITACIÓN DE DESCUBRIMIENTO | E80: Cláusula de limitación de descubrimiento, con fecha de retroactividad al inicio para cualquier incremento de límite asegurado y nuevas coberturas.
B81: NOMBRAMIENTO Y DESIGNACIÓN DE AJUSTADORES | E81: El nombramiento de ajustadores deberá efectuarse de común acuerdo entre la aseguradora y el asegurado, para lo cual la aseguradora presentará para cada reclamo una relación de cinco (5) firmas ajustadoras. No obstante la anterior condición, el asegurador con su propuesta se obliga a presentar la lista de todos sus ajustadores y la Entidad se reserva el derecho de nombrar al ajustador que considere más adecuado o solicitar el cambio de los mismos en caso de que no fueren de su entera satisfacción, sin que para ello se requiera motivación alguna.
... B83: CONOCIMIENTO DEL RIESGO | E83: La aseguradora acepta mediante la presente cláusula que la Entidad, le ha brindado la oportunidad para realizar la inspección de los bienes y riesgos a que están sujetos los mismos y el patrimonio del Asegurado, razón por la cual se deja constancia del conocimiento y aceptación de los hechos, circunstancias y, en general, condiciones de los mismos. La compañía se reserva el derecho de llevar a cabo la inspección cuantas veces lo juzgue pertinente.
A84: =A57+1 -> 3 | B84: ANTICIPO DE INDEMNIZACIÓN DEL 70% Se califica en Condiciones Adicionales (Formato No. 3) el aumento del porcentaje de anticipo. | E84: Queda expresamente acordado que, a petición escrita de la Entidad, la aseguradora anticipará pagos parciales sobre el valor de cualquier reclamo, con base en el valor de la estimación preliminar de la pérdida aceptada por el ajustador, para adelantar la reparación, reposición o remplazo de los bienes asegurados. En el caso de que no haya nombramiento de ajustador, el anticipo se liquidará con base en la valoración de la cuantía de la pérdida amparada, acreditada por la entidad mediante cotización de la misma. Este anticipo también se extiende a cualquier tipo de gastos que se requiera para la operatividad de la póliza. En caso que el anticipo o suma de anticipos que la compañía adelante al asegurado llegare a exceder la suma total indemnizable a que tenga derecho, éste se compromete a devolver el exceso pagado. Para esta cláusula la aseguradora debe contemplar un plazo máximo para el pago del anticipo de diez (10) días hábiles contados a partir de la fecha de solicitud y formalización del mismo.
B85: COMPROMISO PARA EL PAGO DE LAS INDEMNIZACIONES Plazo de tres (3) días hábiles. | E85: Bajo esta condición la aseguradora se compromete al pago de la indemnización dentro del plazo establecido, una vez el asegurado demuestre ocurrencia y cuantía.
B86: CLÁUSULA DE JURISDICCIÓN Y SOLUCIÓN DE CONTROVERSIAS | E86: Toda y cualquier diferencia que surja entre las partes por la interpretación del presente contrato, su ejecución, cumplimiento, terminación o las consecuencias futuras del mismo, será dirimida bajo la jurisdicción y legislación de la República de Colombia. Las diferencias y controversias que surjan se solucionarán con sujeción a las siguientes instancias que se agotarán de forma sucesiva o a elección de las partes, así:
E87: a). Arreglo Directo: Las partes tratarán de resolver sus diferencias de forma directa y entre ellas mismas dentro del plazo de quince (15) días contados a partir de la notificación escrita en que cualquiera de ellas informe a la otra de un conflicto o controversia originado en el contrato. b). Conciliación: Agotado el plazo anterior sin que las partes lograsen un acuerdo por si mismas, acudirán a la asistencia de un conciliador legalmente autorizado que se designará y actuará según los parámetros establecidos por la Ley 2220 de 2022 y el Decreto 1818 del 2018, en caso de lograrse la conciliación la misma producirá efectos de cosa juzgada entre las partes, en caso contrario agotará el requisito de procedibilidad para acudir a la jurisdicción ordinaria o arbitral según corresponda, de acuerdo con los literales c) y d) de la presente cláusula.
E88: c). Jurisdicción Ordinaria: Agotadas las instancias anteriores, si la cuantía de las pretensiones derivadas de la diferencia que surja entre las partes por la interpretación del presente contrato, su ejecución, cumplimiento, terminación o las consecuencias futuras del mismo, no excediere de 220 SMMLV las partes sujetarán su controversia a la decisión del juez de instancia que corresponda según la cuantía y competencia en arreglo a lo previsto por el código de procedimiento Civil. d). Jurisdicción Arbitral: Agotadas las instancias anteriores, si la cuantía de las pretensiones derivadas de la diferencia que surja entre las partes por la interpretación del presente contrato, su ejecución, cumplimiento, terminación o las consecuencias futuras del mismo, se llevará el conflicto a la decisión de un Tribunal de Arbitramento Institucional cuyo domicilio será la ciudad de Bogotá D.C., el Tribunal estará integrado por un (1) árbitro que será designado conjuntamente por las partes dentro de los quince (15) días hábiles siguientes al envío de la comunicación por correo certificado que una de ellas le haga llegar a la otra solicitando la conformación del Tribunal; en caso de desacuerdo o falta de respuesta de la parte requerida, la otra parte podrá solicitar la designación y conformación del Tribunal al centro de Arbitraje y Conciliación de la Cámara de Comercio de la ciudad de Bogotá D.C.. El Tribunal así conformado funcionará en la ciudad de Bogotá D.C. y el laudo deberá proferirse en derecho, sujetándose en un todo al Decreto 2279 de 1.989, la ley 23 de 1.991, a la Ley 1437 de 2011, sus decretos reglamentarios y demás normas que regulan esta figura judicial. Esta última sujeta a lo dispuesto en Directiva Presidencial 04 del 18 de mayo de 2018.
B89: CONDICIONES DE RENOVACIÓN Y/O PRORROGA DE LA PÓLIZA | E89: En caso de que el asegurado decida renovar y/o prorrogar la póliza, la aseguradora se obliga a mantener los términos contratados con las mismas tasas y condiciones de la póliza inicial, siempre y cuando la siniestralidad de la póliza no sea mayor al 50%, en el caso que la siniestralidad supere el 50% la aseguradora acordará con el asegurado las condiciones en que se otorgará las condiciones de renovación. La aseguradora se obliga a entregar en cualquiera de las situaciones de resultado de siniestralidad, las condiciones con una antelación de noventa (90) días antes del vencimiento de la póliza.
B90: CLÁUSULA DE NO ACEPTACIÓN DE COASEGURO | E90: En el evento en el que el contrato de seguro sea celebrado a través de una figura asociativa, la misma se celebrará bajo alguna de las modalidades previstas en el artículo 7º del Estatuto General de Contratación de la Administración Pública – EGCP (Unión temporal, consorcio, entre otros). Adicionalmente, no serán aceptados los contratos de seguros estructurados por dos o más Compañías de seguros, en calidad de coaseguradores, y toda disposición que se realice con esta referencia (coaseguro), se entenderá por no escrita.
B91: CLÁUSULA DE CONOCIMIENTO POR LOS MIEMBROS DE LA FIGURA ASOCIATIVA | E91: Esta cláusula será aplicada cuando se presente la asociación de dos o más Aseguradoras, sin importar la figura utilizada para tal fin. Las Compañías de Seguros que actúan como integrantes de cualquier figura asociativa (consorcio, unión temporal, etc.) dentro del presente contrato de seguro, conocen y aceptan: i) las condiciones generales y particulares de la póliza, ii) Cualquier anexo y/o certificado que sobre la póliza inicial emita la Compañía líder de la figura asociativa. En igual sentido, declaran que cualquier reclamación, notificación, requerimiento o comunicación formulada por el asegurado o por un tercero a la compañía líder o cualquiera de sus integrantes, se entiende automáticamente formulada ante todos los integrantes de la figura asociativa establecida para tal fin.
B92: CLÁUSULA DE SOLIDARIDAD ENTRE LOS MIEMBROS DE LA FIGURA ASOCIATIVA | E92: En caso de figuras asociativas se considera lo contemplado en el parágrafo 2 del artículo 7 de la Ley 80 de 1993, el cual indica “En los casos en que se conformen sociedades bajo cualquiera de las modalidades previstas en la ley con el único objeto de presentar una propuesta, celebrar y ejecutar un contrato estatal, la responsabilidad y sus efectos se regirá por las disposiciones previstas en esta ley para los consorcios.”, por tanto, frente a la contratación estatal queda entendido que existirá la solidaridad en el cumplimiento del contrato de seguros y las obligaciones derivadas del mismo.
B93: CLÁUSULA IDENTIFICACIÓN DE LA FIGURA ASOCIATIVA EN LA PÓLIZA | E93: En el evento que el contrato se seguro sea celebrado a través alguna figura asociativa (consorcio, unión temporal, etc.) compuesta por dos o más compañías de seguros, en virtud del artículo 1047 del Código de Comercio, en la póliza deberá incorporarse: (i) el nombre del contratista (razón social de la figura asociativa establecida en su documento de conformación) y (ii) la razón social, número de identificación y porcentajes de participación de cada una de las aseguradoras integrantes de la figura asociativa.
B94: CLÁUSULA DE CONDICIONES PARTICULARES | E94: Queda expresamente acordado y convenido, que la aseguradora acepta las condiciones obligatorias (mínimas técnicas) establecidas en este anexo, en los términos señalados en el mismo, por lo tanto, en caso de existir discrepancia ente los ofrecimientos contenidos en la propuesta técnica básica, frente a los textos de los ejemplares de las pólizas, a las condiciones generales, certificados, anexos o cualquier otro documento; prevalecerá la información y condiciones básicas técnicas establecidas de este anexo, de igual forma en caso de encontrarse contradicción en alguna condición prevalecerá la de mayor beneficio para el asegurado.
B95: DETERMINACIÓN DE CONDICIONES Y REQUISITOS PARA EL PAGO DE INDEMNIZACIONES | E95: La aseguradora manifiesta expresamente que acepta los requisitos y documentos contenidos en el ANEXO No. 11 REQUISITOS PARA EL PAGO DE LAS INDEMNIZACIONES, como únicos para la atención y pago de reclamaciones por siniestros. A futuro no podrá exigir documentos o trámites adicionales.
B96: CUMPLIMIENTO DE LA CIRCULAR EXTERNA 008 DEL 26 DE FEBRERO DE 2024 ELEVADA POR EL MINISTERIO DE HACIENDA. | E96: Frente a las condiciones de la póliza de Infidelidad y Riesgos Financieros-IRF, no se tiene exposición alguna con relación a las sanciones por cualquier posible conflicto relacionado con Rusia y / o Bielorrusia, en forma específica para la póliza de IRF.
B97: 5.7. | C97: EXCLUSIÓN DE ENFERMEDADES TRANSMISIBLES
B98: Este seguro no cubre cualquier reclamo de ninguna manera causado por o como resultado de: a) Enfermedad por coronavirus (COVID-19) b) Coronavirus 2 del síndrome respiratorio agudo severo (SARS-CoV-2) c) Cualquier mutación o variación de SARS-CoV-2; d) Cualquier otra enfermedad transmisible, epidemia o pandemia e) Cualquier temor o amenaza de a), b), c) ó d) anteriores f) La interrupción de negocios y/o pérdidas financieras sufridas por la Entidad al no poder desarrollar la actividad para la cual fue creada como consecuencia de a), b), c), d) y e) anteriores.
B99: “OFAC: El Asegurador no será responsable de proporcionar cobertura o hacer algún pago si el realizarlo pudiera ser considerado como una violación de alguna de las leyes o regulaciones de Sanciones Económicas, que expondría al Asegurador, su casa matriz o su entidad controladora a una sanción estipulada bajo estas leyes o regulaciones
B100: 5.8. | C100: DEDUCIBLES MÁXIMOS ACEPTABLES
B101: El deducible máximo aceptable es de $15.000.000 toda y cada pérdida.
B102: NOTA: El ofrecimiento de deducibles superiores a los enunciados, constituyen causal de rechazo de la oferta.
B103: 5.9. | C103: COMISIÓN MÍNIMA ACEPTABLE:
B104: En virtud de lo expuesto en el artículo 1341 del Código de Comercio el Corredor tendrá derecho a la comisión de intermediación, la cual será pagada por la Compañía de Seguros. La comisión mínima no deberá ser inferior al 7,50% el valor de la prima neta antes de IVA que es la actualmente contratada y no involucra en ningún aspecto a la Entidad. Se aclara que este comisión no es limitante para la aceptación de las condiciones técnicas básicas obligatorias del presente anexo, ya que no no constituye un aspecto técnico de la póliza a contratar.
B105: By: Tiger | G105: =+'1. COND. BÁSICAS TRDM'!G208 -> VERSIÓN: MAYO 2026

Sheet 6. COND. BÁSICAS RCSP
B3: =+'4. COND. BÁSICAS TRANSP. MCIAS.'!$B$3:$G$3 -> AGENCIA NACIONAL DEL ESPECTRO - ANE
B4: Anexo No 1 Condiciones Técnicas Básicas oblgatorias
B5: GRUPO No. 1
B7: 6. PÓLIZA DE RESPONSABILIDAD CIVIL SERVIDORES PÚBLICOS O FUNCIONARIOS CON REGIMENES DE RESPONSABILIDAD SIMILARES AL DE LOS SERVIDORES PÚBLICOS
B8: 6.1. | C8: INFORMACIÓN GENERAL
B9: TOMADOR: | C9: =+'4. COND. BÁSICAS TRANSP. MCIAS.'!$C$9:$E$9 -> AGENCIA NACIONAL DEL ESPECTRO - ANE | G9: NIT. | H9: =+'1. COND. BÁSICAS TRDM'!G9 -> 900.334.265-3
B10: ASEGURADO: | C10: NOMBRE DE LA ENTIDAD Y/O CARGOS ASEGURADOS | G10: NIT. | H10: =+H9 -> 900.334.265-3
B11: BENEFICIARIO: | C11: AGENCIA NACIONAL DEL ESPECTRO - ANE Y/O CARGOS ASEGURADOS Y/O TERCEROS AFECTADOS | G11: NIT. | H11: =+H9 -> 900.334.265-3
B12: 6.2. | C12: OBJETO DEL SEGURO
B13: Amparar los perjuicios patrimoniales causados a terceros y/o a la (AGENCIA NACIONAL DEL ESPECTRO - ANE) provenientes de la responsabilidad civil de los servidores públicos y/o funcionarios con regímenes de responsabilidad similares a los de los servidores públicos, en el desempeño de las funciones de los cargos asegurados, por toda acción u omisión, correcta o incorrecta, culposa, real o presunta, así como los perjuicios que les sean imputable y los ocasionados por juicios de responsabilidad fiscal.
